Workbook

Sheet Accueil
F8: 43799

Sheet PV PRO
A1: Accueil | D1: BAROMETRE BDD - MARCHE PROFESSIONNELS
D2: PV PART SUR OBJECTIFS
D3: =+Accueil!F8 -> 43799
D7: Excédents de collecte par ETP yc DAV | G7: Engagements crédit MLT CBM LLD par ETP | J7: Qualité NPS PRO CEGEE | M7: Ventes brutes de forfaits Pro et Asso par ETP | P7: PNB sur activité nouvelle par ETP | S7: Evolution Proactifs + Proactifs Equipés par ETP
E8: Taux d'atteinte saisonalisé | F8: =VLOOKUP(D3,ETP!$K$10:$L$21,2,FALSE) -> 0.91666667 | H8: Taux d'atteinte saisonalisé | I8: =+$F$8 -> 0.91666667 | K8: Non disponible | N8: Taux d'atteinte saisonalisé | O8: =+$F$8 -> 0.91666667 | Q8: Taux d'atteinte saisonalisé | R8: =+$F$8 -> 0.91666667 | T8: Taux d'atteinte saisonalisé | U8: =+$F$8 -> 0.91666667
A9: eds | B9: Direction | C9: ETP perf | D9: Réal | E9: Obj | F9: % | G9: Réal | H9: Obj | I9: % | K9: Réal | M9: Réal | N9: Obj | O9: % | P9: Réal | Q9: Obj | R9: % | S9: Réal | T9: Obj | U9: %
A10: 50 | B10: Aube Haute Marne | C10: =VLOOKUP($A10,'RECAP DC'!$G$6:$AB$12,3,FALSE) -> 11.648474 | D10: =VLOOKUP($A10,'RECAP DC'!$G$6:$AB$12,5,FALSE) -> 1456.6336 | E10: =VLOOKUP($A10,'RECAP DC'!$G$6:$AB$12,6,FALSE) -> 278.20581 | F10: =VLOOKUP($A10,'RECAP DC'!$G$6:$AB$12,7,FALSE) -> 5.2358128 | G10: =VLOOKUP($A10,'RECAP DC'!$G$6:$AB$12,8,FALSE) -> 2578.4144 | H10: =VLOOKUP($A10,'RECAP DC'!$G$6:$AB$12,9,FALSE) -> 2477.7705 | I10: =VLOOKUP($A10,'RECAP DC'!$G$6:$AB$12,10,FALSE) -> 1.0406187 | K10: =VLOOKUP($A10,'RECAP DC'!$G$6:$AB$12,12,FALSE) -> #REF! | M10: =VLOOKUP($A10,'RECAP DC'!$G$6:$AB$12,14,FALSE) -> 30.73364 | N10: =VLOOKUP($A10,'RECAP DC'!$G$6:$AB$12,15,FALSE) -> 34.775727 | O10: =VLOOKUP($A10,'RECAP DC'!$G$6:$AB$12,16,FALSE) -> 0.88376701 | P10: =VLOOKUP($A10,'RECAP DC'!$G$6:$AB$12,17,FALSE) -> 207.90886 | Q10: =VLOOKUP($A10,'RECAP DC'!$G$6:$AB$12,18,FALSE) -> 206.13312 | R10: =VLOOKUP($A10,'RECAP DC'!$G$6:$AB$12,19,FALSE) -> 1.0086145 | S10: =VLOOKUP($A10,'RECAP DC'!$G$6:$AB$12,20,FALSE) -> 0.42924078 | T10: =VLOOKUP($A10,'RECAP DC'!$G$6:$AB$12,21,FALSE) -> 10.867415 | U10: =VLOOKUP($A10,'RECAP DC'!$G$6:$AB$12,22,FALSE) -> 0.039497967
A11: 262 | B11: Bas-Rhin | C11: =VLOOKUP(A11,'RECAP DC'!$G$6:$AB$12,3,FALSE) -> 21.988649 | D11: =VLOOKUP($A11,'RECAP DC'!$G$6:$AB$12,5,FALSE) -> 864.89387 | E11: =VLOOKUP($A11,'RECAP DC'!$G$6:$AB$12,6,FALSE) -> 518.03622 | F11: =VLOOKUP($A11,'RECAP DC'!$G$6:$AB$12,7,FALSE) -> 1.6695625 | G11: =VLOOKUP($A11,'RECAP DC'!$G$6:$AB$12,8,FALSE) -> 2780.1138 | H11: =VLOOKUP($A11,'RECAP DC'!$G$6:$AB$12,9,FALSE) -> 2474.548 | I11: =VLOOKUP($A11,'RECAP DC'!$G$6:$AB$12,10,FALSE) -> 1.1234834 | K11: =VLOOKUP($A11,'RECAP DC'!$G$6:$AB$12,12,FALSE) -> #REF! | M11: =VLOOKUP($A11,'RECAP DC'!$G$6:$AB$12,14,FALSE) -> 30.970525 | N11: =VLOOKUP($A11,'RECAP DC'!$G$6:$AB$12,15,FALSE) -> 40.240314 | O11: =VLOOKUP($A11,'RECAP DC'!$G$6:$AB$12,16,FALSE) -> 0.76963926 | P11: =VLOOKUP($A11,'RECAP DC'!$G$6:$AB$12,17,FALSE) -> 247.85584 | Q11: =VLOOKUP($A11,'RECAP DC'!$G$6:$AB$12,18,FALSE) -> 245.41966 | R11: =VLOOKUP($A11,'RECAP DC'!$G$6:$AB$12,19,FALSE) -> 1.0099266 | S11: =VLOOKUP($A11,'RECAP DC'!$G$6:$AB$12,20,FALSE) -> 2.2739005 | T11: =VLOOKUP($A11,'RECAP DC'!$G$6:$AB$12,21,FALSE) -> 12.488373 | U11: =VLOOKUP($A11,'RECAP DC'!$G$6:$AB$12,22,FALSE) -> 0.1820814
A12: 264 | B12: Haut-Rhin | C12: =VLOOKUP(A12,'RECAP DC'!$G$6:$AB$12,3,FALSE) -> 12.607988 | D12: =VLOOKUP($A12,'RECAP DC'!$G$6:$AB$12,5,FALSE) -> 629.09425 | E12: =VLOOKUP($A12,'RECAP DC'!$G$6:$AB$12,6,FALSE) -> 447.56014 | F12: =VLOOKUP($A12,'RECAP DC'!$G$6:$AB$12,7,FALSE) -> 1.4056083 | G12: =VLOOKUP($A12,'RECAP DC'!$G$6:$AB$12,8,FALSE) -> 1982.9956 | H12: =VLOOKUP($A12,'RECAP DC'!$G$6:$AB$12,9,FALSE) -> 2079.0378 | I12: =VLOOKUP($A12,'RECAP DC'!$G$6:$AB$12,10,FALSE) -> 0.95380448 | K12: =VLOOKUP($A12,'RECAP DC'!$G$6:$AB$12,12,FALSE) -> #REF! | M12: =VLOOKUP($A12,'RECAP DC'!$G$6:$AB$12,14,FALSE) -> 27.284291 | N12: =VLOOKUP($A12,'RECAP DC'!$G$6:$AB$12,15,FALSE) -> 36.28866 | O12: =VLOOKUP($A12,'RECAP DC'!$G$6:$AB$12,16,FALSE) -> 0.75186824 | P12: =VLOOKUP($A12,'RECAP DC'!$G$6:$AB$12,17,FALSE) -> 188.09351 | Q12: =VLOOKUP($A12,'RECAP DC'!$G$6:$AB$12,18,FALSE) -> 220.1512 | R12: =VLOOKUP($A12,'RECAP DC'!$G$6:$AB$12,19,FALSE) -> 0.85438329 | S12: =VLOOKUP($A12,'RECAP DC'!$G$6:$AB$12,20,FALSE) -> 1.6656108 | T12: =VLOOKUP($A12,'RECAP DC'!$G$6:$AB$12,21,FALSE) -> 11.340206 | U12: =VLOOKUP($A12,'RECAP DC'!$G$6:$AB$12,22,FALSE) -> 0.14687659
A13: 30 | B13: Marne-Ardennes | C13: =VLOOKUP(A13,'RECAP DC'!$G$6:$AB$12,3,FALSE) -> 19.581965 | D13: =VLOOKUP($A13,'RECAP DC'!$G$6:$AB$12,5,FALSE) -> 737.42506 | E13: =VLOOKUP($A13,'RECAP DC'!$G$6:$AB$12,6,FALSE) -> 381.68211 | F13: =VLOOKUP($A13,'RECAP DC'!$G$6:$AB$12,7,FALSE) -> 1.9320399 | G13: =VLOOKUP($A13,'RECAP DC'!$G$6:$AB$12,8,FALSE) -> 2876.1877 | H13: =VLOOKUP($A13,'RECAP DC'!$G$6:$AB$12,9,FALSE) -> 2733.4005 | I13: =VLOOKUP($A13,'RECAP DC'!$G$6:$AB$12,10,FALSE) -> 1.0522379 | K13: =VLOOKUP($A13,'RECAP DC'!$G$6:$AB$12,12,FALSE) -> #REF! | M13: =VLOOKUP($A13,'RECAP DC'!$G$6:$AB$12,14,FALSE) -> 40.394312 | N13: =VLOOKUP($A13,'RECAP DC'!$G$6:$AB$12,15,FALSE) -> 35.782698 | O13: =VLOOKUP($A13,'RECAP DC'!$G$6:$AB$12,16,FALSE) -> 1.1288783 | P13: =VLOOKUP($A13,'RECAP DC'!$G$6:$AB$12,17,FALSE) -> 231.655 | Q13: =VLOOKUP($A13,'RECAP DC'!$G$6:$AB$12,18,FALSE) -> 222.39941 | R13: =VLOOKUP($A13,'RECAP DC'!$G$6:$AB$12,19,FALSE) -> 1.041617 | S13: =VLOOKUP($A13,'RECAP DC'!$G$6:$AB$12,20,FALSE) -> 2.8087069 | T13: =VLOOKUP($A13,'RECAP DC'!$G$6:$AB$12,21,FALSE) -> 11.927566 | U13: =VLOOKUP($A13,'RECAP DC'!$G$6:$AB$12,22,FALSE) -> 0.23548031
A14: 110 | B14: Meurthe et Moselle Meuse | C14: =VLOOKUP(A14,'RECAP DC'!$G$6:$AB$12,3,FALSE) -> 14.327515 | D14: =VLOOKUP($A14,'RECAP DC'!$G$6:$AB$12,5,FALSE) -> 611.43305 | E14: =VLOOKUP($A14,'RECAP DC'!$G$6:$AB$12,6,FALSE) -> 318.94756 | F14: =VLOOKUP($A14,'RECAP DC'!$G$6:$AB$12,7,FALSE) -> 1.9170332 | G14: =VLOOKUP($A14,'RECAP DC'!$G$6:$AB$12,8,FALSE) -> 1632.6477 | H14: =VLOOKUP($A14,'RECAP DC'!$G$6:$AB$12,9,FALSE) -> 1993.4223 | I14: =VLOOKUP($A14,'RECAP DC'!$G$6:$AB$12,10,FALSE) -> 0.8190175 | K14: =VLOOKUP($A14,'RECAP DC'!$G$6:$AB$12,12,FALSE) -> #REF! | M14: =VLOOKUP($A14,'RECAP DC'!$G$6:$AB$12,14,FALSE) -> 36.572987 | N14: =VLOOKUP($A14,'RECAP DC'!$G$6:$AB$12,15,FALSE) -> 29.901334 | O14: =VLOOKUP($A14,'RECAP DC'!$G$6:$AB$12,16,FALSE) -> 1.2231222 | P14: =VLOOKUP($A14,'RECAP DC'!$G$6:$AB$12,17,FALSE) -> 194.70557 | Q14: =VLOOKUP($A14,'RECAP DC'!$G$6:$AB$12,18,FALSE) -> 230.24027 | R14: =VLOOKUP($A14,'RECAP DC'!$G$6:$AB$12,19,FALSE) -> 0.84566253 | S14: =VLOOKUP($A14,'RECAP DC'!$G$6:$AB$12,20,FALSE) -> 4.4669297 | T14: =VLOOKUP($A14,'RECAP DC'!$G$6:$AB$12,21,FALSE) -> 10.963822 | U14: =VLOOKUP($A14,'RECAP DC'!$G$6:$AB$12,22,FALSE) -> 0.40742448
A15: 160 | B15: Moselle | C15: =VLOOKUP(A15,'RECAP DC'!$G$6:$AB$12,3,FALSE) -> 15.459798 | D15: =VLOOKUP($A15,'RECAP DC'!$G$6:$AB$12,5,FALSE) -> 887.51503 | E15: =VLOOKUP($A15,'RECAP DC'!$G$6:$AB$12,6,FALSE) -> 306.19084 | F15: =VLOOKUP($A15,'RECAP DC'!$G$6:$AB$12,7,FALSE) -> 2.8985682 | G15: =VLOOKUP($A15,'RECAP DC'!$G$6:$AB$12,8,FALSE) -> 1665.9777 | H15: =VLOOKUP($A15,'RECAP DC'!$G$6:$AB$12,9,FALSE) -> 2296.4313 | I15: =VLOOKUP($A15,'RECAP DC'!$G$6:$AB$12,10,FALSE) -> 0.72546375 | K15: =VLOOKUP($A15,'RECAP DC'!$G$6:$AB$12,12,FALSE) -> #REF! | M15: =VLOOKUP($A15,'RECAP DC'!$G$6:$AB$12,14,FALSE) -> 42.626689 | N15: =VLOOKUP($A15,'RECAP DC'!$G$6:$AB$12,15,FALSE) -> 33.808572 | O15: =VLOOKUP($A15,'RECAP DC'!$G$6:$AB$12,16,FALSE) -> 1.2608249 | P15: =VLOOKUP($A15,'RECAP DC'!$G$6:$AB$12,17,FALSE) -> 207.54091 | Q15: =VLOOKUP($A15,'RECAP DC'!$G$6:$AB$12,18,FALSE) -> 251.20407 | R15: =VLOOKUP($A15,'RECAP DC'!$G$6:$AB$12,19,FALSE) -> 0.8261845 | S15: =VLOOKUP($A15,'RECAP DC'!$G$6:$AB$12,20,FALSE) -> 4.5278729 | T15: =VLOOKUP($A15,'RECAP DC'!$G$6:$AB$12,21,FALSE) -> 12.757952 | U15: =VLOOKUP($A15,'RECAP DC'!$G$6:$AB$12,22,FALSE) -> 0.35490595
A16: 80 | B16: Vosges | C16: =VLOOKUP(A16,'RECAP DC'!$G$6:$AB$12,3,FALSE) -> 9.0695895 | D16: =VLOOKUP($A16,'RECAP DC'!$G$6:$AB$12,5,FALSE) -> 788.18587 | E16: =VLOOKUP($A16,'RECAP DC'!$G$6:$AB$12,6,FALSE) -> 246.45131 | F16: =VLOOKUP($A16,'RECAP DC'!$G$6:$AB$12,7,FALSE) -> 3.1981402 | G16: =VLOOKUP($A16,'RECAP DC'!$G$6:$AB$12,8,FALSE) -> 2300.2124 | H16: =VLOOKUP($A16,'RECAP DC'!$G$6:$AB$12,9,FALSE) -> 2002.4169 | I16: =VLOOKUP($A16,'RECAP DC'!$G$6:$AB$12,10,FALSE) -> 1.148718 | K16: =VLOOKUP($A16,'RECAP DC'!$G$6:$AB$12,12,FALSE) -> #REF! | M16: =VLOOKUP($A16,'RECAP DC'!$G$6:$AB$12,14,FALSE) -> 34.731451 | N16: =VLOOKUP($A16,'RECAP DC'!$G$6:$AB$12,15,FALSE) -> 30.806414 | O16: =VLOOKUP($A16,'RECAP DC'!$G$6:$AB$12,16,FALSE) -> 1.1274097 | P16: =VLOOKUP($A16,'RECAP DC'!$G$6:$AB$12,17,FALSE) -> 210.01646 | Q16: =VLOOKUP($A16,'RECAP DC'!$G$6:$AB$12,18,FALSE) -> 205.17072 | R16: =VLOOKUP($A16,'RECAP DC'!$G$6:$AB$12,19,FALSE) -> 1.0236181 | S16: =VLOOKUP($A16,'RECAP DC'!$G$6:$AB$12,20,FALSE) -> 7.1668073 | T16: =VLOOKUP($A16,'RECAP DC'!$G$6:$AB$12,21,FALSE) -> 10.268805 | U16: =VLOOKUP($A16,'RECAP DC'!$G$6:$AB$12,22,FALSE) -> 0.6979203
A17: Réalisation moyenne par ETP | C17: =+'RECAP DC'!I14 -> 104.68398 | D17: =+'RECAP DC'!K14 -> 846.14932 | E17: =+'RECAP DC'!L14 -> 374.05782 | F17: =+'RECAP DC'!M14 -> 2.2620816 | G17: =+'RECAP DC'!N14 -> 2317.9884 | H17: =+'RECAP DC'!O14 -> 2337.8614 | I17: =+'RECAP DC'!P14 -> 0.9914995 | K17: =+'RECAP DC'!R14 -> #REF! | M17: =+'RECAP DC'!T14 -> 35.143869 | N17: =+'RECAP DC'!U14 -> 35.067921 | O17: =+'RECAP DC'!V14 -> 1.0021658 | P17: =+'RECAP DC'!W14 -> 221.07976 | Q17: =+'RECAP DC'!X14 -> 228.78311 | R17: =+'RECAP DC'!Y14 -> 0.96632901 | S17: ='RECAP DC'!Z14 -> 3.1236872 | T17: ='RECAP DC'!AA14 -> 11.689307 | U17: ='RECAP DC'!AB14 -> 0.26722604
A19: ETP perf PRO = GC Pro + 0,1 etp par agence + CA Viti

Sheet PV PRESCRIP
A1: Accueil | D1: BAROMETRE BDD - PRESCRIPTION PROFESSIONNELLE
D2: PV PART SUR OBJECTIFS
D3: =+Accueil!F8 -> 43799
D7: Excédents de collecte par ETP yc DAV | G7: Engagements crédit MLT CBM LLD par ETP | J7: Qualité NPS PRO CEGEE | M7: Ventes brutes de forfaits Pro et Asso par ETP | P7: MIA Taux de marge crédit MLT | S7: Evolution Proactifs + Proactifs Equipés par ETP
E8: Taux d'atteinte saisonalisé | F8: =VLOOKUP(D3,ETP!$K$10:$L$21,2,FALSE) -> 0.91666667 | H8: Taux d'atteinte saisonalisé | I8: =+$F$8 -> 0.91666667 | K8: Non disponible | N8: Taux d'atteinte saisonalisé | O8: =+$F$8 -> 0.91666667 | Q8: Taux d'atteinte saisonalisé | R8: =+$F$8 -> 0.91666667 | T8: Taux d'atteinte saisonalisé | U8: =+$F$8 -> 0.91666667
A9: eds | B9: Direction | C9: ETP perf | D9: Réal | E9: Obj | F9: % | G9: Réal | H9: Obj | I9: % | K9: Réal | M9: Réal | N9: Obj | O9: % | P9: Réal | Q9: Obj | R9: % | S9: Réal | T9: Obj | U9: %
A10: 50 | B10: Aube Haute Marne | C10: =VLOOKUP($A10,'RECAP DC'!$G$6:$AB$12,3,FALSE) -> 11.648474 | D10: =VLOOKUP($A10,'RECAP DC'!$G$6:$AB$12,5,FALSE) -> 1456.6336 | E10: =VLOOKUP($A10,'RECAP DC'!$G$6:$AB$12,6,FALSE) -> 278.20581 | F10: =VLOOKUP($A10,'RECAP DC'!$G$6:$AB$12,7,FALSE) -> 5.2358128 | G10: =VLOOKUP($A10,'RECAP DC'!$G$6:$AB$12,8,FALSE) -> 2578.4144 | H10: =VLOOKUP($A10,'RECAP DC'!$G$6:$AB$12,9,FALSE) -> 2477.7705 | I10: =VLOOKUP($A10,'RECAP DC'!$G$6:$AB$12,10,FALSE) -> 1.0406187 | K10: =VLOOKUP($A10,'RECAP DC'!$G$6:$AB$12,12,FALSE) -> #REF! | M10: =VLOOKUP($A10,'RECAP DC'!$G$6:$AB$12,14,FALSE) -> 30.73364 | N10: =VLOOKUP($A10,'RECAP DC'!$G$6:$AB$12,15,FALSE) -> 34.775727 | O10: =VLOOKUP($A10,'RECAP DC'!$G$6:$AB$12,16,FALSE) -> 0.88376701 | P10: =VLOOKUP($A10,'RECAP DC'!$G$6:$AE$12,23,FALSE) -> 0.0058261716 | Q10: =VLOOKUP($A10,'RECAP DC'!$G$6:$AE$12,24,FALSE) -> 0.004 | R10: =VLOOKUP($A10,'RECAP DC'!$G$6:$AE$12,25,FALSE) -> 1.4565429 | S10: =VLOOKUP($A10,'RECAP DC'!$G$6:$AB$12,20,FALSE) -> 0.42924078 | T10: =VLOOKUP($A10,'RECAP DC'!$G$6:$AB$12,21,FALSE) -> 10.867415 | U10: =VLOOKUP($A10,'RECAP DC'!$G$6:$AB$12,22,FALSE) -> 0.039497967
A11: 262 | B11: Bas-Rhin | C11: =VLOOKUP(A11,'RECAP DC'!$G$6:$AB$12,3,FALSE) -> 21.988649 | D11: =VLOOKUP($A11,'RECAP DC'!$G$6:$AB$12,5,FALSE) -> 864.89387 | E11: =VLOOKUP($A11,'RECAP DC'!$G$6:$AB$12,6,FALSE) -> 518.03622 | F11: =VLOOKUP($A11,'RECAP DC'!$G$6:$AB$12,7,FALSE) -> 1.6695625 | G11: =VLOOKUP($A11,'RECAP DC'!$G$6:$AB$12,8,FALSE) -> 2780.1138 | H11: =VLOOKUP($A11,'RECAP DC'!$G$6:$AB$12,9,FALSE) -> 2474.548 | I11: =VLOOKUP($A11,'RECAP DC'!$G$6:$AB$12,10,FALSE) -> 1.1234834 | K11: =VLOOKUP($A11,'RECAP DC'!$G$6:$AB$12,12,FALSE) -> #REF! | M11: =VLOOKUP($A11,'RECAP DC'!$G$6:$AB$12,14,FALSE) -> 30.970525 | N11: =VLOOKUP($A11,'RECAP DC'!$G$6:$AB$12,15,FALSE) -> 40.240314 | O11: =VLOOKUP($A11,'RECAP DC'!$G$6:$AB$12,16,FALSE) -> 0.76963926 | P11: =VLOOKUP($A11,'RECAP DC'!$G$6:$AE$12,23,FALSE) -> 0.0082476794 | Q11: =VLOOKUP($A11,'RECAP DC'!$G$6:$AE$12,24,FALSE) -> 0.004 | R11: =VLOOKUP($A11,'RECAP DC'!$G$6:$AE$12,25,FALSE) -> 2.0619199 | S11: =VLOOKUP($A11,'RECAP DC'!$G$6:$AB$12,20,FALSE) -> 2.2739005 | T11: =VLOOKUP($A11,'RECAP DC'!$G$6:$AB$12,21,FALSE) -> 12.488373 | U11: =VLOOKUP($A11,'RECAP DC'!$G$6:$AB$12,22,FALSE) -> 0.1820814
A12: 264 | B12: Haut-Rhin | C12: =VLOOKUP(A12,'RECAP DC'!$G$6:$AB$12,3,FALSE) -> 12.607988 | D12: =VLOOKUP($A12,'RECAP DC'!$G$6:$AB$12,5,FALSE) -> 629.09425 | E12: =VLOOKUP($A12,'RECAP DC'!$G$6:$AB$12,6,FALSE) -> 447.56014 | F12: =VLOOKUP($A12,'RECAP DC'!$G$6:$AB$12,7,FALSE) -> 1.4056083 | G12: =VLOOKUP($A12,'RECAP DC'!$G$6:$AB$12,8,FALSE) -> 1982.9956 | H12: =VLOOKUP($A12,'RECAP DC'!$G$6:$AB$12,9,FALSE) -> 2079.0378 | I12: =VLOOKUP($A12,'RECAP DC'!$G$6:$AB$12,10,FALSE) -> 0.95380448 | K12: =VLOOKUP($A12,'RECAP DC'!$G$6:$AB$12,12,FALSE) -> #REF! | M12: =VLOOKUP($A12,'RECAP DC'!$G$6:$AB$12,14,FALSE) -> 27.284291 | N12: =VLOOKUP($A12,'RECAP DC'!$G$6:$AB$12,15,FALSE) -> 36.28866 | O12: =VLOOKUP($A12,'RECAP DC'!$G$6:$AB$12,16,FALSE) -> 0.75186824 | P12: =VLOOKUP($A12,'RECAP DC'!$G$6:$AE$12,23,FALSE) -> 0.0059150432 | Q12: =VLOOKUP($A12,'RECAP DC'!$G$6:$AE$12,24,FALSE) -> 0.004 | R12: =VLOOKUP($A12,'RECAP DC'!$G$6:$AE$12,25,FALSE) -> 1.4787608 | S12: =VLOOKUP($A12,'RECAP DC'!$G$6:$AB$12,20,FALSE) -> 1.6656108 | T12: =VLOOKUP($A12,'RECAP DC'!$G$6:$AB$12,21,FALSE) -> 11.340206 | U12: =VLOOKUP($A12,'RECAP DC'!$G$6:$AB$12,22,FALSE) -> 0.14687659
A13: 30 | B13: Marne-Ardennes | C13: =VLOOKUP(A13,'RECAP DC'!$G$6:$AB$12,3,FALSE) -> 19.581965 | D13: =VLOOKUP($A13,'RECAP DC'!$G$6:$AB$12,5,FALSE) -> 737.42506 | E13: =VLOOKUP($A13,'RECAP DC'!$G$6:$AB$12,6,FALSE) -> 381.68211 | F13: =VLOOKUP($A13,'RECAP DC'!$G$6:$AB$12,7,FALSE) -> 1.9320399 | G13: =VLOOKUP($A13,'RECAP DC'!$G$6:$AB$12,8,FALSE) -> 2876.1877 | H13: =VLOOKUP($A13,'RECAP DC'!$G$6:$AB$12,9,FALSE) -> 2733.4005 | I13: =VLOOKUP($A13,'RECAP DC'!$G$6:$AB$12,10,FALSE) -> 1.0522379 | K13: =VLOOKUP($A13,'RECAP DC'!$G$6:$AB$12,12,FALSE) -> #REF! | M13: =VLOOKUP($A13,'RECAP DC'!$G$6:$AB$12,14,FALSE) -> 40.394312 | N13: =VLOOKUP($A13,'RECAP DC'!$G$6:$AB$12,15,FALSE) -> 35.782698 | O13: =VLOOKUP($A13,'RECAP DC'!$G$6:$AB$12,16,FALSE) -> 1.1288783 | P13: =VLOOKUP($A13,'RECAP DC'!$G$6:$AE$12,23,FALSE) -> 0.006317129 | Q13: =VLOOKUP($A13,'RECAP DC'!$G$6:$AE$12,24,FALSE) -> 0.004 | R13: =VLOOKUP($A13,'RECAP DC'!$G$6:$AE$12,25,FALSE) -> 1.5792823 | S13: =VLOOKUP($A13,'RECAP DC'!$G$6:$AB$12,20,FALSE) -> 2.8087069 | T13: =VLOOKUP($A13,'RECAP DC'!$G$6:$AB$12,21,FALSE) -> 11.927566 | U13: =VLOOKUP($A13,'RECAP DC'!$G$6:$AB$12,22,FALSE) -> 0.23548031
A14: 110 | B14: Meurthe et Moselle Meuse | C14: =VLOOKUP(A14,'RECAP DC'!$G$6:$AB$12,3,FALSE) -> 14.327515 | D14: =VLOOKUP($A14,'RECAP DC'!$G$6:$AB$12,5,FALSE) -> 611.43305 | E14: =VLOOKUP($A14,'RECAP DC'!$G$6:$AB$12,6,FALSE) -> 318.94756 | F14: =VLOOKUP($A14,'RECAP DC'!$G$6:$AB$12,7,FALSE) -> 1.9170332 | G14: =VLOOKUP($A14,'RECAP DC'!$G$6:$AB$12,8,FALSE) -> 1632.6477 | H14: =VLOOKUP($A14,'RECAP DC'!$G$6:$AB$12,9,FALSE) -> 1993.4223 | I14: =VLOOKUP($A14,'RECAP DC'!$G$6:$AB$12,10,FALSE) -> 0.8190175 | K14: =VLOOKUP($A14,'RECAP DC'!$G$6:$AB$12,12,FALSE) -> #REF! | M14: =VLOOKUP($A14,'RECAP DC'!$G$6:$AB$12,14,FALSE) -> 36.572987 | N14: =VLOOKUP($A14,'RECAP DC'!$G$6:$AB$12,15,FALSE) -> 29.901334 | O14: =VLOOKUP($A14,'RECAP DC'!$G$6:$AB$12,16,FALSE) -> 1.2231222 | P14: =VLOOKUP($A14,'RECAP DC'!$G$6:$AE$12,23,FALSE) -> 0.0079986315 | Q14: =VLOOKUP($A14,'RECAP DC'!$G$6:$AE$12,24,FALSE) -> 0.004 | R14: =VLOOKUP($A14,'RECAP DC'!$G$6:$AE$12,25,FALSE) -> 1.9996579 | S14: =VLOOKUP($A14,'RECAP DC'!$G$6:$AB$12,20,FALSE) -> 4.4669297 | T14: =VLOOKUP($A14,'RECAP DC'!$G$6:$AB$12,21,FALSE) -> 10.963822 | U14: =VLOOKUP($A14,'RECAP DC'!$G$6:$AB$12,22,FALSE) -> 0.40742448
A15: 160 | B15: Moselle | C15: =VLOOKUP(A15,'RECAP DC'!$G$6:$AB$12,3,FALSE) -> 15.459798 | D15: =VLOOKUP($A15,'RECAP DC'!$G$6:$AB$12,5,FALSE) -> 887.51503 | E15: =VLOOKUP($A15,'RECAP DC'!$G$6:$AB$12,6,FALSE) -> 306.19084 | F15: =VLOOKUP($A15,'RECAP DC'!$G$6:$AB$12,7,FALSE) -> 2.8985682 | G15: =VLOOKUP($A15,'RECAP DC'!$G$6:$AB$12,8,FALSE) -> 1665.9777 | H15: =VLOOKUP($A15,'RECAP DC'!$G$6:$AB$12,9,FALSE) -> 2296.4313 | I15: =VLOOKUP($A15,'RECAP DC'!$G$6:$AB$12,10,FALSE) -> 0.72546375 | K15: =VLOOKUP($A15,'RECAP DC'!$G$6:$AB$12,12,FALSE) -> #REF! | M15: =VLOOKUP($A15,'RECAP DC'!$G$6:$AB$12,14,FALSE) -> 42.626689 | N15: =VLOOKUP($A15,'RECAP DC'!$G$6:$AB$12,15,FALSE) -> 33.808572 | O15: =VLOOKUP($A15,'RECAP DC'!$G$6:$AB$12,16,FALSE) -> 1.2608249 | P15: =VLOOKUP($A15,'RECAP DC'!$G$6:$AE$12,23,FALSE) -> 0.0080447518 | Q15: =VLOOKUP($A15,'RECAP DC'!$G$6:$AE$12,24,FALSE) -> 0.004 | R15: =VLOOKUP($A15,'RECAP DC'!$G$6:$AE$12,25,FALSE) -> 2.0111879 | S15: =VLOOKUP($A15,'RECAP DC'!$G$6:$AB$12,20,FALSE) -> 4.5278729 | T15: =VLOOKUP($A15,'RECAP DC'!$G$6:$AB$12,21,FALSE) -> 12.757952 | U15: =VLOOKUP($A15,'RECAP DC'!$G$6:$AB$12,22,FALSE) -> 0.35490595
A16: 80 | B16: Vosges | C16: =VLOOKUP(A16,'RECAP DC'!$G$6:$AB$12,3,FALSE) -> 9.0695895 | D16: =VLOOKUP($A16,'RECAP DC'!$G$6:$AB$12,5,FALSE) -> 788.18587 | E16: =VLOOKUP($A16,'RECAP DC'!$G$6:$AB$12,6,FALSE) -> 246.45131 | F16: =VLOOKUP($A16,'RECAP DC'!$G$6:$AB$12,7,FALSE) -> 3.1981402 | G16: =VLOOKUP($A16,'RECAP DC'!$G$6:$AB$12,8,FALSE) -> 2300.2124 | H16: =VLOOKUP($A16,'RECAP DC'!$G$6:$AB$12,9,FALSE) -> 2002.4169 | I16: =VLOOKUP($A16,'RECAP DC'!$G$6:$AB$12,10,FALSE) -> 1.148718 | K16: =VLOOKUP($A16,'RECAP DC'!$G$6:$AB$12,12,FALSE) -> #REF! | M16: =VLOOKUP($A16,'RECAP DC'!$G$6:$AB$12,14,FALSE) -> 34.731451 | N16: =VLOOKUP($A16,'RECAP DC'!$G$6:$AB$12,15,FALSE) -> 30.806414 | O16: =VLOOKUP($A16,'RECAP DC'!$G$6:$AB$12,16,FALSE) -> 1.1274097 | P16: =VLOOKUP($A16,'RECAP DC'!$G$6:$AE$12,23,FALSE) -> 0.0066476345 | Q16: =VLOOKUP($A16,'RECAP DC'!$G$6:$AE$12,24,FALSE) -> 0.004 | R16: =VLOOKUP($A16,'RECAP DC'!$G$6:$AE$12,25,FALSE) -> 1.6619086 | S16: =VLOOKUP($A16,'RECAP DC'!$G$6:$AB$12,20,FALSE) -> 7.1668073 | T16: =VLOOKUP($A16,'RECAP DC'!$G$6:$AB$12,21,FALSE) -> 10.268805 | U16: =VLOOKUP($A16,'RECAP DC'!$G$6:$AB$12,22,FALSE) -> 0.6979203
A17: Réalisation moyenne par ETP | C17: =+'RECAP DC'!I14 -> 104.68398 | D17: =+'RECAP DC'!K14 -> 846.14932 | E17: =+'RECAP DC'!L14 -> 374.05782 | F17: =+'RECAP DC'!M14 -> 2.2620816 | G17: =+'RECAP DC'!N14 -> 2317.9884 | H17: =+'RECAP DC'!O14 -> 2337.8614 | I17: =+'RECAP DC'!P14 -> 0.9914995 | K17: =+'RECAP DC'!R14 -> #REF! | M17: =+'RECAP DC'!T14 -> 35.143869 | N17: =+'RECAP DC'!U14 -> 35.067921 | O17: =+'RECAP DC'!V14 -> 1.0021658 | P17: ='RECAP DC'!AC14 -> 0.0071101254 | Q17: ='RECAP DC'!AD14 -> 0.004 | R17: ='RECAP DC'!AE14 -> 1.7775313 | S17: ='RECAP DC'!Z14 -> 3.1236872 | T17: ='RECAP DC'!AA14 -> 11.689307 | U17: ='RECAP DC'!AB14 -> 0.26722604
A19: ETP perf PRO = GC Pro + 0,1 etp par agence + CA Viti

Sheet PV ASSO
A1: Accueil | D1: BAROMETRE BDD - MARCHE ASSOCIATIONS DE PROXIMITE
D2: PV PART SUR OBJECTIFS
D3: =+Accueil!F8 -> 43799
D7: Excédents de collecte PRO+AP par ETP yc DAV PRO+AP | G7: Ventes brutes de forfaits Association par ETP | J7: Evolution clients actifs associations par ETP | M7: Taux de complétude DRC EER | P7: Taux de complétude DRC Stock | S7: PNB sur activité nouvelle par ETP
E8: Taux d'atteinte saisonalisé | F8: =VLOOKUP(D3,ETP!$K$10:$L$21,2,FALSE) -> 0.91666667 | H8: Taux d'atteinte saisonalisé | I8: =+$F$8 -> 0.91666667 | K8: Taux d'atteinte saisonalisé | L8: =+$F$8 -> 0.91666667 | N8: Taux d'atteinte saisonalisé | O8: =+$F$8 -> 0.91666667 | Q8: Taux d'atteinte saisonalisé | R8: =+$F$8 -> 0.91666667 | T8: Taux d'atteinte saisonalisé | U8: =+$F$8 -> 0.91666667
C9: ETP perf | D9: Réal | E9: Obj | F9: % | G9: Réal | H9: Obj | I9: % | J9: Réal | K9: Obj | L9: % | M9: Réal | N9: Obj | O9: % | P9: Réal | Q9: Obj | R9: % | S9: Réal | T9: Obj | U9: %
A10: Gestionnaire clientèle Association | C10: 1 | D10: =SUM('Asso Collecte'!E1:E20)/1000+'Asso Dav'!K6 -> 0.09772 | E10: 200 | F10: =+D10/E10 -> 0.0004886 | G10: =SUM('Asso Forf'!G1:G204) -> 52 | H10: 30 | I10: =+G10/H10 -> 1.7333333 | J10: =+'Asso Actif'!D1 -> 27 | K10: 26 | L10: =+J10/K10 -> 1.0384615 | M10: =+'Asso DRC'!F1 -> 0.8877551 | N10: 0.95 | O10: =+M10/N10 -> 0.93447905 | P10: =+'Asso DRC'!I1 -> 0.31256883 | Q10: 0.9 | R10: =+P10/Q10 -> 0.3472987 | S10: =+'PV PRO'!P17 -> 221.07976 | T10: =+'PV PRO'!Q17 -> 228.78311 | U10: =+'PV PRO'!R17 -> 0.96632901

Sheet RECAP PDV
G1: 1 | H1: 2 | I1: 3 | J1: 4
K3: Excédent de collecte par ETP yc DAV | N3: Engagements crédit MLT CBM LLD par ETP | Q3: Qualité NPS PRO CEGEE | T3: Ventes brutes de forfaits Pro et Asso par ETP | W3: PNB sur activité nouvelle par ETP | Z3: Evolution Proactif par ETP
L4: Taux d'atteinte saisonalisé | M4: x % | O4: Taux d'atteinte saisonalisé | P4: x % | R4: Taux d'atteinte saisonalisé | S4: x % | U4: Taux d'atteinte saisonalisé | V4: x % | X4: Taux d'atteinte saisonalisé | Y4: x % | AA4: Taux d'atteinte saisonalisé | AB4: x %
A5: NO GROUPE | B5: groupe | C5: UC | D5: libelle uc | E5: EDS | F5: AGENCE | G5: EDS PDV | H5: POINT DE VENTE | I5: EDS PDV ORIGINE | K5: Réal | L5: Obj | M5: % | N5: Réal | O5: Obj | P5: % | Q5: Réal | R5: Obj | S5: % | T5: Réal | U5: Obj | V5: % | W5: Réal | X5: Obj | Y5: % | Z5: Réal | AA5: Obj | AB5: %
A6: 50 | B6: Aube Haute Marne | C6: 21 | D6: CHAUMONT | E6: 410560 | F6: BOURBONNE LES BAINS | G6: 10560 | H6: BOURBONNE LES BAINS | I6: 10560 | K6: =SUMIF(COLLECTE!B:B,I6,COLLECTE!G:G)+SUMIF(DAV!I:I,I6,DAV!K:K) -> 237.32083 | N6: =SUMIF(CREDIT!B:B,I6,CREDIT!F:F)+SUMIF(LLD!L:L,I6,LLD!H:H)/1000 -> 47 | T6: =SUMIF(FORFAIT!B:B,I6,FORFAIT!G:G) -> 2 | Z6: =SUMIF(PROACTIF!D:D,I6,PROACTIF!G:G)+SUMIF(PROACTIF!P:P,I6,PROACTIF!S:S) -> 2
A7: 50 | B7: Aube Haute Marne | C7: 21 | D7: CHAUMONT | E7: 510558 | F7: CHALINDREY | G7: 10558 | H7: CHALINDREY | I7: 10558 | K7: =SUMIF(COLLECTE!B:B,I7,COLLECTE!G:G)+SUMIF(DAV!I:I,I7,DAV!K:K) -> 36.17507 | N7: =SUMIF(CREDIT!B:B,I7,CREDIT!F:F)+SUMIF(LLD!L:L,I7,LLD!H:H)/1000 -> 55 | T7: =SUMIF(FORFAIT!B:B,I7,FORFAIT!G:G) -> 1 | Z7: =SUMIF(PROACTIF!D:D,I7,PROACTIF!G:G)+SUMIF(PROACTIF!P:P,I7,PROACTIF!S:S) -> -2
A8: 50 | B8: Aube Haute Marne | C8: 21 | D8: CHAUMONT | E8: 410539 | F8: CHATEAUVILLAIN | G8: 10539 | H8: CHATEAUVILLAIN | I8: 10539 | K8: =SUMIF(COLLECTE!B:B,I8,COLLECTE!G:G)+SUMIF(DAV!I:I,I8,DAV!K:K) -> 215.26853 | N8: =SUMIF(CREDIT!B:B,I8,CREDIT!F:F)+SUMIF(LLD!L:L,I8,LLD!H:H)/1000 -> 64 | T8: =SUMIF(FORFAIT!B:B,I8,FORFAIT!G:G) -> 1 | Z8: =SUMIF(PROACTIF!D:D,I8,PROACTIF!G:G)+SUMIF(PROACTIF!P:P,I8,PROACTIF!S:S) -> -1
A9: 50 | B9: Aube Haute Marne | C9: 21 | D9: CHAUMONT | E9: 410566 | F9: CHAUMONT HOTEL DE VILLE | G9: 10566 | H9: CHAUMONT HOTEL DE VILLE | I9: 10566 | K9: =SUMIF(COLLECTE!B:B,I9,COLLECTE!G:G)+SUMIF(DAV!I:I,I9,DAV!K:K) -> 909.99716 | N9: =SUMIF(CREDIT!B:B,I9,CREDIT!F:F)+SUMIF(LLD!L:L,I9,LLD!H:H)/1000 -> 3210.5378 | T9: =SUMIF(FORFAIT!B:B,I9,FORFAIT!G:G) -> 25 | Z9: =SUMIF(PROACTIF!D:D,I9,PROACTIF!G:G)+SUMIF(PROACTIF!P:P,I9,PROACTIF!S:S) -> -2
A10: 50 | B10: Aube Haute Marne | C10: 21 | D10: CHAUMONT | E10: 510590 | F10: CHAUMONT REPUBLIQUE | G10: 10590 | H10: CHAUMONT REPUBLIQUE | I10: 10590 | K10: =SUMIF(COLLECTE!B:B,I10,COLLECTE!G:G)+SUMIF(DAV!I:I,I10,DAV!K:K) -> 499.10441 | N10: =SUMIF(CREDIT!B:B,I10,CREDIT!F:F)+SUMIF(LLD!L:L,I10,LLD!H:H)/1000 -> 578.93001 | T10: =SUMIF(FORFAIT!B:B,I10,FORFAIT!G:G) -> 8 | Z10: =SUMIF(PROACTIF!D:D,I10,PROACTIF!G:G)+SUMIF(PROACTIF!P:P,I10,PROACTIF!S:S) -> 11
A11: 50 | B11: Aube Haute Marne | C11: 21 | D11: CHAUMONT | E11: 451154 | F11: JOINVILLE | G11: 51154 | H11: JOINVILLE | I11: 51154 | K11: =SUMIF(COLLECTE!B:B,I11,COLLECTE!G:G)+SUMIF(DAV!I:I,I11,DAV!K:K) -> -47.61982 | N11: =SUMIF(CREDIT!B:B,I11,CREDIT!F:F)+SUMIF(LLD!L:L,I11,LLD!H:H)/1000 -> 205.98071 | T11: =SUMIF(FORFAIT!B:B,I11,FORFAIT!G:G) -> 7 | Z11: =SUMIF(PROACTIF!D:D,I11,PROACTIF!G:G)+SUMIF(PROACTIF!P:P,I11,PROACTIF!S:S) -> 1
A12: 50 | B12: Aube Haute Marne | C12: 21 | D12: CHAUMONT | E12: 410541 | F12: LANGRES | G12: 10541 | H12: LANGRES | I12: 10541 | K12: =SUMIF(COLLECTE!B:B,I12,COLLECTE!G:G)+SUMIF(DAV!I:I,I12,DAV!K:K) -> 363.96548 | N12: =SUMIF(CREDIT!B:B,I12,CREDIT!F:F)+SUMIF(LLD!L:L,I12,LLD!H:H)/1000 -> 176.5 | T12: =SUMIF(FORFAIT!B:B,I12,FORFAIT!G:G) -> 16 | Z12: =SUMIF(PROACTIF!D:D,I12,PROACTIF!G:G)+SUMIF(PROACTIF!P:P,I12,PROACTIF!S:S) -> -3
A13: 50 | B13: Aube Haute Marne | C13: 21 | D13: CHAUMONT | E13: 410582 | F13: NOGENT EN BASSIGNY | G13: 10582 | H13: NOGENT EN BASSIGNY | I13: 10582 | K13: =SUMIF(COLLECTE!B:B,I13,COLLECTE!G:G)+SUMIF(DAV!I:I,I13,DAV!K:K) -> 214.24598 | N13: =SUMIF(CREDIT!B:B,I13,CREDIT!F:F)+SUMIF(LLD!L:L,I13,LLD!H:H)/1000 -> 92.16541 | T13: =SUMIF(FORFAIT!B:B,I13,FORFAIT!G:G) -> 7 | Z13: =SUMIF(PROACTIF!D:D,I13,PROACTIF!G:G)+SUMIF(PROACTIF!P:P,I13,PROACTIF!S:S) -> -1
A14: 50 | B14: Aube Haute Marne | C14: 21 | D14: CHAUMONT | E14: 451156 | F14: SAINT DIZIER CENTRE | G14: 51156 | H14: SAINT DIZIER CENTRE | I14: 51156 | K14: =SUMIF(COLLECTE!B:B,I14,COLLECTE!G:G)+SUMIF(DAV!I:I,I14,DAV!K:K) -> 1252.7911 | N14: =SUMIF(CREDIT!B:B,I14,CREDIT!F:F)+SUMIF(LLD!L:L,I14,LLD!H:H)/1000 -> 2712.772 | T14: =SUMIF(FORFAIT!B:B,I14,FORFAIT!G:G) -> 24 | Z14: =SUMIF(PROACTIF!D:D,I14,PROACTIF!G:G)+SUMIF(PROACTIF!P:P,I14,PROACTIF!S:S) -> 5
A15: 50 | B15: Aube Haute Marne | C15: 21 | D15: CHAUMONT | E15: 551157 | F15: SAINT DIZIER EUROPE | G15: 51157 | H15: SAINT DIZIER EUROPE | I15: 51157 | K15: =SUMIF(COLLECTE!B:B,I15,COLLECTE!G:G)+SUMIF(DAV!I:I,I15,DAV!K:K) -> -37.83863 | N15: =SUMIF(CREDIT!B:B,I15,CREDIT!F:F)+SUMIF(LLD!L:L,I15,LLD!H:H)/1000 -> 91.98702 | T15: =SUMIF(FORFAIT!B:B,I15,FORFAIT!G:G) -> 7 | Z15: =SUMIF(PROACTIF!D:D,I15,PROACTIF!G:G)+SUMIF(PROACTIF!P:P,I15,PROACTIF!S:S) -> -2
A16: 50 | B16: Aube Haute Marne | C16: 21 | D16: CHAUMONT | E16: 451151 | F16: WASSY | G16: 51151 | H16: WASSY | I16: 51151 | K16: =SUMIF(COLLECTE!B:B,I16,COLLECTE!G:G)+SUMIF(DAV!I:I,I16,DAV!K:K) -> 941.09166 | N16: =SUMIF(CREDIT!B:B,I16,CREDIT!F:F)+SUMIF(LLD!L:L,I16,LLD!H:H)/1000 -> 115.70044 | T16: =SUMIF(FORFAIT!B:B,I16,FORFAIT!G:G) -> 11 | Z16: =SUMIF(PROACTIF!D:D,I16,PROACTIF!G:G)+SUMIF(PROACTIF!P:P,I16,PROACTIF!S:S) -> 0
A17: 50 | B17: Aube Haute Marne | C17: 14 | D17: TROYES | E17: 410583 | F17: AIX EN OTHE | G17: 10583 | H17: AIX EN OTHE | I17: 10583 | K17: =SUMIF(COLLECTE!B:B,I17,COLLECTE!G:G)+SUMIF(DAV!I:I,I17,DAV!K:K) -> 139.5633 | N17: =SUMIF(CREDIT!B:B,I17,CREDIT!F:F)+SUMIF(LLD!L:L,I17,LLD!H:H)/1000 -> 33 | T17: =SUMIF(FORFAIT!B:B,I17,FORFAIT!G:G) -> 7 | Z17: =SUMIF(PROACTIF!D:D,I17,PROACTIF!G:G)+SUMIF(PROACTIF!P:P,I17,PROACTIF!S:S) -> 0
... A341: 269 | B341: Multimédia | C341: 5017 | D341: MON AGENCE | E341: 4017 | F341: Agence du personnel | G341: 17 | H341: Agence du personnel | I341: 17 | K341: =SUMIF(COLLECTE!B:B,I341,COLLECTE!G:G)+SUMIF(DAV!I:I,I341,DAV!K:K) -> 534.04385 | N341: =SUMIF(CREDIT!B:B,I341,CREDIT!F:F)+SUMIF(LLD!L:L,I341,LLD!H:H)/1000 -> 158.27172 | T341: =SUMIF(FORFAIT!B:B,I341,FORFAIT!G:G) -> 6 | Z341: =SUMIF(PROACTIF!D:D,I341,PROACTIF!G:G)+SUMIF(PROACTIF!P:P,I341,PROACTIF!S:S) -> -3

Sheet RECAP AG
G1: 1 | H1: 2 | I1: 3 | J1: 4 | K1: 5 | L1: 6 | M1: 7 | N1: 8 | O1: 9 | P1: 10 | Q1: 11 | R1: 12 | S1: 13 | T1: 14 | U1: 15 | V1: 16 | W1: 17 | X1: 18 | Y1: 19 | Z1: 20 | AA1: 21 | AB1: 22
K3: Excédent de collecte par ETP yc DAV | N3: Engagements crédit MLT CBM LLD par ETP | Q3: Qualité NPS PRO CEGEE | T3: Ventes brutes de forfaits Pro et Asso par ETP | W3: PNB sur activité nouvelle par ETP | Z3: Evolution Proactif par ETP
L4: Taux d'atteinte saisonalisé | M4: =VLOOKUP(#REF!,#REF!,6,FALSE) -> #REF! | O4: Taux d'atteinte saisonalisé | P4: =VLOOKUP(#REF!,#REF!,6,FALSE) -> #REF! | R4: Taux d'atteinte saisonalisé | S4: =VLOOKUP(#REF!,#REF!,6,FALSE) -> #REF! | U4: Taux d'atteinte saisonalisé | V4: =VLOOKUP(#REF!,#REF!,6,FALSE) -> #REF! | X4: Taux d'atteinte saisonalisé | Y4: =VLOOKUP(#REF!,#REF!,6,FALSE) -> #REF! | AA4: Taux d'atteinte saisonalisé | AB4: x %
C5: NO GROUPE | D5: groupe | E5: UC | F5: libelle uc | G5: EDS | H5: AGENCE | I5: ETP | K5: Réal | L5: Obj | M5: % | N5: Réal | O5: Obj | P5: % | Q5: Réal | R5: Obj | S5: % | T5: Réal | U5: Obj | V5: % | W5: Réal | X5: Obj | Y5: % | Z5: Réal | AA5: Obj | AB5: % | AJ5: 0.8 | AK5: 80% 100% | AL5: 100% 110% | AM5: 1.1 | AO5: 0.8 | AP5: 80% 100% | AQ5: 100% 120% | AR5: 1.2 | AT5: 0.8 | AU5: 80% 100% | AV5: 100% 120% | AW5: 1.2 | AY5: 0.8 | AZ5: 80% 100% | BA5: 100% 120% | BB5: 1.2 | BD5: 0.8 | BE5: 80% 100% | BF5: 100% 120% | BG5: 1.2
C6: 50 | D6: AUBE HAUTE MARNE | E6: 21 | F6: CHAUMONT | G6: 410560 | H6: BOURBONNE LES BAINS | K6: =SUMIF('RECAP PDV'!$E:$E,$G6,'RECAP PDV'!K:K) -> 237.32083 | N6: =SUMIF('RECAP PDV'!$E:$E,$G6,'RECAP PDV'!N:N) -> 47 | T6: =SUMIF('RECAP PDV'!$E:$E,$G6,'RECAP PDV'!T:T) -> 2 | Z6: =SUMIF('RECAP PDV'!E:E,G6,'RECAP PDV'!Z:Z) -> 2 | AI6: =M6/$M$4 -> #REF! | AJ6: =IF(AI6<0.8,1,0) -> #REF! | AK6: =IF(AND(AI6>=0.8,AI6<1),1,0) -> #REF! | AL6: =IF(AND(AI6>=1,AI6<1.1),1,0) -> #REF! | AM6: =IF(AI6>1.1,1,0) -> #REF! | AN6: =P6/$P$4 -> #REF! | AO6: =IF(AN6<0.8,1,0) -> #REF! | AP6: =IF(AND(AN6>=0.8,AN6<1),1,0) -> #REF! | AQ6: =IF(AND(AN6>=1,AN6<1.2),1,0) -> #REF! | AR6: =IF(AN6>1.2,1,0) -> #REF! | AS6: =S6/$S$4 -> #REF! | AT6: =IF(AS6<0.8,1,0) -> #REF! | AU6: =IF(AND(AS6>=0.8,AS6<1),1,0) -> #REF! | AV6: =IF(AND(AS6>=1,AS6<1.2),1,0) -> #REF! | AW6: =IF(AS6>1.2,1,0) -> #REF! | AX6: =V6/$V$4 -> #REF! | AY6: =IF(AX6<0.8,1,0) -> #REF! | AZ6: =IF(AND(AX6>=0.8,AX6<1),1,0) -> #REF! | BA6: =IF(AND(AX6>=1,AX6<1.2),1,0) -> #REF! | BB6: =IF(AX6>1.2,1,0) -> #REF! | BC6: =Y6/$Y$4 -> #REF! | BD6: =IF(BC6<0.8,1,0) -> #REF! | BE6: =IF(AND(BC6>=0.8,BC6<1),1,0) -> #REF! | BF6: =IF(AND(BC6>=1,BC6<1.2),1,0) -> #REF! | BG6: =IF(BC6>1.2,1,0) -> #REF!
C7: 50 | D7: AUBE HAUTE MARNE | E7: 21 | F7: CHAUMONT | G7: 510558 | H7: CHALINDREY | K7: =SUMIF('RECAP PDV'!$E:$E,$G7,'RECAP PDV'!K:K) -> 36.17507 | N7: =SUMIF('RECAP PDV'!$E:$E,$G7,'RECAP PDV'!N:N) -> 55 | T7: =SUMIF('RECAP PDV'!$E:$E,$G7,'RECAP PDV'!T:T) -> 1 | Z7: =SUMIF('RECAP PDV'!E:E,G7,'RECAP PDV'!Z:Z) -> -2 | AI7: =M7/$M$4 -> #REF! | AJ7: =IF(AI7<0.8,1,0) -> #REF! | AK7: =IF(AND(AI7>=0.8,AI7<1),1,0) -> #REF! | AL7: =IF(AND(AI7>=1,AI7<1.1),1,0) -> #REF! | AM7: =IF(AI7>1.1,1,0) -> #REF! | AN7: =P7/$P$4 -> #REF! | AO7: =IF(AN7<0.8,1,0) -> #REF! | AP7: =IF(AND(AN7>=0.8,AN7<1),1,0) -> #REF! | AQ7: =IF(AND(AN7>=1,AN7<1.2),1,0) -> #REF! | AR7: =IF(AN7>1.2,1,0) -> #REF! | AS7: =S7/$S$4 -> #REF! | AT7: =IF(AS7<0.8,1,0) -> #REF! | AU7: =IF(AND(AS7>=0.8,AS7<1),1,0) -> #REF! | AV7: =IF(AND(AS7>=1,AS7<1.2),1,0) -> #REF! | AW7: =IF(AS7>1.2,1,0) -> #REF! | AX7: =V7/$V$4 -> #REF! | AY7: =IF(AX7<0.8,1,0) -> #REF! | AZ7: =IF(AND(AX7>=0.8,AX7<1),1,0) -> #REF! | BA7: =IF(AND(AX7>=1,AX7<1.2),1,0) -> #REF! | BB7: =IF(AX7>1.2,1,0) -> #REF! | BC7: =Y7/$Y$4 -> #REF! | BD7: =IF(BC7<0.8,1,0) -> #REF! | BE7: =IF(AND(BC7>=0.8,BC7<1),1,0) -> #REF! | BF7: =IF(AND(BC7>=1,BC7<1.2),1,0) -> #REF! | BG7: =IF(BC7>1.2,1,0) -> #REF!
C8: 50 | D8: AUBE HAUTE MARNE | E8: 21 | F8: CHAUMONT | G8: 410539 | H8: CHATEAUVILLAIN | K8: =SUMIF('RECAP PDV'!$E:$E,$G8,'RECAP PDV'!K:K) -> 215.26853 | N8: =SUMIF('RECAP PDV'!$E:$E,$G8,'RECAP PDV'!N:N) -> 64 | T8: =SUMIF('RECAP PDV'!$E:$E,$G8,'RECAP PDV'!T:T) -> 1 | Z8: =SUMIF('RECAP PDV'!E:E,G8,'RECAP PDV'!Z:Z) -> -1 | AI8: =M8/$M$4 -> #REF! | AJ8: =IF(AI8<0.8,1,0) -> #REF! | AK8: =IF(AND(AI8>=0.8,AI8<1),1,0) -> #REF! | AL8: =IF(AND(AI8>=1,AI8<1.1),1,0) -> #REF! | AM8: =IF(AI8>1.1,1,0) -> #REF! | AN8: =P8/$P$4 -> #REF! | AO8: =IF(AN8<0.8,1,0) -> #REF! | AP8: =IF(AND(AN8>=0.8,AN8<1),1,0) -> #REF! | AQ8: =IF(AND(AN8>=1,AN8<1.2),1,0) -> #REF! | AR8: =IF(AN8>1.2,1,0) -> #REF! | AS8: =S8/$S$4 -> #REF! | AT8: =IF(AS8<0.8,1,0) -> #REF! | AU8: =IF(AND(AS8>=0.8,AS8<1),1,0) -> #REF! | AV8: =IF(AND(AS8>=1,AS8<1.2),1,0) -> #REF! | AW8: =IF(AS8>1.2,1,0) -> #REF! | AX8: =V8/$V$4 -> #REF! | AY8: =IF(AX8<0.8,1,0) -> #REF! | AZ8: =IF(AND(AX8>=0.8,AX8<1),1,0) -> #REF! | BA8: =IF(AND(AX8>=1,AX8<1.2),1,0) -> #REF! | BB8: =IF(AX8>1.2,1,0) -> #REF! | BC8: =Y8/$Y$4 -> #REF! | BD8: =IF(BC8<0.8,1,0) -> #REF! | BE8: =IF(AND(BC8>=0.8,BC8<1),1,0) -> #REF! | BF8: =IF(AND(BC8>=1,BC8<1.2),1,0) -> #REF! | BG8: =IF(BC8>1.2,1,0) -> #REF!
C9: 50 | D9: AUBE HAUTE MARNE | E9: 21 | F9: CHAUMONT | G9: 410566 | H9: CHAUMONT HOTEL DE VILLE | K9: =SUMIF('RECAP PDV'!$E:$E,$G9,'RECAP PDV'!K:K) -> 909.99716 | N9: =SUMIF('RECAP PDV'!$E:$E,$G9,'RECAP PDV'!N:N) -> 3210.5378 | T9: =SUMIF('RECAP PDV'!$E:$E,$G9,'RECAP PDV'!T:T) -> 25 | Z9: =SUMIF('RECAP PDV'!E:E,G9,'RECAP PDV'!Z:Z) -> -2 | AI9: =M9/$M$4 -> #REF! | AJ9: =IF(AI9<0.8,1,0) -> #REF! | AK9: =IF(AND(AI9>=0.8,AI9<1),1,0) -> #REF! | AL9: =IF(AND(AI9>=1,AI9<1.1),1,0) -> #REF! | AM9: =IF(AI9>1.1,1,0) -> #REF! | AN9: =P9/$P$4 -> #REF! | AO9: =IF(AN9<0.8,1,0) -> #REF! | AP9: =IF(AND(AN9>=0.8,AN9<1),1,0) -> #REF! | AQ9: =IF(AND(AN9>=1,AN9<1.2),1,0) -> #REF! | AR9: =IF(AN9>1.2,1,0) -> #REF! | AS9: =S9/$S$4 -> #REF! | AT9: =IF(AS9<0.8,1,0) -> #REF! | AU9: =IF(AND(AS9>=0.8,AS9<1),1,0) -> #REF! | AV9: =IF(AND(AS9>=1,AS9<1.2),1,0) -> #REF! | AW9: =IF(AS9>1.2,1,0) -> #REF! | AX9: =V9/$V$4 -> #REF! | AY9: =IF(AX9<0.8,1,0) -> #REF! | AZ9: =IF(AND(AX9>=0.8,AX9<1),1,0) -> #REF! | BA9: =IF(AND(AX9>=1,AX9<1.2),1,0) -> #REF! | BB9: =IF(AX9>1.2,1,0) -> #REF! | BC9: =Y9/$Y$4 -> #REF! | BD9: =IF(BC9<0.8,1,0) -> #REF! | BE9: =IF(AND(BC9>=0.8,BC9<1),1,0) -> #REF! | BF9: =IF(AND(BC9>=1,BC9<1.2),1,0) -> #REF! | BG9: =IF(BC9>1.2,1,0) -> #REF!
C10: 50 | D10: AUBE HAUTE MARNE | E10: 21 | F10: CHAUMONT | G10: 510590 | H10: CHAUMONT REPUBLIQUE | K10: =SUMIF('RECAP PDV'!$E:$E,$G10,'RECAP PDV'!K:K) -> 499.10441 | N10: =SUMIF('RECAP PDV'!$E:$E,$G10,'RECAP PDV'!N:N) -> 578.93001 | T10: =SUMIF('RECAP PDV'!$E:$E,$G10,'RECAP PDV'!T:T) -> 8 | Z10: =SUMIF('RECAP PDV'!E:E,G10,'RECAP PDV'!Z:Z) -> 11 | AI10: =M10/$M$4 -> #REF! | AJ10: =IF(AI10<0.8,1,0) -> #REF! | AK10: =IF(AND(AI10>=0.8,AI10<1),1,0) -> #REF! | AL10: =IF(AND(AI10>=1,AI10<1.1),1,0) -> #REF! | AM10: =IF(AI10>1.1,1,0) -> #REF! | AN10: =P10/$P$4 -> #REF! | AO10: =IF(AN10<0.8,1,0) -> #REF! | AP10: =IF(AND(AN10>=0.8,AN10<1),1,0) -> #REF! | AQ10: =IF(AND(AN10>=1,AN10<1.2),1,0) -> #REF! | AR10: =IF(AN10>1.2,1,0) -> #REF! | AS10: =S10/$S$4 -> #REF! | AT10: =IF(AS10<0.8,1,0) -> #REF! | AU10: =IF(AND(AS10>=0.8,AS10<1),1,0) -> #REF! | AV10: =IF(AND(AS10>=1,AS10<1.2),1,0) -> #REF! | AW10: =IF(AS10>1.2,1,0) -> #REF! | AX10: =V10/$V$4 -> #REF! | AY10: =IF(AX10<0.8,1,0) -> #REF! | AZ10: =IF(AND(AX10>=0.8,AX10<1),1,0) -> #REF! | BA10: =IF(AND(AX10>=1,AX10<1.2),1,0) -> #REF! | BB10: =IF(AX10>1.2,1,0) -> #REF! | BC10: =Y10/$Y$4 -> #REF! | BD10: =IF(BC10<0.8,1,0) -> #REF! | BE10: =IF(AND(BC10>=0.8,BC10<1),1,0) -> #REF! | BF10: =IF(AND(BC10>=1,BC10<1.2),1,0) -> #REF! | BG10: =IF(BC10>1.2,1,0) -> #REF!
C11: 50 | D11: AUBE HAUTE MARNE | E11: 21 | F11: CHAUMONT | G11: 451154 | H11: JOINVILLE | K11: =SUMIF('RECAP PDV'!$E:$E,$G11,'RECAP PDV'!K:K) -> -47.61982 | N11: =SUMIF('RECAP PDV'!$E:$E,$G11,'RECAP PDV'!N:N) -> 205.98071 | T11: =SUMIF('RECAP PDV'!$E:$E,$G11,'RECAP PDV'!T:T) -> 7 | Z11: =SUMIF('RECAP PDV'!E:E,G11,'RECAP PDV'!Z:Z) -> 1 | AI11: =M11/$M$4 -> #REF! | AJ11: =IF(AI11<0.8,1,0) -> #REF! | AK11: =IF(AND(AI11>=0.8,AI11<1),1,0) -> #REF! | AL11: =IF(AND(AI11>=1,AI11<1.1),1,0) -> #REF! | AM11: =IF(AI11>1.1,1,0) -> #REF! | AN11: =P11/$P$4 -> #REF! | AO11: =IF(AN11<0.8,1,0) -> #REF! | AP11: =IF(AND(AN11>=0.8,AN11<1),1,0) -> #REF! | AQ11: =IF(AND(AN11>=1,AN11<1.2),1,0) -> #REF! | AR11: =IF(AN11>1.2,1,0) -> #REF! | AS11: =S11/$S$4 -> #REF! | AT11: =IF(AS11<0.8,1,0) -> #REF! | AU11: =IF(AND(AS11>=0.8,AS11<1),1,0) -> #REF! | AV11: =IF(AND(AS11>=1,AS11<1.2),1,0) -> #REF! | AW11: =IF(AS11>1.2,1,0) -> #REF! | AX11: =V11/$V$4 -> #REF! | AY11: =IF(AX11<0.8,1,0) -> #REF! | AZ11: =IF(AND(AX11>=0.8,AX11<1),1,0) -> #REF! | BA11: =IF(AND(AX11>=1,AX11<1.2),1,0) -> #REF! | BB11: =IF(AX11>1.2,1,0) -> #REF! | BC11: =Y11/$Y$4 -> #REF! | BD11: =IF(BC11<0.8,1,0) -> #REF! | BE11: =IF(AND(BC11>=0.8,BC11<1),1,0) -> #REF! | BF11: =IF(AND(BC11>=1,BC11<1.2),1,0) -> #REF! | BG11: =IF(BC11>1.2,1,0) -> #REF!
C12: 50 | D12: AUBE HAUTE MARNE | E12: 21 | F12: CHAUMONT | G12: 410541 | H12: LANGRES | K12: =SUMIF('RECAP PDV'!$E:$E,$G12,'RECAP PDV'!K:K) -> 363.96548 | N12: =SUMIF('RECAP PDV'!$E:$E,$G12,'RECAP PDV'!N:N) -> 176.5 | T12: =SUMIF('RECAP PDV'!$E:$E,$G12,'RECAP PDV'!T:T) -> 16 | Z12: =SUMIF('RECAP PDV'!E:E,G12,'RECAP PDV'!Z:Z) -> -3 | AI12: =M12/$M$4 -> #REF! | AJ12: =IF(AI12<0.8,1,0) -> #REF! | AK12: =IF(AND(AI12>=0.8,AI12<1),1,0) -> #REF! | AL12: =IF(AND(AI12>=1,AI12<1.1),1,0) -> #REF! | AM12: =IF(AI12>1.1,1,0) -> #REF! | AN12: =P12/$P$4 -> #REF! | AO12: =IF(AN12<0.8,1,0) -> #REF! | AP12: =IF(AND(AN12>=0.8,AN12<1),1,0) -> #REF! | AQ12: =IF(AND(AN12>=1,AN12<1.2),1,0) -> #REF! | AR12: =IF(AN12>1.2,1,0) -> #REF! | AS12: =S12/$S$4 -> #REF! | AT12: =IF(AS12<0.8,1,0) -> #REF! | AU12: =IF(AND(AS12>=0.8,AS12<1),1,0) -> #REF! | AV12: =IF(AND(AS12>=1,AS12<1.2),1,0) -> #REF! | AW12: =IF(AS12>1.2,1,0) -> #REF! | AX12: =V12/$V$4 -> #REF! | AY12: =IF(AX12<0.8,1,0) -> #REF! | AZ12: =IF(AND(AX12>=0.8,AX12<1),1,0) -> #REF! | BA12: =IF(AND(AX12>=1,AX12<1.2),1,0) -> #REF! | BB12: =IF(AX12>1.2,1,0) -> #REF! | BC12: =Y12/$Y$4 -> #REF! | BD12: =IF(BC12<0.8,1,0) -> #REF! | BE12: =IF(AND(BC12>=0.8,BC12<1),1,0) -> #REF! | BF12: =IF(AND(BC12>=1,BC12<1.2),1,0) -> #REF! | BG12: =IF(BC12>1.2,1,0) -> #REF!
C13: 50 | D13: AUBE HAUTE MARNE | E13: 21 | F13: CHAUMONT | G13: 410582 | H13: NOGENT EN BASSIGNY | K13: =SUMIF('RECAP PDV'!$E:$E,$G13,'RECAP PDV'!K:K) -> 214.24598 | N13: =SUMIF('RECAP PDV'!$E:$E,$G13,'RECAP PDV'!N:N) -> 92.16541 | T13: =SUMIF('RECAP PDV'!$E:$E,$G13,'RECAP PDV'!T:T) -> 7 | Z13: =SUMIF('RECAP PDV'!E:E,G13,'RECAP PDV'!Z:Z) -> -1 | AI13: =M13/$M$4 -> #REF! | AJ13: =IF(AI13<0.8,1,0) -> #REF! | AK13: =IF(AND(AI13>=0.8,AI13<1),1,0) -> #REF! | AL13: =IF(AND(AI13>=1,AI13<1.1),1,0) -> #REF! | AM13: =IF(AI13>1.1,1,0) -> #REF! | AN13: =P13/$P$4 -> #REF! | AO13: =IF(AN13<0.8,1,0) -> #REF! | AP13: =IF(AND(AN13>=0.8,AN13<1),1,0) -> #REF! | AQ13: =IF(AND(AN13>=1,AN13<1.2),1,0) -> #REF! | AR13: =IF(AN13>1.2,1,0) -> #REF! | AS13: =S13/$S$4 -> #REF! | AT13: =IF(AS13<0.8,1,0) -> #REF! | AU13: =IF(AND(AS13>=0.8,AS13<1),1,0) -> #REF! | AV13: =IF(AND(AS13>=1,AS13<1.2),1,0) -> #REF! | AW13: =IF(AS13>1.2,1,0) -> #REF! | AX13: =V13/$V$4 -> #REF! | AY13: =IF(AX13<0.8,1,0) -> #REF! | AZ13: =IF(AND(AX13>=0.8,AX13<1),1,0) -> #REF! | BA13: =IF(AND(AX13>=1,AX13<1.2),1,0) -> #REF! | BB13: =IF(AX13>1.2,1,0) -> #REF! | BC13: =Y13/$Y$4 -> #REF! | BD13: =IF(BC13<0.8,1,0) -> #REF! | BE13: =IF(AND(BC13>=0.8,BC13<1),1,0) -> #REF! | BF13: =IF(AND(BC13>=1,BC13<1.2),1,0) -> #REF! | BG13: =IF(BC13>1.2,1,0) -> #REF!
C14: 50 | D14: AUBE HAUTE MARNE | E14: 21 | F14: CHAUMONT | G14: 451156 | H14: SAINT DIZIER CENTRE | K14: =SUMIF('RECAP PDV'!$E:$E,$G14,'RECAP PDV'!K:K) -> 1252.7911 | N14: =SUMIF('RECAP PDV'!$E:$E,$G14,'RECAP PDV'!N:N) -> 2712.772 | T14: =SUMIF('RECAP PDV'!$E:$E,$G14,'RECAP PDV'!T:T) -> 24 | Z14: =SUMIF('RECAP PDV'!E:E,G14,'RECAP PDV'!Z:Z) -> 5 | AI14: =M14/$M$4 -> #REF! | AJ14: =IF(AI14<0.8,1,0) -> #REF! | AK14: =IF(AND(AI14>=0.8,AI14<1),1,0) -> #REF! | AL14: =IF(AND(AI14>=1,AI14<1.1),1,0) -> #REF! | AM14: =IF(AI14>1.1,1,0) -> #REF! | AN14: =P14/$P$4 -> #REF! | AO14: =IF(AN14<0.8,1,0) -> #REF! | AP14: =IF(AND(AN14>=0.8,AN14<1),1,0) -> #REF! | AQ14: =IF(AND(AN14>=1,AN14<1.2),1,0) -> #REF! | AR14: =IF(AN14>1.2,1,0) -> #REF! | AS14: =S14/$S$4 -> #REF! | AT14: =IF(AS14<0.8,1,0) -> #REF! | AU14: =IF(AND(AS14>=0.8,AS14<1),1,0) -> #REF! | AV14: =IF(AND(AS14>=1,AS14<1.2),1,0) -> #REF! | AW14: =IF(AS14>1.2,1,0) -> #REF! | AX14: =V14/$V$4 -> #REF! | AY14: =IF(AX14<0.8,1,0) -> #REF! | AZ14: =IF(AND(AX14>=0.8,AX14<1),1,0) -> #REF! | BA14: =IF(AND(AX14>=1,AX14<1.2),1,0) -> #REF! | BB14: =IF(AX14>1.2,1,0) -> #REF! | BC14: =Y14/$Y$4 -> #REF! | BD14: =IF(BC14<0.8,1,0) -> #REF! | BE14: =IF(AND(BC14>=0.8,BC14<1),1,0) -> #REF! | BF14: =IF(AND(BC14>=1,BC14<1.2),1,0) -> #REF! | BG14: =IF(BC14>1.2,1,0) -> #REF!
C15: 50 | D15: AUBE HAUTE MARNE | E15: 21 | F15: CHAUMONT | G15: 551157 | H15: SAINT DIZIER EUROPE | K15: =SUMIF('RECAP PDV'!$E:$E,$G15,'RECAP PDV'!K:K) -> -37.83863 | N15: =SUMIF('RECAP PDV'!$E:$E,$G15,'RECAP PDV'!N:N) -> 91.98702 | T15: =SUMIF('RECAP PDV'!$E:$E,$G15,'RECAP PDV'!T:T) -> 7 | Z15: =SUMIF('RECAP PDV'!E:E,G15,'RECAP PDV'!Z:Z) -> -2 | AI15: =M15/$M$4 -> #REF! | AJ15: =IF(AI15<0.8,1,0) -> #REF! | AK15: =IF(AND(AI15>=0.8,AI15<1),1,0) -> #REF! | AL15: =IF(AND(AI15>=1,AI15<1.1),1,0) -> #REF! | AM15: =IF(AI15>1.1,1,0) -> #REF! | AN15: =P15/$P$4 -> #REF! | AO15: =IF(AN15<0.8,1,0) -> #REF! | AP15: =IF(AND(AN15>=0.8,AN15<1),1,0) -> #REF! | AQ15: =IF(AND(AN15>=1,AN15<1.2),1,0) -> #REF! | AR15: =IF(AN15>1.2,1,0) -> #REF! | AS15: =S15/$S$4 -> #REF! | AT15: =IF(AS15<0.8,1,0) -> #REF! | AU15: =IF(AND(AS15>=0.8,AS15<1),1,0) -> #REF! | AV15: =IF(AND(AS15>=1,AS15<1.2),1,0) -> #REF! | AW15: =IF(AS15>1.2,1,0) -> #REF! | AX15: =V15/$V$4 -> #REF! | AY15: =IF(AX15<0.8,1,0) -> #REF! | AZ15: =IF(AND(AX15>=0.8,AX15<1),1,0) -> #REF! | BA15: =IF(AND(AX15>=1,AX15<1.2),1,0) -> #REF! | BB15: =IF(AX15>1.2,1,0) -> #REF! | BC15: =Y15/$Y$4 -> #REF! | BD15: =IF(BC15<0.8,1,0) -> #REF! | BE15: =IF(AND(BC15>=0.8,BC15<1),1,0) -> #REF! | BF15: =IF(AND(BC15>=1,BC15<1.2),1,0) -> #REF! | BG15: =IF(BC15>1.2,1,0) -> #REF!
C16: 50 | D16: AUBE HAUTE MARNE | E16: 21 | F16: CHAUMONT | G16: 451151 | H16: WASSY | K16: =SUMIF('RECAP PDV'!$E:$E,$G16,'RECAP PDV'!K:K) -> 941.09166 | N16: =SUMIF('RECAP PDV'!$E:$E,$G16,'RECAP PDV'!N:N) -> 115.70044 | T16: =SUMIF('RECAP PDV'!$E:$E,$G16,'RECAP PDV'!T:T) -> 11 | Z16: =SUMIF('RECAP PDV'!E:E,G16,'RECAP PDV'!Z:Z) -> 0 | AI16: =M16/$M$4 -> #REF! | AJ16: =IF(AI16<0.8,1,0) -> #REF! | AK16: =IF(AND(AI16>=0.8,AI16<1),1,0) -> #REF! | AL16: =IF(AND(AI16>=1,AI16<1.1),1,0) -> #REF! | AM16: =IF(AI16>1.1,1,0) -> #REF! | AN16: =P16/$P$4 -> #REF! | AO16: =IF(AN16<0.8,1,0) -> #REF! | AP16: =IF(AND(AN16>=0.8,AN16<1),1,0) -> #REF! | AQ16: =IF(AND(AN16>=1,AN16<1.2),1,0) -> #REF! | AR16: =IF(AN16>1.2,1,0) -> #REF! | AS16: =S16/$S$4 -> #REF! | AT16: =IF(AS16<0.8,1,0) -> #REF! | AU16: =IF(AND(AS16>=0.8,AS16<1),1,0) -> #REF! | AV16: =IF(AND(AS16>=1,AS16<1.2),1,0) -> #REF! | AW16: =IF(AS16>1.2,1,0) -> #REF! | AX16: =V16/$V$4 -> #REF! | AY16: =IF(AX16<0.8,1,0) -> #REF! | AZ16: =IF(AND(AX16>=0.8,AX16<1),1,0) -> #REF! | BA16: =IF(AND(AX16>=1,AX16<1.2),1,0) -> #REF! | BB16: =IF(AX16>1.2,1,0) -> #REF! | BC16: =Y16/$Y$4 -> #REF! | BD16: =IF(BC16<0.8,1,0) -> #REF! | BE16: =IF(AND(BC16>=0.8,BC16<1),1,0) -> #REF! | BF16: =IF(AND(BC16>=1,BC16<1.2),1,0) -> #REF! | BG16: =IF(BC16>1.2,1,0) -> #REF!
C17: 50 | D17: AUBE HAUTE MARNE | E17: 14 | F17: TROYES | G17: 410583 | H17: AIX EN OTHE | K17: =SUMIF('RECAP PDV'!$E:$E,$G17,'RECAP PDV'!K:K) -> 139.5633 | N17: =SUMIF('RECAP PDV'!$E:$E,$G17,'RECAP PDV'!N:N) -> 33 | T17: =SUMIF('RECAP PDV'!$E:$E,$G17,'RECAP PDV'!T:T) -> 7 | Z17: =SUMIF('RECAP PDV'!E:E,G17,'RECAP PDV'!Z:Z) -> 0 | AI17: =M17/$M$4 -> #REF! | AJ17: =IF(AI17<0.8,1,0) -> #REF! | AK17: =IF(AND(AI17>=0.8,AI17<1),1,0) -> #REF! | AL17: =IF(AND(AI17>=1,AI17<1.1),1,0) -> #REF! | AM17: =IF(AI17>1.1,1,0) -> #REF! | AN17: =P17/$P$4 -> #REF! | AO17: =IF(AN17<0.8,1,0) -> #REF! | AP17: =IF(AND(AN17>=0.8,AN17<1),1,0) -> #REF! | AQ17: =IF(AND(AN17>=1,AN17<1.2),1,0) -> #REF! | AR17: =IF(AN17>1.2,1,0) -> #REF! | AS17: =S17/$S$4 -> #REF! | AT17: =IF(AS17<0.8,1,0) -> #REF! | AU17: =IF(AND(AS17>=0.8,AS17<1),1,0) -> #REF! | AV17: =IF(AND(AS17>=1,AS17<1.2),1,0) -> #REF! | AW17: =IF(AS17>1.2,1,0) -> #REF! | AX17: =V17/$V$4 -> #REF! | AY17: =IF(AX17<0.8,1,0) -> #REF! | AZ17: =IF(AND(AX17>=0.8,AX17<1),1,0) -> #REF! | BA17: =IF(AND(AX17>=1,AX17<1.2),1,0) -> #REF! | BB17: =IF(AX17>1.2,1,0) -> #REF! | BC17: =Y17/$Y$4 -> #REF! | BD17: =IF(BC17<0.8,1,0) -> #REF! | BE17: =IF(AND(BC17>=0.8,BC17<1),1,0) -> #REF! | BF17: =IF(AND(BC17>=1,BC17<1.2),1,0) -> #REF! | BG17: =IF(BC17>1.2,1,0) -> #REF!
... C280: 160 | D280: MOSELLE | E280: 44 | F280: MOSELLE NORD | G280: 457158 | H280: YUTZ | K280: =SUMIF('RECAP PDV'!$E:$E,$G280,'RECAP PDV'!K:K) -> -151.32409 | N280: =SUMIF('RECAP PDV'!$E:$E,$G280,'RECAP PDV'!N:N) -> 12 | T280: =SUMIF('RECAP PDV'!$E:$E,$G280,'RECAP PDV'!T:T) -> 3 | Z280: =SUMIF('RECAP PDV'!E:E,G280,'RECAP PDV'!Z:Z) -> -6 | AI280: =M280/$M$4 -> #REF! | AJ280: =IF(AI280<0.8,1,0) -> #REF! | AK280: =IF(AND(AI280>=0.8,AI280<1),1,0) -> #REF! | AL280: =IF(AND(AI280>=1,AI280<1.1),1,0) -> #REF! | AM280: =IF(AI280>1.1,1,0) -> #REF! | AN280: =P280/$P$4 -> #REF! | AO280: =IF(AN280<0.8,1,0) -> #REF! | AP280: =IF(AND(AN280>=0.8,AN280<1),1,0) -> #REF! | AQ280: =IF(AND(AN280>=1,AN280<1.2),1,0) -> #REF! | AR280: =IF(AN280>1.2,1,0) -> #REF! | AS280: =S280/$S$4 -> #REF! | AT280: =IF(AS280<0.8,1,0) -> #REF! | AU280: =IF(AND(AS280>=0.8,AS280<1),1,0) -> #REF! | AV280: =IF(AND(AS280>=1,AS280<1.2),1,0) -> #REF! | AW280: =IF(AS280>1.2,1,0) -> #REF! | AX280: =V280/$V$4 -> #REF! | AY280: =IF(AX280<0.8,1,0) -> #REF! | AZ280: =IF(AND(AX280>=0.8,AX280<1),1,0) -> #REF! | BA280: =IF(AND(AX280>=1,AX280<1.2),1,0) -> #REF! | BB280: =IF(AX280>1.2,1,0) -> #REF! | BC280: =Y280/$Y$4 -> #REF! | BD280: =IF(BC280<0.8,1,0) -> #REF! | BE280: =IF(AND(BC280>=0.8,BC280<1),1,0) -> #REF! | BF280: =IF(AND(BC280>=1,BC280<1.2),1,0) -> #REF! | BG280: =IF(BC280>1.2,1,0) -> #REF!
C281: 269 | D281: Multimédia | E281: 5022 | F281: MON BANQUIER EN LIGNE | G281: 4022 | H281: Mon banquier en ligne | K281: =SUMIF('RECAP PDV'!$E:$E,$G281,'RECAP PDV'!K:K) -> 57.34117 | N281: =SUMIF('RECAP PDV'!$E:$E,$G281,'RECAP PDV'!N:N) -> 0 | T281: =SUMIF('RECAP PDV'!$E:$E,$G281,'RECAP PDV'!T:T) -> 1 | Z281: =SUMIF('RECAP PDV'!E:E,G281,'RECAP PDV'!Z:Z) -> 0
C282: 80 | D282: VOSGES | E282: 57 | F282: EPINAL | G282: 588201 | H282: CHANTRAINE | K282: =SUMIF('RECAP PDV'!$E:$E,$G282,'RECAP PDV'!K:K) -> 169.50141 | N282: =SUMIF('RECAP PDV'!$E:$E,$G282,'RECAP PDV'!N:N) -> 167.438 | T282: =SUMIF('RECAP PDV'!$E:$E,$G282,'RECAP PDV'!T:T) -> 7 | Z282: =SUMIF('RECAP PDV'!E:E,G282,'RECAP PDV'!Z:Z) -> 3 | AI282: =M282/$M$4 -> #REF! | AJ282: =IF(AI282<0.8,1,0) -> #REF! | AK282: =IF(AND(AI282>=0.8,AI282<1),1,0) -> #REF! | AL282: =IF(AND(AI282>=1,AI282<1.1),1,0) -> #REF! | AM282: =IF(AI282>1.1,1,0) -> #REF! | AN282: =P282/$P$4 -> #REF! | AO282: =IF(AN282<0.8,1,0) -> #REF! | AP282: =IF(AND(AN282>=0.8,AN282<1),1,0) -> #REF! | AQ282: =IF(AND(AN282>=1,AN282<1.2),1,0) -> #REF! | AR282: =IF(AN282>1.2,1,0) -> #REF! | AS282: =S282/$S$4 -> #REF! | AT282: =IF(AS282<0.8,1,0) -> #REF! | AU282: =IF(AND(AS282>=0.8,AS282<1),1,0) -> #REF! | AV282: =IF(AND(AS282>=1,AS282<1.2),1,0) -> #REF! | AW282: =IF(AS282>1.2,1,0) -> #REF! | AX282: =V282/$V$4 -> #REF! | AY282: =IF(AX282<0.8,1,0) -> #REF! | AZ282: =IF(AND(AX282>=0.8,AX282<1),1,0) -> #REF! | BA282: =IF(AND(AX282>=1,AX282<1.2),1,0) -> #REF! | BB282: =IF(AX282>1.2,1,0) -> #REF! | BC282: =Y282/$Y$4 -> #REF! | BD282: =IF(BC282<0.8,1,0) -> #REF! | BE282: =IF(AND(BC282>=0.8,BC282<1),1,0) -> #REF! | BF282: =IF(AND(BC282>=1,BC282<1.2),1,0) -> #REF! | BG282: =IF(BC282>1.2,1,0) -> #REF!
C283: 80 | D283: VOSGES | E283: 57 | F283: EPINAL | G283: 588206 | H283: CHARMES | K283: =SUMIF('RECAP PDV'!$E:$E,$G283,'RECAP PDV'!K:K) -> -158.67607 | N283: =SUMIF('RECAP PDV'!$E:$E,$G283,'RECAP PDV'!N:N) -> 550.795 | T283: =SUMIF('RECAP PDV'!$E:$E,$G283,'RECAP PDV'!T:T) -> 13 | Z283: =SUMIF('RECAP PDV'!E:E,G283,'RECAP PDV'!Z:Z) -> -1 | AI283: =M283/$M$4 -> #REF! | AJ283: =IF(AI283<0.8,1,0) -> #REF! | AK283: =IF(AND(AI283>=0.8,AI283<1),1,0) -> #REF! | AL283: =IF(AND(AI283>=1,AI283<1.1),1,0) -> #REF! | AM283: =IF(AI283>1.1,1,0) -> #REF! | AN283: =P283/$P$4 -> #REF! | AO283: =IF(AN283<0.8,1,0) -> #REF! | AP283: =IF(AND(AN283>=0.8,AN283<1),1,0) -> #REF! | AQ283: =IF(AND(AN283>=1,AN283<1.2),1,0) -> #REF! | AR283: =IF(AN283>1.2,1,0) -> #REF! | AS283: =S283/$S$4 -> #REF! | AT283: =IF(AS283<0.8,1,0) -> #REF! | AU283: =IF(AND(AS283>=0.8,AS283<1),1,0) -> #REF! | AV283: =IF(AND(AS283>=1,AS283<1.2),1,0) -> #REF! | AW283: =IF(AS283>1.2,1,0) -> #REF! | AX283: =V283/$V$4 -> #REF! | AY283: =IF(AX283<0.8,1,0) -> #REF! | AZ283: =IF(AND(AX283>=0.8,AX283<1),1,0) -> #REF! | BA283: =IF(AND(AX283>=1,AX283<1.2),1,0) -> #REF! | BB283: =IF(AX283>1.2,1,0) -> #REF! | BC283: =Y283/$Y$4 -> #REF! | BD283: =IF(BC283<0.8,1,0) -> #REF! | BE283: =IF(AND(BC283>=0.8,BC283<1),1,0) -> #REF! | BF283: =IF(AND(BC283>=1,BC283<1.2),1,0) -> #REF! | BG283: =IF(BC283>1.2,1,0) -> #REF!
C284: 80 | D284: VOSGES | E284: 57 | F284: EPINAL | G284: 588216 | H284: CHATENOIS | K284: =SUMIF('RECAP PDV'!$E:$E,$G284,'RECAP PDV'!K:K) -> 70.18904 | N284: =SUMIF('RECAP PDV'!$E:$E,$G284,'RECAP PDV'!N:N) -> 0 | T284: =SUMIF('RECAP PDV'!$E:$E,$G284,'RECAP PDV'!T:T) -> 0 | Z284: =SUMIF('RECAP PDV'!E:E,G284,'RECAP PDV'!Z:Z) -> -3 | AI284: =M284/$M$4 -> #REF! | AJ284: =IF(AI284<0.8,1,0) -> #REF! | AK284: =IF(AND(AI284>=0.8,AI284<1),1,0) -> #REF! | AL284: =IF(AND(AI284>=1,AI284<1.1),1,0) -> #REF! | AM284: =IF(AI284>1.1,1,0) -> #REF! | AN284: =P284/$P$4 -> #REF! | AO284: =IF(AN284<0.8,1,0) -> #REF! | AP284: =IF(AND(AN284>=0.8,AN284<1),1,0) -> #REF! | AQ284: =IF(AND(AN284>=1,AN284<1.2),1,0) -> #REF! | AR284: =IF(AN284>1.2,1,0) -> #REF! | AS284: =S284/$S$4 -> #REF! | AT284: =IF(AS284<0.8,1,0) -> #REF! | AU284: =IF(AND(AS284>=0.8,AS284<1),1,0) -> #REF! | AV284: =IF(AND(AS284>=1,AS284<1.2),1,0) -> #REF! | AW284: =IF(AS284>1.2,1,0) -> #REF! | AX284: =V284/$V$4 -> #REF! | AY284: =IF(AX284<0.8,1,0) -> #REF! | AZ284: =IF(AND(AX284>=0.8,AX284<1),1,0) -> #REF! | BA284: =IF(AND(AX284>=1,AX284<1.2),1,0) -> #REF! | BB284: =IF(AX284>1.2,1,0) -> #REF! | BC284: =Y284/$Y$4 -> #REF! | BD284: =IF(BC284<0.8,1,0) -> #REF! | BE284: =IF(AND(BC284>=0.8,BC284<1),1,0) -> #REF! | BF284: =IF(AND(BC284>=1,BC284<1.2),1,0) -> #REF! | BG284: =IF(BC284>1.2,1,0) -> #REF!
C285: 80 | D285: VOSGES | E285: 57 | F285: EPINAL | G285: 488256 | H285: DARNEY | K285: =SUMIF('RECAP PDV'!$E:$E,$G285,'RECAP PDV'!K:K) -> 254.60873 | N285: =SUMIF('RECAP PDV'!$E:$E,$G285,'RECAP PDV'!N:N) -> 265.5 | T285: =SUMIF('RECAP PDV'!$E:$E,$G285,'RECAP PDV'!T:T) -> 5 | Z285: =SUMIF('RECAP PDV'!E:E,G285,'RECAP PDV'!Z:Z) -> -2 | AI285: =M285/$M$4 -> #REF! | AJ285: =IF(AI285<0.8,1,0) -> #REF! | AK285: =IF(AND(AI285>=0.8,AI285<1),1,0) -> #REF! | AL285: =IF(AND(AI285>=1,AI285<1.1),1,0) -> #REF! | AM285: =IF(AI285>1.1,1,0) -> #REF! | AN285: =P285/$P$4 -> #REF! | AO285: =IF(AN285<0.8,1,0) -> #REF! | AP285: =IF(AND(AN285>=0.8,AN285<1),1,0) -> #REF! | AQ285: =IF(AND(AN285>=1,AN285<1.2),1,0) -> #REF! | AR285: =IF(AN285>1.2,1,0) -> #REF! | AS285: =S285/$S$4 -> #REF! | AT285: =IF(AS285<0.8,1,0) -> #REF! | AU285: =IF(AND(AS285>=0.8,AS285<1),1,0) -> #REF! | AV285: =IF(AND(AS285>=1,AS285<1.2),1,0) -> #REF! | AW285: =IF(AS285>1.2,1,0) -> #REF! | AX285: =V285/$V$4 -> #REF! | AY285: =IF(AX285<0.8,1,0) -> #REF! | AZ285: =IF(AND(AX285>=0.8,AX285<1),1,0) -> #REF! | BA285: =IF(AND(AX285>=1,AX285<1.2),1,0) -> #REF! | BB285: =IF(AX285>1.2,1,0) -> #REF! | BC285: =Y285/$Y$4 -> #REF! | BD285: =IF(BC285<0.8,1,0) -> #REF! | BE285: =IF(AND(BC285>=0.8,BC285<1),1,0) -> #REF! | BF285: =IF(AND(BC285>=1,BC285<1.2),1,0) -> #REF! | BG285: =IF(BC285>1.2,1,0) -> #REF!
C286: 80 | D286: VOSGES | E286: 57 | F286: EPINAL | G286: 488261 | H286: DOCELLES | K286: =SUMIF('RECAP PDV'!$E:$E,$G286,'RECAP PDV'!K:K) -> 164.08979 | N286: =SUMIF('RECAP PDV'!$E:$E,$G286,'RECAP PDV'!N:N) -> 71 | T286: =SUMIF('RECAP PDV'!$E:$E,$G286,'RECAP PDV'!T:T) -> 0 | Z286: =SUMIF('RECAP PDV'!E:E,G286,'RECAP PDV'!Z:Z) -> 3 | AI286: =M286/$M$4 -> #REF! | AJ286: =IF(AI286<0.8,1,0) -> #REF! | AK286: =IF(AND(AI286>=0.8,AI286<1),1,0) -> #REF! | AL286: =IF(AND(AI286>=1,AI286<1.1),1,0) -> #REF! | AM286: =IF(AI286>1.1,1,0) -> #REF! | AN286: =P286/$P$4 -> #REF! | AO286: =IF(AN286<0.8,1,0) -> #REF! | AP286: =IF(AND(AN286>=0.8,AN286<1),1,0) -> #REF! | AQ286: =IF(AND(AN286>=1,AN286<1.2),1,0) -> #REF! | AR286: =IF(AN286>1.2,1,0) -> #REF! | AS286: =S286/$S$4 -> #REF! | AT286: =IF(AS286<0.8,1,0) -> #REF! | AU286: =IF(AND(AS286>=0.8,AS286<1),1,0) -> #REF! | AV286: =IF(AND(AS286>=1,AS286<1.2),1,0) -> #REF! | AW286: =IF(AS286>1.2,1,0) -> #REF! | AX286: =V286/$V$4 -> #REF! | AY286: =IF(AX286<0.8,1,0) -> #REF! | AZ286: =IF(AND(AX286>=0.8,AX286<1),1,0) -> #REF! | BA286: =IF(AND(AX286>=1,AX286<1.2),1,0) -> #REF! | BB286: =IF(AX286>1.2,1,0) -> #REF! | BC286: =Y286/$Y$4 -> #REF! | BD286: =IF(BC286<0.8,1,0) -> #REF! | BE286: =IF(AND(BC286>=0.8,BC286<1),1,0) -> #REF! | BF286: =IF(AND(BC286>=1,BC286<1.2),1,0) -> #REF! | BG286: =IF(BC286>1.2,1,0) -> #REF!
C287: 80 | D287: VOSGES | E287: 57 | F287: EPINAL | G287: 488281 | H287: ELOYES | K287: =SUMIF('RECAP PDV'!$E:$E,$G287,'RECAP PDV'!K:K) -> 151.74841 | N287: =SUMIF('RECAP PDV'!$E:$E,$G287,'RECAP PDV'!N:N) -> 564.77675 | T287: =SUMIF('RECAP PDV'!$E:$E,$G287,'RECAP PDV'!T:T) -> 11 | Z287: =SUMIF('RECAP PDV'!E:E,G287,'RECAP PDV'!Z:Z) -> 5 | AI287: =M287/$M$4 -> #REF! | AJ287: =IF(AI287<0.8,1,0) -> #REF! | AK287: =IF(AND(AI287>=0.8,AI287<1),1,0) -> #REF! | AL287: =IF(AND(AI287>=1,AI287<1.1),1,0) -> #REF! | AM287: =IF(AI287>1.1,1,0) -> #REF! | AN287: =P287/$P$4 -> #REF! | AO287: =IF(AN287<0.8,1,0) -> #REF! | AP287: =IF(AND(AN287>=0.8,AN287<1),1,0) -> #REF! | AQ287: =IF(AND(AN287>=1,AN287<1.2),1,0) -> #REF! | AR287: =IF(AN287>1.2,1,0) -> #REF! | AS287: =S287/$S$4 -> #REF! | AT287: =IF(AS287<0.8,1,0) -> #REF! | AU287: =IF(AND(AS287>=0.8,AS287<1),1,0) -> #REF! | AV287: =IF(AND(AS287>=1,AS287<1.2),1,0) -> #REF! | AW287: =IF(AS287>1.2,1,0) -> #REF! | AX287: =V287/$V$4 -> #REF! | AY287: =IF(AX287<0.8,1,0) -> #REF! | AZ287: =IF(AND(AX287>=0.8,AX287<1),1,0) -> #REF! | BA287: =IF(AND(AX287>=1,AX287<1.2),1,0) -> #REF! | BB287: =IF(AX287>1.2,1,0) -> #REF! | BC287: =Y287/$Y$4 -> #REF! | BD287: =IF(BC287<0.8,1,0) -> #REF! | BE287: =IF(AND(BC287>=0.8,BC287<1),1,0) -> #REF! | BF287: =IF(AND(BC287>=1,BC287<1.2),1,0) -> #REF! | BG287: =IF(BC287>1.2,1,0) -> #REF!
C288: 80 | D288: VOSGES | E288: 57 | F288: EPINAL | G288: 488286 | H288: EPINAL ARISTIDE BRIAND | K288: =SUMIF('RECAP PDV'!$E:$E,$G288,'RECAP PDV'!K:K) -> 1086.1264 | N288: =SUMIF('RECAP PDV'!$E:$E,$G288,'RECAP PDV'!N:N) -> 2643.9908 | T288: =SUMIF('RECAP PDV'!$E:$E,$G288,'RECAP PDV'!T:T) -> 27 | Z288: =SUMIF('RECAP PDV'!E:E,G288,'RECAP PDV'!Z:Z) -> -8 | AI288: =M288/$M$4 -> #REF! | AJ288: =IF(AI288<0.8,1,0) -> #REF! | AK288: =IF(AND(AI288>=0.8,AI288<1),1,0) -> #REF! | AL288: =IF(AND(AI288>=1,AI288<1.1),1,0) -> #REF! | AM288: =IF(AI288>1.1,1,0) -> #REF! | AN288: =P288/$P$4 -> #REF! | AO288: =IF(AN288<0.8,1,0) -> #REF! | AP288: =IF(AND(AN288>=0.8,AN288<1),1,0) -> #REF! | AQ288: =IF(AND(AN288>=1,AN288<1.2),1,0) -> #REF! | AR288: =IF(AN288>1.2,1,0) -> #REF! | AS288: =S288/$S$4 -> #REF! | AT288: =IF(AS288<0.8,1,0) -> #REF! | AU288: =IF(AND(AS288>=0.8,AS288<1),1,0) -> #REF! | AV288: =IF(AND(AS288>=1,AS288<1.2),1,0) -> #REF! | AW288: =IF(AS288>1.2,1,0) -> #REF! | AX288: =V288/$V$4 -> #REF! | AY288: =IF(AX288<0.8,1,0) -> #REF! | AZ288: =IF(AND(AX288>=0.8,AX288<1),1,0) -> #REF! | BA288: =IF(AND(AX288>=1,AX288<1.2),1,0) -> #REF! | BB288: =IF(AX288>1.2,1,0) -> #REF! | BC288: =Y288/$Y$4 -> #REF! | BD288: =IF(BC288<0.8,1,0) -> #REF! | BE288: =IF(AND(BC288>=0.8,BC288<1),1,0) -> #REF! | BF288: =IF(AND(BC288>=1,BC288<1.2),1,0) -> #REF! | BG288: =IF(BC288>1.2,1,0) -> #REF!
C289: 80 | D289: VOSGES | E289: 57 | F289: EPINAL | G289: 488291 | H289: EPINAL AVRINSART | K289: =SUMIF('RECAP PDV'!$E:$E,$G289,'RECAP PDV'!K:K) -> 71.31856 | N289: =SUMIF('RECAP PDV'!$E:$E,$G289,'RECAP PDV'!N:N) -> 52.8 | T289: =SUMIF('RECAP PDV'!$E:$E,$G289,'RECAP PDV'!T:T) -> 7 | Z289: =SUMIF('RECAP PDV'!E:E,G289,'RECAP PDV'!Z:Z) -> 4 | AI289: =M289/$M$4 -> #REF! | AJ289: =IF(AI289<0.8,1,0) -> #REF! | AK289: =IF(AND(AI289>=0.8,AI289<1),1,0) -> #REF! | AL289: =IF(AND(AI289>=1,AI289<1.1),1,0) -> #REF! | AM289: =IF(AI289>1.1,1,0) -> #REF! | AN289: =P289/$P$4 -> #REF! | AO289: =IF(AN289<0.8,1,0) -> #REF! | AP289: =IF(AND(AN289>=0.8,AN289<1),1,0) -> #REF! | AQ289: =IF(AND(AN289>=1,AN289<1.2),1,0) -> #REF! | AR289: =IF(AN289>1.2,1,0) -> #REF! | AS289: =S289/$S$4 -> #REF! | AT289: =IF(AS289<0.8,1,0) -> #REF! | AU289: =IF(AND(AS289>=0.8,AS289<1),1,0) -> #REF! | AV289: =IF(AND(AS289>=1,AS289<1.2),1,0) -> #REF! | AW289: =IF(AS289>1.2,1,0) -> #REF! | AX289: =V289/$V$4 -> #REF! | AY289: =IF(AX289<0.8,1,0) -> #REF! | AZ289: =IF(AND(AX289>=0.8,AX289<1),1,0) -> #REF! | BA289: =IF(AND(AX289>=1,AX289<1.2),1,0) -> #REF! | BB289: =IF(AX289>1.2,1,0) -> #REF! | BC289: =Y289/$Y$4 -> #REF! | BD289: =IF(BC289<0.8,1,0) -> #REF! | BE289: =IF(AND(BC289>=0.8,BC289<1),1,0) -> #REF! | BF289: =IF(AND(BC289>=1,BC289<1.2),1,0) -> #REF! | BG289: =IF(BC289>1.2,1,0) -> #REF!
C290: 80 | D290: VOSGES | E290: 57 | F290: EPINAL | G290: 488288 | H290: EPINAL LEOPOLD BOURG | K290: =SUMIF('RECAP PDV'!$E:$E,$G290,'RECAP PDV'!K:K) -> 311.35395 | N290: =SUMIF('RECAP PDV'!$E:$E,$G290,'RECAP PDV'!N:N) -> 1040.051 | T290: =SUMIF('RECAP PDV'!$E:$E,$G290,'RECAP PDV'!T:T) -> 14 | Z290: =SUMIF('RECAP PDV'!E:E,G290,'RECAP PDV'!Z:Z) -> 2 | AI290: =M290/$M$4 -> #REF! | AJ290: =IF(AI290<0.8,1,0) -> #REF! | AK290: =IF(AND(AI290>=0.8,AI290<1),1,0) -> #REF! | AL290: =IF(AND(AI290>=1,AI290<1.1),1,0) -> #REF! | AM290: =IF(AI290>1.1,1,0) -> #REF! | AN290: =P290/$P$4 -> #REF! | AO290: =IF(AN290<0.8,1,0) -> #REF! | AP290: =IF(AND(AN290>=0.8,AN290<1),1,0) -> #REF! | AQ290: =IF(AND(AN290>=1,AN290<1.2),1,0) -> #REF! | AR290: =IF(AN290>1.2,1,0) -> #REF! | AS290: =S290/$S$4 -> #REF! | AT290: =IF(AS290<0.8,1,0) -> #REF! | AU290: =IF(AND(AS290>=0.8,AS290<1),1,0) -> #REF! | AV290: =IF(AND(AS290>=1,AS290<1.2),1,0) -> #REF! | AW290: =IF(AS290>1.2,1,0) -> #REF! | AX290: =V290/$V$4 -> #REF! | AY290: =IF(AX290<0.8,1,0) -> #REF! | AZ290: =IF(AND(AX290>=0.8,AX290<1),1,0) -> #REF! | BA290: =IF(AND(AX290>=1,AX290<1.2),1,0) -> #REF! | BB290: =IF(AX290>1.2,1,0) -> #REF! | BC290: =Y290/$Y$4 -> #REF! | BD290: =IF(BC290<0.8,1,0) -> #REF! | BE290: =IF(AND(BC290>=0.8,BC290<1),1,0) -> #REF! | BF290: =IF(AND(BC290>=1,BC290<1.2),1,0) -> #REF! | BG290: =IF(BC290>1.2,1,0) -> #REF!
C291: 80 | D291: VOSGES | E291: 57 | F291: EPINAL | G291: 588336 | H291: GOLBEY | K291: =SUMIF('RECAP PDV'!$E:$E,$G291,'RECAP PDV'!K:K) -> -259.97466 | N291: =SUMIF('RECAP PDV'!$E:$E,$G291,'RECAP PDV'!N:N) -> 113.60892 | T291: =SUMIF('RECAP PDV'!$E:$E,$G291,'RECAP PDV'!T:T) -> 10 | Z291: =SUMIF('RECAP PDV'!E:E,G291,'RECAP PDV'!Z:Z) -> 3 | AI291: =M291/$M$4 -> #REF! | AJ291: =IF(AI291<0.8,1,0) -> #REF! | AK291: =IF(AND(AI291>=0.8,AI291<1),1,0) -> #REF! | AL291: =IF(AND(AI291>=1,AI291<1.1),1,0) -> #REF! | AM291: =IF(AI291>1.1,1,0) -> #REF! | AN291: =P291/$P$4 -> #REF! | AO291: =IF(AN291<0.8,1,0) -> #REF! | AP291: =IF(AND(AN291>=0.8,AN291<1),1,0) -> #REF! | AQ291: =IF(AND(AN291>=1,AN291<1.2),1,0) -> #REF! | AR291: =IF(AN291>1.2,1,0) -> #REF! | AS291: =S291/$S$4 -> #REF! | AT291: =IF(AS291<0.8,1,0) -> #REF! | AU291: =IF(AND(AS291>=0.8,AS291<1),1,0) -> #REF! | AV291: =IF(AND(AS291>=1,AS291<1.2),1,0) -> #REF! | AW291: =IF(AS291>1.2,1,0) -> #REF! | AX291: =V291/$V$4 -> #REF! | AY291: =IF(AX291<0.8,1,0) -> #REF! | AZ291: =IF(AND(AX291>=0.8,AX291<1),1,0) -> #REF! | BA291: =IF(AND(AX291>=1,AX291<1.2),1,0) -> #REF! | BB291: =IF(AX291>1.2,1,0) -> #REF! | BC291: =Y291/$Y$4 -> #REF! | BD291: =IF(BC291<0.8,1,0) -> #REF! | BE291: =IF(AND(BC291>=0.8,BC291<1),1,0) -> #REF! | BF291: =IF(AND(BC291>=1,BC291<1.2),1,0) -> #REF! | BG291: =IF(BC291>1.2,1,0) -> #REF!
C292: 80 | D292: VOSGES | E292: 57 | F292: EPINAL | G292: 588396 | H292: LE VAL D AJOL | K292: =SUMIF('RECAP PDV'!$E:$E,$G292,'RECAP PDV'!K:K) -> 121.33356 | N292: =SUMIF('RECAP PDV'!$E:$E,$G292,'RECAP PDV'!N:N) -> 315.25702 | T292: =SUMIF('RECAP PDV'!$E:$E,$G292,'RECAP PDV'!T:T) -> 6 | Z292: =SUMIF('RECAP PDV'!E:E,G292,'RECAP PDV'!Z:Z) -> 2 | AI292: =M292/$M$4 -> #REF! | AJ292: =IF(AI292<0.8,1,0) -> #REF! | AK292: =IF(AND(AI292>=0.8,AI292<1),1,0) -> #REF! | AL292: =IF(AND(AI292>=1,AI292<1.1),1,0) -> #REF! | AM292: =IF(AI292>1.1,1,0) -> #REF! | AN292: =P292/$P$4 -> #REF! | AO292: =IF(AN292<0.8,1,0) -> #REF! | AP292: =IF(AND(AN292>=0.8,AN292<1),1,0) -> #REF! | AQ292: =IF(AND(AN292>=1,AN292<1.2),1,0) -> #REF! | AR292: =IF(AN292>1.2,1,0) -> #REF! | AS292: =S292/$S$4 -> #REF! | AT292: =IF(AS292<0.8,1,0) -> #REF! | AU292: =IF(AND(AS292>=0.8,AS292<1),1,0) -> #REF! | AV292: =IF(AND(AS292>=1,AS292<1.2),1,0) -> #REF! | AW292: =IF(AS292>1.2,1,0) -> #REF! | AX292: =V292/$V$4 -> #REF! | AY292: =IF(AX292<0.8,1,0) -> #REF! | AZ292: =IF(AND(AX292>=0.8,AX292<1),1,0) -> #REF! | BA292: =IF(AND(AX292>=1,AX292<1.2),1,0) -> #REF! | BB292: =IF(AX292>1.2,1,0) -> #REF! | BC292: =Y292/$Y$4 -> #REF! | BD292: =IF(BC292<0.8,1,0) -> #REF! | BE292: =IF(AND(BC292>=0.8,BC292<1),1,0) -> #REF! | BF292: =IF(AND(BC292>=1,BC292<1.2),1,0) -> #REF! | BG292: =IF(BC292>1.2,1,0) -> #REF!
C293: 80 | D293: VOSGES | E293: 57 | F293: EPINAL | G293: 488451 | H293: MIRECOURT | K293: =SUMIF('RECAP PDV'!$E:$E,$G293,'RECAP PDV'!K:K) -> 158.02675 | N293: =SUMIF('RECAP PDV'!$E:$E,$G293,'RECAP PDV'!N:N) -> 399.25315 | T293: =SUMIF('RECAP PDV'!$E:$E,$G293,'RECAP PDV'!T:T) -> 11 | Z293: =SUMIF('RECAP PDV'!E:E,G293,'RECAP PDV'!Z:Z) -> -2 | AI293: =M293/$M$4 -> #REF! | AJ293: =IF(AI293<0.8,1,0) -> #REF! | AK293: =IF(AND(AI293>=0.8,AI293<1),1,0) -> #REF! | AL293: =IF(AND(AI293>=1,AI293<1.1),1,0) -> #REF! | AM293: =IF(AI293>1.1,1,0) -> #REF! | AN293: =P293/$P$4 -> #REF! | AO293: =IF(AN293<0.8,1,0) -> #REF! | AP293: =IF(AND(AN293>=0.8,AN293<1),1,0) -> #REF! | AQ293: =IF(AND(AN293>=1,AN293<1.2),1,0) -> #REF! | AR293: =IF(AN293>1.2,1,0) -> #REF! | AS293: =S293/$S$4 -> #REF! | AT293: =IF(AS293<0.8,1,0) -> #REF! | AU293: =IF(AND(AS293>=0.8,AS293<1),1,0) -> #REF! | AV293: =IF(AND(AS293>=1,AS293<1.2),1,0) -> #REF! | AW293: =IF(AS293>1.2,1,0) -> #REF! | AX293: =V293/$V$4 -> #REF! | AY293: =IF(AX293<0.8,1,0) -> #REF! | AZ293: =IF(AND(AX293>=0.8,AX293<1),1,0) -> #REF! | BA293: =IF(AND(AX293>=1,AX293<1.2),1,0) -> #REF! | BB293: =IF(AX293>1.2,1,0) -> #REF! | BC293: =Y293/$Y$4 -> #REF! | BD293: =IF(BC293<0.8,1,0) -> #REF! | BE293: =IF(AND(BC293>=0.8,BC293<1),1,0) -> #REF! | BF293: =IF(AND(BC293>=1,BC293<1.2),1,0) -> #REF! | BG293: =IF(BC293>1.2,1,0) -> #REF!
... C312: 80 | D312: VOSGES | E312: 55 | F312: SAINT DIE | G312: 588666 | H312: VAGNEY | K312: =SUMIF('RECAP PDV'!$E:$E,$G312,'RECAP PDV'!K:K) -> 214.26858 | N312: =SUMIF('RECAP PDV'!$E:$E,$G312,'RECAP PDV'!N:N) -> 317.26163 | T312: =SUMIF('RECAP PDV'!$E:$E,$G312,'RECAP PDV'!T:T) -> 15 | Z312: =SUMIF('RECAP PDV'!E:E,G312,'RECAP PDV'!Z:Z) -> 8 | AI312: =M312/$M$4 -> #REF! | AJ312: =IF(AI312<0.8,1,0) -> #REF! | AK312: =IF(AND(AI312>=0.8,AI312<1),1,0) -> #REF! | AL312: =IF(AND(AI312>=1,AI312<1.1),1,0) -> #REF! | AM312: =IF(AI312>1.1,1,0) -> #REF! | AN312: =P312/$P$4 -> #REF! | AO312: =IF(AN312<0.8,1,0) -> #REF! | AP312: =IF(AND(AN312>=0.8,AN312<1),1,0) -> #REF! | AQ312: =IF(AND(AN312>=1,AN312<1.2),1,0) -> #REF! | AR312: =IF(AN312>1.2,1,0) -> #REF! | AS312: =S312/$S$4 -> #REF! | AT312: =IF(AS312<0.8,1,0) -> #REF! | AU312: =IF(AND(AS312>=0.8,AS312<1),1,0) -> #REF! | AV312: =IF(AND(AS312>=1,AS312<1.2),1,0) -> #REF! | AW312: =IF(AS312>1.2,1,0) -> #REF! | AX312: =V312/$V$4 -> #REF! | AY312: =IF(AX312<0.8,1,0) -> #REF! | AZ312: =IF(AND(AX312>=0.8,AX312<1),1,0) -> #REF! | BA312: =IF(AND(AX312>=1,AX312<1.2),1,0) -> #REF! | BB312: =IF(AX312>1.2,1,0) -> #REF! | BC312: =Y312/$Y$4 -> #REF! | BD312: =IF(BC312<0.8,1,0) -> #REF! | BE312: =IF(AND(BC312>=0.8,BC312<1),1,0) -> #REF! | BF312: =IF(AND(BC312>=1,BC312<1.2),1,0) -> #REF! | BG312: =IF(BC312>1.2,1,0) -> #REF!
AJ314: =SUM(AJ6:AJ312) -> #REF! | AK314: =SUM(AK6:AK312) -> #REF! | AL314: =SUM(AL6:AL312) -> #REF! | AM314: =SUM(AM6:AM312) -> #REF! | AO314: =SUM(AO6:AO312) -> #REF! | AP314: =SUM(AP6:AP312) -> #REF! | AQ314: =SUM(AQ6:AQ312) -> #REF! | AR314: =SUM(AR6:AR312) -> #REF! | AT314: =SUM(AT6:AT312) -> #REF! | AU314: =SUM(AU6:AU312) -> #REF! | AV314: =SUM(AV6:AV312) -> #REF! | AW314: =SUM(AW6:AW312) -> #REF! | AY314: =SUM(AY6:AY312) -> #REF! | AZ314: =SUM(AZ6:AZ312) -> #REF! | BA314: =SUM(BA6:BA312) -> #REF! | BB314: =SUM(BB6:BB312) -> #REF! | BD314: =SUM(BD6:BD312) -> #REF! | BE314: =SUM(BE6:BE312) -> #REF! | BF314: =SUM(BF6:BF312) -> #REF! | BG314: =SUM(BG6:BG312) -> #REF!

Sheet RECAP TER
G1: 1 | H1: 2 | I1: 3 | J1: 4 | K1: 5 | L1: 6 | M1: 7 | N1: 8 | O1: 9 | P1: 10 | Q1: 11 | R1: 12 | S1: 13 | T1: 14 | U1: 15 | V1: 16 | W1: 17 | X1: 18 | Y1: 19 | Z1: 20 | AA1: 21 | AB1: 22
K3: Excédent de collecte par ETP yc DAV | N3: Engagements crédit MLT CBM LLD par ETP | Q3: Qualité NPS PRO CEGEE | T3: Ventes brutes de forfaits Pro et Asso par ETP | W3: PNB sur activité nouvelle par ETP | Z3: Evolution Proactif par ETP
L4: Taux d'atteinte saisonalisé | M4: =VLOOKUP(#REF!,#REF!,6,FALSE) -> #REF! | O4: Taux d'atteinte saisonalisé | P4: =VLOOKUP(#REF!,#REF!,6,FALSE) -> #REF! | R4: Taux d'atteinte saisonalisé | S4: =VLOOKUP(#REF!,#REF!,6,FALSE) -> #REF! | U4: Taux d'atteinte saisonalisé | V4: =VLOOKUP(#REF!,#REF!,6,FALSE) -> #REF! | X4: Taux d'atteinte saisonalisé | Y4: =VLOOKUP(#REF!,#REF!,6,FALSE) -> #REF! | AA4: Taux d'atteinte saisonalisé | AB4: x %
D5: eds pnb | E5: NO GROUPE | F5: groupe | G5: UC | H5: libelle uc | I5: ETP | K5: Réal | L5: Obj | M5: % | N5: Réal | O5: Obj | P5: % | Q5: Réal | R5: Obj | S5: % | T5: Réal | U5: Obj | V5: % | W5: Réal | X5: Obj | Y5: % | Z5: Réal | AA5: Obj | AB5: % | AJ5: 0.8 | AK5: 80% 100% | AL5: 100% 110% | AM5: 1.1 | AO5: 0.8 | AP5: 80% 100% | AQ5: 100% 120% | AR5: 1.2 | AT5: 0.8 | AU5: 80% 100% | AV5: 100% 120% | AW5: 1.2 | AY5: 0.8 | AZ5: 80% 100% | BA5: 100% 120% | BB5: 1.2 | BD5: 0.8 | BE5: 80% 100% | BF5: 100% 120% | BG5: 1.2
D6: 100021 | E6: 50 | F6: AUBE HAUTE MARNE | G6: 21 | H6: CHAUMONT | K6: =SUMIF('RECAP PDV'!$C:$C,$G6,'RECAP PDV'!K:K) -> 4584.5017 | N6: =SUMIF('RECAP PDV'!$C:$C,$G6,'RECAP PDV'!N:N) -> 7350.5733 | T6: =SUMIF('RECAP PDV'!$C:$C,$G6,'RECAP PDV'!T:T) -> 109 | Z6: =SUMIF('RECAP PDV'!C:C,G6,'RECAP PDV'!Z:Z) -> 8 | AI6: =M6/$M$4 -> #REF! | AJ6: =IF(AI6<0.8,1,0) -> #REF! | AK6: =IF(AND(AI6>=0.8,AI6<1),1,0) -> #REF! | AL6: =IF(AND(AI6>=1,AI6<1.1),1,0) -> #REF! | AM6: =IF(AI6>1.1,1,0) -> #REF! | AN6: =P6/$P$4 -> #REF! | AO6: =IF(AN6<0.8,1,0) -> #REF! | AP6: =IF(AND(AN6>=0.8,AN6<1),1,0) -> #REF! | AQ6: =IF(AND(AN6>=1,AN6<1.2),1,0) -> #REF! | AR6: =IF(AN6>1.2,1,0) -> #REF! | AS6: =S6/$S$4 -> #REF! | AT6: =IF(AS6<0.8,1,0) -> #REF! | AU6: =IF(AND(AS6>=0.8,AS6<1),1,0) -> #REF! | AV6: =IF(AND(AS6>=1,AS6<1.2),1,0) -> #REF! | AW6: =IF(AS6>1.2,1,0) -> #REF! | AX6: =V6/$V$4 -> #REF! | AY6: =IF(AX6<0.8,1,0) -> #REF! | AZ6: =IF(AND(AX6>=0.8,AX6<1),1,0) -> #REF! | BA6: =IF(AND(AX6>=1,AX6<1.2),1,0) -> #REF! | BB6: =IF(AX6>1.2,1,0) -> #REF! | BC6: =Y6/$Y$4 -> #REF! | BD6: =IF(BC6<0.8,1,0) -> #REF! | BE6: =IF(AND(BC6>=0.8,BC6<1),1,0) -> #REF! | BF6: =IF(AND(BC6>=1,BC6<1.2),1,0) -> #REF! | BG6: =IF(BC6>1.2,1,0) -> #REF!
D7: 100014 | E7: 50 | F7: AUBE HAUTE MARNE | G7: 14 | H7: TROYES | K7: =SUMIF('RECAP PDV'!$C:$C,$G7,'RECAP PDV'!K:K) -> 12383.056 | N7: =SUMIF('RECAP PDV'!$C:$C,$G7,'RECAP PDV'!N:N) -> 22684.019 | T7: =SUMIF('RECAP PDV'!$C:$C,$G7,'RECAP PDV'!T:T) -> 249 | Z7: =SUMIF('RECAP PDV'!C:C,G7,'RECAP PDV'!Z:Z) -> -3 | AI7: =M7/$M$4 -> #REF! | AJ7: =IF(AI7<0.8,1,0) -> #REF! | AK7: =IF(AND(AI7>=0.8,AI7<1),1,0) -> #REF! | AL7: =IF(AND(AI7>=1,AI7<1.1),1,0) -> #REF! | AM7: =IF(AI7>1.1,1,0) -> #REF! | AN7: =P7/$P$4 -> #REF! | AO7: =IF(AN7<0.8,1,0) -> #REF! | AP7: =IF(AND(AN7>=0.8,AN7<1),1,0) -> #REF! | AQ7: =IF(AND(AN7>=1,AN7<1.2),1,0) -> #REF! | AR7: =IF(AN7>1.2,1,0) -> #REF! | AS7: =S7/$S$4 -> #REF! | AT7: =IF(AS7<0.8,1,0) -> #REF! | AU7: =IF(AND(AS7>=0.8,AS7<1),1,0) -> #REF! | AV7: =IF(AND(AS7>=1,AS7<1.2),1,0) -> #REF! | AW7: =IF(AS7>1.2,1,0) -> #REF! | AX7: =V7/$V$4 -> #REF! | AY7: =IF(AX7<0.8,1,0) -> #REF! | AZ7: =IF(AND(AX7>=0.8,AX7<1),1,0) -> #REF! | BA7: =IF(AND(AX7>=1,AX7<1.2),1,0) -> #REF! | BB7: =IF(AX7>1.2,1,0) -> #REF! | BC7: =Y7/$Y$4 -> #REF! | BD7: =IF(BC7<0.8,1,0) -> #REF! | BE7: =IF(AND(BC7>=0.8,BC7<1),1,0) -> #REF! | BF7: =IF(AND(BC7>=1,BC7<1.2),1,0) -> #REF! | BG7: =IF(BC7>1.2,1,0) -> #REF!
D8: 105060 | E8: 262 | F8: BAS-RHIN | G8: 5060 | H8: HAGUENAU | K8: =SUMIF('RECAP PDV'!$C:$C,$G8,'RECAP PDV'!K:K) -> 2754.7493 | N8: =SUMIF('RECAP PDV'!$C:$C,$G8,'RECAP PDV'!N:N) -> 14032.698 | T8: =SUMIF('RECAP PDV'!$C:$C,$G8,'RECAP PDV'!T:T) -> 214 | Z8: =SUMIF('RECAP PDV'!C:C,G8,'RECAP PDV'!Z:Z) -> 21 | AI8: =M8/$M$4 -> #REF! | AJ8: =IF(AI8<0.8,1,0) -> #REF! | AK8: =IF(AND(AI8>=0.8,AI8<1),1,0) -> #REF! | AL8: =IF(AND(AI8>=1,AI8<1.1),1,0) -> #REF! | AM8: =IF(AI8>1.1,1,0) -> #REF! | AN8: =P8/$P$4 -> #REF! | AO8: =IF(AN8<0.8,1,0) -> #REF! | AP8: =IF(AND(AN8>=0.8,AN8<1),1,0) -> #REF! | AQ8: =IF(AND(AN8>=1,AN8<1.2),1,0) -> #REF! | AR8: =IF(AN8>1.2,1,0) -> #REF! | AS8: =S8/$S$4 -> #REF! | AT8: =IF(AS8<0.8,1,0) -> #REF! | AU8: =IF(AND(AS8>=0.8,AS8<1),1,0) -> #REF! | AV8: =IF(AND(AS8>=1,AS8<1.2),1,0) -> #REF! | AW8: =IF(AS8>1.2,1,0) -> #REF! | AX8: =V8/$V$4 -> #REF! | AY8: =IF(AX8<0.8,1,0) -> #REF! | AZ8: =IF(AND(AX8>=0.8,AX8<1),1,0) -> #REF! | BA8: =IF(AND(AX8>=1,AX8<1.2),1,0) -> #REF! | BB8: =IF(AX8>1.2,1,0) -> #REF! | BC8: =Y8/$Y$4 -> #REF! | BD8: =IF(BC8<0.8,1,0) -> #REF! | BE8: =IF(AND(BC8>=0.8,BC8<1),1,0) -> #REF! | BF8: =IF(AND(BC8>=1,BC8<1.2),1,0) -> #REF! | BG8: =IF(BC8>1.2,1,0) -> #REF!
D9: 105101 | E9: 262 | F9: BAS-RHIN | G9: 5101 | H9: SELESTAT | K9: =SUMIF('RECAP PDV'!$C:$C,$G9,'RECAP PDV'!K:K) -> 4420.1999 | N9: =SUMIF('RECAP PDV'!$C:$C,$G9,'RECAP PDV'!N:N) -> 17077.659 | T9: =SUMIF('RECAP PDV'!$C:$C,$G9,'RECAP PDV'!T:T) -> 160 | Z9: =SUMIF('RECAP PDV'!C:C,G9,'RECAP PDV'!Z:Z) -> -30 | AI9: =M9/$M$4 -> #REF! | AJ9: =IF(AI9<0.8,1,0) -> #REF! | AK9: =IF(AND(AI9>=0.8,AI9<1),1,0) -> #REF! | AL9: =IF(AND(AI9>=1,AI9<1.1),1,0) -> #REF! | AM9: =IF(AI9>1.1,1,0) -> #REF! | AN9: =P9/$P$4 -> #REF! | AO9: =IF(AN9<0.8,1,0) -> #REF! | AP9: =IF(AND(AN9>=0.8,AN9<1),1,0) -> #REF! | AQ9: =IF(AND(AN9>=1,AN9<1.2),1,0) -> #REF! | AR9: =IF(AN9>1.2,1,0) -> #REF! | AS9: =S9/$S$4 -> #REF! | AT9: =IF(AS9<0.8,1,0) -> #REF! | AU9: =IF(AND(AS9>=0.8,AS9<1),1,0) -> #REF! | AV9: =IF(AND(AS9>=1,AS9<1.2),1,0) -> #REF! | AW9: =IF(AS9>1.2,1,0) -> #REF! | AX9: =V9/$V$4 -> #REF! | AY9: =IF(AX9<0.8,1,0) -> #REF! | AZ9: =IF(AND(AX9>=0.8,AX9<1),1,0) -> #REF! | BA9: =IF(AND(AX9>=1,AX9<1.2),1,0) -> #REF! | BB9: =IF(AX9>1.2,1,0) -> #REF! | BC9: =Y9/$Y$4 -> #REF! | BD9: =IF(BC9<0.8,1,0) -> #REF! | BE9: =IF(AND(BC9>=0.8,BC9<1),1,0) -> #REF! | BF9: =IF(AND(BC9>=1,BC9<1.2),1,0) -> #REF! | BG9: =IF(BC9>1.2,1,0) -> #REF!
D10: 105006 | E10: 262 | F10: BAS-RHIN | G10: 5006 | H10: STRASBOURG | K10: =SUMIF('RECAP PDV'!$C:$C,$G10,'RECAP PDV'!K:K) -> 11842.898 | N10: =SUMIF('RECAP PDV'!$C:$C,$G10,'RECAP PDV'!N:N) -> 30020.589 | T10: =SUMIF('RECAP PDV'!$C:$C,$G10,'RECAP PDV'!T:T) -> 307 | Z10: =SUMIF('RECAP PDV'!C:C,G10,'RECAP PDV'!Z:Z) -> 59 | AI10: =M10/$M$4 -> #REF! | AJ10: =IF(AI10<0.8,1,0) -> #REF! | AK10: =IF(AND(AI10>=0.8,AI10<1),1,0) -> #REF! | AL10: =IF(AND(AI10>=1,AI10<1.1),1,0) -> #REF! | AM10: =IF(AI10>1.1,1,0) -> #REF! | AN10: =P10/$P$4 -> #REF! | AO10: =IF(AN10<0.8,1,0) -> #REF! | AP10: =IF(AND(AN10>=0.8,AN10<1),1,0) -> #REF! | AQ10: =IF(AND(AN10>=1,AN10<1.2),1,0) -> #REF! | AR10: =IF(AN10>1.2,1,0) -> #REF! | AS10: =S10/$S$4 -> #REF! | AT10: =IF(AS10<0.8,1,0) -> #REF! | AU10: =IF(AND(AS10>=0.8,AS10<1),1,0) -> #REF! | AV10: =IF(AND(AS10>=1,AS10<1.2),1,0) -> #REF! | AW10: =IF(AS10>1.2,1,0) -> #REF! | AX10: =V10/$V$4 -> #REF! | AY10: =IF(AX10<0.8,1,0) -> #REF! | AZ10: =IF(AND(AX10>=0.8,AX10<1),1,0) -> #REF! | BA10: =IF(AND(AX10>=1,AX10<1.2),1,0) -> #REF! | BB10: =IF(AX10>1.2,1,0) -> #REF! | BC10: =Y10/$Y$4 -> #REF! | BD10: =IF(BC10<0.8,1,0) -> #REF! | BE10: =IF(AND(BC10>=0.8,BC10<1),1,0) -> #REF! | BF10: =IF(AND(BC10>=1,BC10<1.2),1,0) -> #REF! | BG10: =IF(BC10>1.2,1,0) -> #REF!
D11: 105130 | E11: 264 | F11: HAUT-RHIN | G11: 5130 | H11: COLMAR | K11: =SUMIF('RECAP PDV'!$C:$C,$G11,'RECAP PDV'!K:K) -> 3959.3618 | N11: =SUMIF('RECAP PDV'!$C:$C,$G11,'RECAP PDV'!N:N) -> 7931.416 | T11: =SUMIF('RECAP PDV'!$C:$C,$G11,'RECAP PDV'!T:T) -> 156 | Z11: =SUMIF('RECAP PDV'!C:C,G11,'RECAP PDV'!Z:Z) -> 13 | AI11: =M11/$M$4 -> #REF! | AJ11: =IF(AI11<0.8,1,0) -> #REF! | AK11: =IF(AND(AI11>=0.8,AI11<1),1,0) -> #REF! | AL11: =IF(AND(AI11>=1,AI11<1.1),1,0) -> #REF! | AM11: =IF(AI11>1.1,1,0) -> #REF! | AN11: =P11/$P$4 -> #REF! | AO11: =IF(AN11<0.8,1,0) -> #REF! | AP11: =IF(AND(AN11>=0.8,AN11<1),1,0) -> #REF! | AQ11: =IF(AND(AN11>=1,AN11<1.2),1,0) -> #REF! | AR11: =IF(AN11>1.2,1,0) -> #REF! | AS11: =S11/$S$4 -> #REF! | AT11: =IF(AS11<0.8,1,0) -> #REF! | AU11: =IF(AND(AS11>=0.8,AS11<1),1,0) -> #REF! | AV11: =IF(AND(AS11>=1,AS11<1.2),1,0) -> #REF! | AW11: =IF(AS11>1.2,1,0) -> #REF! | AX11: =V11/$V$4 -> #REF! | AY11: =IF(AX11<0.8,1,0) -> #REF! | AZ11: =IF(AND(AX11>=0.8,AX11<1),1,0) -> #REF! | BA11: =IF(AND(AX11>=1,AX11<1.2),1,0) -> #REF! | BB11: =IF(AX11>1.2,1,0) -> #REF! | BC11: =Y11/$Y$4 -> #REF! | BD11: =IF(BC11<0.8,1,0) -> #REF! | BE11: =IF(AND(BC11>=0.8,BC11<1),1,0) -> #REF! | BF11: =IF(AND(BC11>=1,BC11<1.2),1,0) -> #REF! | BG11: =IF(BC11>1.2,1,0) -> #REF!
D12: 105169 | E12: 264 | F12: HAUT-RHIN | G12: 5169 | H12: MULHOUSE | K12: =SUMIF('RECAP PDV'!$C:$C,$G12,'RECAP PDV'!K:K) -> 3972.2507 | N12: =SUMIF('RECAP PDV'!$C:$C,$G12,'RECAP PDV'!N:N) -> 17070.167 | T12: =SUMIF('RECAP PDV'!$C:$C,$G12,'RECAP PDV'!T:T) -> 188 | Z12: =SUMIF('RECAP PDV'!C:C,G12,'RECAP PDV'!Z:Z) -> 8 | AI12: =M12/$M$4 -> #REF! | AJ12: =IF(AI12<0.8,1,0) -> #REF! | AK12: =IF(AND(AI12>=0.8,AI12<1),1,0) -> #REF! | AL12: =IF(AND(AI12>=1,AI12<1.1),1,0) -> #REF! | AM12: =IF(AI12>1.1,1,0) -> #REF! | AN12: =P12/$P$4 -> #REF! | AO12: =IF(AN12<0.8,1,0) -> #REF! | AP12: =IF(AND(AN12>=0.8,AN12<1),1,0) -> #REF! | AQ12: =IF(AND(AN12>=1,AN12<1.2),1,0) -> #REF! | AR12: =IF(AN12>1.2,1,0) -> #REF! | AS12: =S12/$S$4 -> #REF! | AT12: =IF(AS12<0.8,1,0) -> #REF! | AU12: =IF(AND(AS12>=0.8,AS12<1),1,0) -> #REF! | AV12: =IF(AND(AS12>=1,AS12<1.2),1,0) -> #REF! | AW12: =IF(AS12>1.2,1,0) -> #REF! | AX12: =V12/$V$4 -> #REF! | AY12: =IF(AX12<0.8,1,0) -> #REF! | AZ12: =IF(AND(AX12>=0.8,AX12<1),1,0) -> #REF! | BA12: =IF(AND(AX12>=1,AX12<1.2),1,0) -> #REF! | BB12: =IF(AX12>1.2,1,0) -> #REF! | BC12: =Y12/$Y$4 -> #REF! | BD12: =IF(BC12<0.8,1,0) -> #REF! | BE12: =IF(AND(BC12>=0.8,BC12<1),1,0) -> #REF! | BF12: =IF(AND(BC12>=1,BC12<1.2),1,0) -> #REF! | BG12: =IF(BC12>1.2,1,0) -> #REF!
D13: 100006 | E13: 30 | F13: MARNE-ARDENNES | G13: 6 | H13: CHALONS EN CHAMPAGNE | K13: =SUMIF('RECAP PDV'!$C:$C,$G13,'RECAP PDV'!K:K) -> -897.39369 | N13: =SUMIF('RECAP PDV'!$C:$C,$G13,'RECAP PDV'!N:N) -> 11328.568 | T13: =SUMIF('RECAP PDV'!$C:$C,$G13,'RECAP PDV'!T:T) -> 135 | Z13: =SUMIF('RECAP PDV'!C:C,G13,'RECAP PDV'!Z:Z) -> 6 | AI13: =M13/$M$4 -> #REF! | AJ13: =IF(AI13<0.8,1,0) -> #REF! | AK13: =IF(AND(AI13>=0.8,AI13<1),1,0) -> #REF! | AL13: =IF(AND(AI13>=1,AI13<1.1),1,0) -> #REF! | AM13: =IF(AI13>1.1,1,0) -> #REF! | AN13: =P13/$P$4 -> #REF! | AO13: =IF(AN13<0.8,1,0) -> #REF! | AP13: =IF(AND(AN13>=0.8,AN13<1),1,0) -> #REF! | AQ13: =IF(AND(AN13>=1,AN13<1.2),1,0) -> #REF! | AR13: =IF(AN13>1.2,1,0) -> #REF! | AS13: =S13/$S$4 -> #REF! | AT13: =IF(AS13<0.8,1,0) -> #REF! | AU13: =IF(AND(AS13>=0.8,AS13<1),1,0) -> #REF! | AV13: =IF(AND(AS13>=1,AS13<1.2),1,0) -> #REF! | AW13: =IF(AS13>1.2,1,0) -> #REF! | AX13: =V13/$V$4 -> #REF! | AY13: =IF(AX13<0.8,1,0) -> #REF! | AZ13: =IF(AND(AX13>=0.8,AX13<1),1,0) -> #REF! | BA13: =IF(AND(AX13>=1,AX13<1.2),1,0) -> #REF! | BB13: =IF(AX13>1.2,1,0) -> #REF! | BC13: =Y13/$Y$4 -> #REF! | BD13: =IF(BC13<0.8,1,0) -> #REF! | BE13: =IF(AND(BC13>=0.8,BC13<1),1,0) -> #REF! | BF13: =IF(AND(BC13>=1,BC13<1.2),1,0) -> #REF! | BG13: =IF(BC13>1.2,1,0) -> #REF!
D14: 100002 | E14: 30 | F14: MARNE-ARDENNES | G14: 2 | H14: CHARLEVILLE MEZIERES | K14: =SUMIF('RECAP PDV'!$C:$C,$G14,'RECAP PDV'!K:K) -> 4995.3669 | N14: =SUMIF('RECAP PDV'!$C:$C,$G14,'RECAP PDV'!N:N) -> 10651.933 | T14: =SUMIF('RECAP PDV'!$C:$C,$G14,'RECAP PDV'!T:T) -> 206 | Z14: =SUMIF('RECAP PDV'!C:C,G14,'RECAP PDV'!Z:Z) -> 46 | AI14: =M14/$M$4 -> #REF! | AJ14: =IF(AI14<0.8,1,0) -> #REF! | AK14: =IF(AND(AI14>=0.8,AI14<1),1,0) -> #REF! | AL14: =IF(AND(AI14>=1,AI14<1.1),1,0) -> #REF! | AM14: =IF(AI14>1.1,1,0) -> #REF! | AN14: =P14/$P$4 -> #REF! | AO14: =IF(AN14<0.8,1,0) -> #REF! | AP14: =IF(AND(AN14>=0.8,AN14<1),1,0) -> #REF! | AQ14: =IF(AND(AN14>=1,AN14<1.2),1,0) -> #REF! | AR14: =IF(AN14>1.2,1,0) -> #REF! | AS14: =S14/$S$4 -> #REF! | AT14: =IF(AS14<0.8,1,0) -> #REF! | AU14: =IF(AND(AS14>=0.8,AS14<1),1,0) -> #REF! | AV14: =IF(AND(AS14>=1,AS14<1.2),1,0) -> #REF! | AW14: =IF(AS14>1.2,1,0) -> #REF! | AX14: =V14/$V$4 -> #REF! | AY14: =IF(AX14<0.8,1,0) -> #REF! | AZ14: =IF(AND(AX14>=0.8,AX14<1),1,0) -> #REF! | BA14: =IF(AND(AX14>=1,AX14<1.2),1,0) -> #REF! | BB14: =IF(AX14>1.2,1,0) -> #REF! | BC14: =Y14/$Y$4 -> #REF! | BD14: =IF(BC14<0.8,1,0) -> #REF! | BE14: =IF(AND(BC14>=0.8,BC14<1),1,0) -> #REF! | BF14: =IF(AND(BC14>=1,BC14<1.2),1,0) -> #REF! | BG14: =IF(BC14>1.2,1,0) -> #REF!
D15: 100011 | E15: 30 | F15: MARNE-ARDENNES | G15: 11 | H15: REIMS | K15: =SUMIF('RECAP PDV'!$C:$C,$G15,'RECAP PDV'!K:K) -> 10342.258 | N15: =SUMIF('RECAP PDV'!$C:$C,$G15,'RECAP PDV'!N:N) -> 34340.905 | T15: =SUMIF('RECAP PDV'!$C:$C,$G15,'RECAP PDV'!T:T) -> 450 | Z15: =SUMIF('RECAP PDV'!C:C,G15,'RECAP PDV'!Z:Z) -> 3 | AI15: =M15/$M$4 -> #REF! | AJ15: =IF(AI15<0.8,1,0) -> #REF! | AK15: =IF(AND(AI15>=0.8,AI15<1),1,0) -> #REF! | AL15: =IF(AND(AI15>=1,AI15<1.1),1,0) -> #REF! | AM15: =IF(AI15>1.1,1,0) -> #REF! | AN15: =P15/$P$4 -> #REF! | AO15: =IF(AN15<0.8,1,0) -> #REF! | AP15: =IF(AND(AN15>=0.8,AN15<1),1,0) -> #REF! | AQ15: =IF(AND(AN15>=1,AN15<1.2),1,0) -> #REF! | AR15: =IF(AN15>1.2,1,0) -> #REF! | AS15: =S15/$S$4 -> #REF! | AT15: =IF(AS15<0.8,1,0) -> #REF! | AU15: =IF(AND(AS15>=0.8,AS15<1),1,0) -> #REF! | AV15: =IF(AND(AS15>=1,AS15<1.2),1,0) -> #REF! | AW15: =IF(AS15>1.2,1,0) -> #REF! | AX15: =V15/$V$4 -> #REF! | AY15: =IF(AX15<0.8,1,0) -> #REF! | AZ15: =IF(AND(AX15>=0.8,AX15<1),1,0) -> #REF! | BA15: =IF(AND(AX15>=1,AX15<1.2),1,0) -> #REF! | BB15: =IF(AX15>1.2,1,0) -> #REF! | BC15: =Y15/$Y$4 -> #REF! | BD15: =IF(BC15<0.8,1,0) -> #REF! | BE15: =IF(AND(BC15>=0.8,BC15<1),1,0) -> #REF! | BF15: =IF(AND(BC15>=1,BC15<1.2),1,0) -> #REF! | BG15: =IF(BC15>1.2,1,0) -> #REF!
D16: 100026 | E16: 110 | F16: MEURTHE ET MOSELLE MEUSE | G16: 26 | H16: NANCY | K16: =SUMIF('RECAP PDV'!$C:$C,$G16,'RECAP PDV'!K:K) -> 3301.0675 | N16: =SUMIF('RECAP PDV'!$C:$C,$G16,'RECAP PDV'!N:N) -> 9778.1456 | T16: =SUMIF('RECAP PDV'!$C:$C,$G16,'RECAP PDV'!T:T) -> 224 | Z16: =SUMIF('RECAP PDV'!C:C,G16,'RECAP PDV'!Z:Z) -> 34 | AI16: =M16/$M$4 -> #REF! | AJ16: =IF(AI16<0.8,1,0) -> #REF! | AK16: =IF(AND(AI16>=0.8,AI16<1),1,0) -> #REF! | AL16: =IF(AND(AI16>=1,AI16<1.1),1,0) -> #REF! | AM16: =IF(AI16>1.1,1,0) -> #REF! | AN16: =P16/$P$4 -> #REF! | AO16: =IF(AN16<0.8,1,0) -> #REF! | AP16: =IF(AND(AN16>=0.8,AN16<1),1,0) -> #REF! | AQ16: =IF(AND(AN16>=1,AN16<1.2),1,0) -> #REF! | AR16: =IF(AN16>1.2,1,0) -> #REF! | AS16: =S16/$S$4 -> #REF! | AT16: =IF(AS16<0.8,1,0) -> #REF! | AU16: =IF(AND(AS16>=0.8,AS16<1),1,0) -> #REF! | AV16: =IF(AND(AS16>=1,AS16<1.2),1,0) -> #REF! | AW16: =IF(AS16>1.2,1,0) -> #REF! | AX16: =V16/$V$4 -> #REF! | AY16: =IF(AX16<0.8,1,0) -> #REF! | AZ16: =IF(AND(AX16>=0.8,AX16<1),1,0) -> #REF! | BA16: =IF(AND(AX16>=1,AX16<1.2),1,0) -> #REF! | BB16: =IF(AX16>1.2,1,0) -> #REF! | BC16: =Y16/$Y$4 -> #REF! | BD16: =IF(BC16<0.8,1,0) -> #REF! | BE16: =IF(AND(BC16>=0.8,BC16<1),1,0) -> #REF! | BF16: =IF(AND(BC16>=1,BC16<1.2),1,0) -> #REF! | BG16: =IF(BC16>1.2,1,0) -> #REF!
D17: 100027 | E17: 110 | F17: MEURTHE ET MOSELLE MEUSE | G17: 27 | H17: PONT A MOUSSON | K17: =SUMIF('RECAP PDV'!$C:$C,$G17,'RECAP PDV'!K:K) -> 2407.3569 | N17: =SUMIF('RECAP PDV'!$C:$C,$G17,'RECAP PDV'!N:N) -> 9137.1013 | T17: =SUMIF('RECAP PDV'!$C:$C,$G17,'RECAP PDV'!T:T) -> 174 | Z17: =SUMIF('RECAP PDV'!C:C,G17,'RECAP PDV'!Z:Z) -> 19 | AI17: =M17/$M$4 -> #REF! | AJ17: =IF(AI17<0.8,1,0) -> #REF! | AK17: =IF(AND(AI17>=0.8,AI17<1),1,0) -> #REF! | AL17: =IF(AND(AI17>=1,AI17<1.1),1,0) -> #REF! | AM17: =IF(AI17>1.1,1,0) -> #REF! | AN17: =P17/$P$4 -> #REF! | AO17: =IF(AN17<0.8,1,0) -> #REF! | AP17: =IF(AND(AN17>=0.8,AN17<1),1,0) -> #REF! | AQ17: =IF(AND(AN17>=1,AN17<1.2),1,0) -> #REF! | AR17: =IF(AN17>1.2,1,0) -> #REF! | AS17: =S17/$S$4 -> #REF! | AT17: =IF(AS17<0.8,1,0) -> #REF! | AU17: =IF(AND(AS17>=0.8,AS17<1),1,0) -> #REF! | AV17: =IF(AND(AS17>=1,AS17<1.2),1,0) -> #REF! | AW17: =IF(AS17>1.2,1,0) -> #REF! | AX17: =V17/$V$4 -> #REF! | AY17: =IF(AX17<0.8,1,0) -> #REF! | AZ17: =IF(AND(AX17>=0.8,AX17<1),1,0) -> #REF! | BA17: =IF(AND(AX17>=1,AX17<1.2),1,0) -> #REF! | BB17: =IF(AX17>1.2,1,0) -> #REF! | BC17: =Y17/$Y$4 -> #REF! | BD17: =IF(BC17<0.8,1,0) -> #REF! | BE17: =IF(AND(BC17>=0.8,BC17<1),1,0) -> #REF! | BF17: =IF(AND(BC17>=1,BC17<1.2),1,0) -> #REF! | BG17: =IF(BC17>1.2,1,0) -> #REF!
... D23: 100055 | E23: 80 | F23: VOSGES | G23: 55 | H23: SAINT DIE | K23: =SUMIF('RECAP PDV'!$C:$C,$G23,'RECAP PDV'!K:K) -> 3919.7292 | N23: =SUMIF('RECAP PDV'!$C:$C,$G23,'RECAP PDV'!N:N) -> 10473.558 | T23: =SUMIF('RECAP PDV'!$C:$C,$G23,'RECAP PDV'!T:T) -> 134 | Z23: =SUMIF('RECAP PDV'!C:C,G23,'RECAP PDV'!Z:Z) -> 45 | AI23: =M23/$M$4 -> #REF! | AJ23: =IF(AI23<0.8,1,0) -> #REF! | AK23: =IF(AND(AI23>=0.8,AI23<1),1,0) -> #REF! | AL23: =IF(AND(AI23>=1,AI23<1.1),1,0) -> #REF! | AM23: =IF(AI23>1.1,1,0) -> #REF! | AN23: =P23/$P$4 -> #REF! | AO23: =IF(AN23<0.8,1,0) -> #REF! | AP23: =IF(AND(AN23>=0.8,AN23<1),1,0) -> #REF! | AQ23: =IF(AND(AN23>=1,AN23<1.2),1,0) -> #REF! | AR23: =IF(AN23>1.2,1,0) -> #REF! | AS23: =S23/$S$4 -> #REF! | AT23: =IF(AS23<0.8,1,0) -> #REF! | AU23: =IF(AND(AS23>=0.8,AS23<1),1,0) -> #REF! | AV23: =IF(AND(AS23>=1,AS23<1.2),1,0) -> #REF! | AW23: =IF(AS23>1.2,1,0) -> #REF! | AX23: =V23/$V$4 -> #REF! | AY23: =IF(AX23<0.8,1,0) -> #REF! | AZ23: =IF(AND(AX23>=0.8,AX23<1),1,0) -> #REF! | BA23: =IF(AND(AX23>=1,AX23<1.2),1,0) -> #REF! | BB23: =IF(AX23>1.2,1,0) -> #REF! | BC23: =Y23/$Y$4 -> #REF! | BD23: =IF(BC23<0.8,1,0) -> #REF! | BE23: =IF(AND(BC23>=0.8,BC23<1),1,0) -> #REF! | BF23: =IF(AND(BC23>=1,BC23<1.2),1,0) -> #REF! | BG23: =IF(BC23>1.2,1,0) -> #REF!
AJ24: =SUM(AJ6:AJ23) -> #REF! | AK24: =SUM(AK6:AK23) -> #REF! | AL24: =SUM(AL6:AL23) -> #REF! | AM24: =SUM(AM6:AM23) -> #REF! | AO24: =SUM(AO6:AO23) -> #REF! | AP24: =SUM(AP6:AP23) -> #REF! | AQ24: =SUM(AQ6:AQ23) -> #REF! | AR24: =SUM(AR6:AR23) -> #REF! | AT24: =SUM(AT6:AT23) -> #REF! | AU24: =SUM(AU6:AU23) -> #REF! | AV24: =SUM(AV6:AV23) -> #REF! | AW24: =SUM(AW6:AW23) -> #REF! | AY24: =SUM(AY6:AY23) -> #REF! | AZ24: =SUM(AZ6:AZ23) -> #REF! | BA24: =SUM(BA6:BA23) -> #REF! | BB24: =SUM(BB6:BB23) -> #REF! | BD24: =SUM(BD6:BD23) -> #REF! | BE24: =SUM(BE6:BE23) -> #REF! | BF24: =SUM(BF6:BF23) -> #REF! | BG24: =SUM(BG6:BG23) -> #REF!

Sheet RECAP DC
G1: 1 | H1: 2 | I1: 3 | J1: 4 | K1: 5 | L1: 6 | M1: 7 | N1: 8 | O1: 9 | P1: 10 | Q1: 11 | R1: 12 | S1: 13 | T1: 14 | U1: 15 | V1: 16 | W1: 17 | X1: 18 | Y1: 19 | Z1: 20 | AA1: 21 | AB1: 22 | AC1: 23 | AD1: 24 | AE1: 25
K3: Excédent de collecte par ETP yc DAV | N3: Engagements crédit MLT CBM LLD par ETP | Q3: Qualité NPS PRO CEGEE | T3: Ventes brutes de forfaits Pro et Asso par ETP | W3: PNB sur activité nouvelle par ETP | Z3: Evolution Proactif par ETP | AC3: MIA Taux de marge crédit MLT
L4: Taux d'atteinte saisonalisé | O4: Taux d'atteinte saisonalisé | R4: Taux d'atteinte saisonalisé | U4: Taux d'atteinte saisonalisé | X4: Taux d'atteinte saisonalisé | AA4: Taux d'atteinte saisonalisé | AD4: Taux d'atteinte saisonalisé
G5: NO GROUPE | H5: groupe | I5: ETP | K5: Réal | L5: Obj | M5: % | N5: Réal | O5: Obj | P5: % | R5: Réal | T5: Réal | U5: Obj | V5: % | W5: Réal | X5: Obj | Y5: % | Z5: Réal | AA5: Obj | AB5: % | AC5: Réal | AD5: Obj | AE5: %
F6: 200050 | G6: 50 | H6: Aube Haute Marne | I6: =VLOOKUP(G6,ETP!$B$11:$D$17,3,FALSE) -> 11.648474 | K6: =SUMIF('RECAP PDV'!$A:$A,$G6,'RECAP PDV'!K:K)/I6 -> 1456.6336 | L6: =VLOOKUP(G6,OBJECTIFS!$C$6:$L$12,7,FALSE) -> 278.20581 | M6: =+K6/L6 -> 5.2358128 | N6: =SUMIF('RECAP PDV'!$A:$A,$G6,'RECAP PDV'!N:N)/I6 -> 2578.4144 | O6: =VLOOKUP(G6,OBJECTIFS!$C$6:$L$12,6,FALSE) -> 2477.7705 | P6: =+N6/O6 -> 1.0406187 | R6: =#REF! -> #REF! | T6: =SUMIF('RECAP PDV'!$A:$A,$G6,'RECAP PDV'!T:T)/I6 -> 30.73364 | U6: =VLOOKUP(G6,OBJECTIFS!$C$6:$L$12,8,FALSE) -> 34.775727 | V6: =+T6/U6 -> 0.88376701 | W6: =VLOOKUP(F6,'PNB PRO'!$C$363:$E$369,3,FALSE)/I6 -> 207.90886 | X6: =VLOOKUP(G6,OBJECTIFS!$C$6:$L$12,10,FALSE) -> 206.13312 | Y6: =+W6/X6 -> 1.0086145 | Z6: =SUMIF('RECAP PDV'!A:A,G6,'RECAP PDV'!Z:Z)/I6 -> 0.42924078 | AA6: =VLOOKUP(G6,OBJECTIFS!$C$6:$L$12,9,FALSE) -> 10.867415 | AB6: =+Z6/AA6 -> 0.039497967 | AC6: =VLOOKUP(F6,MARGE!$B$8:$D$19,3,FALSE) -> 0.0058261716 | AD6: =VLOOKUP(G6,OBJECTIFS!$C$6:$M$12,11,FALSE) -> 0.004 | AE6: =+AC6/AD6 -> 1.4565429
F7: 200262 | G7: 262 | H7: Bas-Rhin | I7: =VLOOKUP(G7,ETP!$B$11:$D$17,3,FALSE) -> 21.988649 | K7: =SUMIF('RECAP PDV'!$A:$A,$G7,'RECAP PDV'!K:K)/I7 -> 864.89387 | L7: =VLOOKUP(G7,OBJECTIFS!$C$6:$L$12,7,FALSE) -> 518.03622 | M7: =+K7/L7 -> 1.6695625 | N7: =SUMIF('RECAP PDV'!$A:$A,$G7,'RECAP PDV'!N:N)/I7 -> 2780.1138 | O7: =VLOOKUP(G7,OBJECTIFS!$C$6:$L$12,6,FALSE) -> 2474.548 | P7: =+N7/O7 -> 1.1234834 | R7: =#REF! -> #REF! | T7: =SUMIF('RECAP PDV'!$A:$A,$G7,'RECAP PDV'!T:T)/I7 -> 30.970525 | U7: =VLOOKUP(G7,OBJECTIFS!$C$6:$L$12,8,FALSE) -> 40.240314 | V7: =+T7/U7 -> 0.76963926 | W7: =VLOOKUP(F7,'PNB PRO'!$C$363:$E$369,3,FALSE)/I7 -> 247.85584 | X7: =VLOOKUP(G7,OBJECTIFS!$C$6:$L$12,10,FALSE) -> 245.41966 | Y7: =+W7/X7 -> 1.0099266 | Z7: =SUMIF('RECAP PDV'!A:A,G7,'RECAP PDV'!Z:Z)/I7 -> 2.2739005 | AA7: =VLOOKUP(G7,OBJECTIFS!$C$6:$L$12,9,FALSE) -> 12.488373 | AB7: =+Z7/AA7 -> 0.1820814 | AC7: =VLOOKUP(F7,MARGE!$B$8:$D$19,3,FALSE) -> 0.0082476794 | AD7: =VLOOKUP(G7,OBJECTIFS!$C$6:$M$12,11,FALSE) -> 0.004 | AE7: =+AC7/AD7 -> 2.0619199
F8: 200264 | G8: 264 | H8: Haut-Rhin | I8: =VLOOKUP(G8,ETP!$B$11:$D$17,3,FALSE) -> 12.607988 | K8: =SUMIF('RECAP PDV'!$A:$A,$G8,'RECAP PDV'!K:K)/I8 -> 629.09425 | L8: =VLOOKUP(G8,OBJECTIFS!$C$6:$L$12,7,FALSE) -> 447.56014 | M8: =+K8/L8 -> 1.4056083 | N8: =SUMIF('RECAP PDV'!$A:$A,$G8,'RECAP PDV'!N:N)/I8 -> 1982.9956 | O8: =VLOOKUP(G8,OBJECTIFS!$C$6:$L$12,6,FALSE) -> 2079.0378 | P8: =+N8/O8 -> 0.95380448 | R8: =#REF! -> #REF! | T8: =SUMIF('RECAP PDV'!$A:$A,$G8,'RECAP PDV'!T:T)/I8 -> 27.284291 | U8: =VLOOKUP(G8,OBJECTIFS!$C$6:$L$12,8,FALSE) -> 36.28866 | V8: =+T8/U8 -> 0.75186824 | W8: =VLOOKUP(F8,'PNB PRO'!$C$363:$E$369,3,FALSE)/I8 -> 188.09351 | X8: =VLOOKUP(G8,OBJECTIFS!$C$6:$L$12,10,FALSE) -> 220.1512 | Y8: =+W8/X8 -> 0.85438329 | Z8: =SUMIF('RECAP PDV'!A:A,G8,'RECAP PDV'!Z:Z)/I8 -> 1.6656108 | AA8: =VLOOKUP(G8,OBJECTIFS!$C$6:$L$12,9,FALSE) -> 11.340206 | AB8: =+Z8/AA8 -> 0.14687659 | AC8: =VLOOKUP(F8,MARGE!$B$8:$D$19,3,FALSE) -> 0.0059150432 | AD8: =VLOOKUP(G8,OBJECTIFS!$C$6:$M$12,11,FALSE) -> 0.004 | AE8: =+AC8/AD8 -> 1.4787608
F9: 200030 | G9: 30 | H9: Marne Ardennes | I9: =VLOOKUP(G9,ETP!$B$11:$D$17,3,FALSE) -> 19.581965 | K9: =SUMIF('RECAP PDV'!$A:$A,$G9,'RECAP PDV'!K:K)/I9 -> 737.42506 | L9: =VLOOKUP(G9,OBJECTIFS!$C$6:$L$12,7,FALSE) -> 381.68211 | M9: =+K9/L9 -> 1.9320399 | N9: =SUMIF('RECAP PDV'!$A:$A,$G9,'RECAP PDV'!N:N)/I9 -> 2876.1877 | O9: =VLOOKUP(G9,OBJECTIFS!$C$6:$L$12,6,FALSE) -> 2733.4005 | P9: =+N9/O9 -> 1.0522379 | R9: =#REF! -> #REF! | T9: =SUMIF('RECAP PDV'!$A:$A,$G9,'RECAP PDV'!T:T)/I9 -> 40.394312 | U9: =VLOOKUP(G9,OBJECTIFS!$C$6:$L$12,8,FALSE) -> 35.782698 | V9: =+T9/U9 -> 1.1288783 | W9: =VLOOKUP(F9,'PNB PRO'!$C$363:$E$369,3,FALSE)/I9 -> 231.655 | X9: =VLOOKUP(G9,OBJECTIFS!$C$6:$L$12,10,FALSE) -> 222.39941 | Y9: =+W9/X9 -> 1.041617 | Z9: =SUMIF('RECAP PDV'!A:A,G9,'RECAP PDV'!Z:Z)/I9 -> 2.8087069 | AA9: =VLOOKUP(G9,OBJECTIFS!$C$6:$L$12,9,FALSE) -> 11.927566 | AB9: =+Z9/AA9 -> 0.23548031 | AC9: =VLOOKUP(F9,MARGE!$B$8:$D$19,3,FALSE) -> 0.006317129 | AD9: =VLOOKUP(G9,OBJECTIFS!$C$6:$M$12,11,FALSE) -> 0.004 | AE9: =+AC9/AD9 -> 1.5792823
F10: 200110 | G10: 110 | H10: Meurthe et Moselle Meuse | I10: =VLOOKUP(G10,ETP!$B$11:$D$17,3,FALSE) -> 14.327515 | K10: =SUMIF('RECAP PDV'!$A:$A,$G10,'RECAP PDV'!K:K)/I10 -> 611.43305 | L10: =VLOOKUP(G10,OBJECTIFS!$C$6:$L$12,7,FALSE) -> 318.94756 | M10: =+K10/L10 -> 1.9170332 | N10: =SUMIF('RECAP PDV'!$A:$A,$G10,'RECAP PDV'!N:N)/I10 -> 1632.6477 | O10: =VLOOKUP(G10,OBJECTIFS!$C$6:$L$12,6,FALSE) -> 1993.4223 | P10: =+N10/O10 -> 0.8190175 | R10: =#REF! -> #REF! | T10: =SUMIF('RECAP PDV'!$A:$A,$G10,'RECAP PDV'!T:T)/I10 -> 36.572987 | U10: =VLOOKUP(G10,OBJECTIFS!$C$6:$L$12,8,FALSE) -> 29.901334 | V10: =+T10/U10 -> 1.2231222 | W10: =VLOOKUP(F10,'PNB PRO'!$C$363:$E$369,3,FALSE)/I10 -> 194.70557 | X10: =VLOOKUP(G10,OBJECTIFS!$C$6:$L$12,10,FALSE) -> 230.24027 | Y10: =+W10/X10 -> 0.84566253 | Z10: =SUMIF('RECAP PDV'!A:A,G10,'RECAP PDV'!Z:Z)/I10 -> 4.4669297 | AA10: =VLOOKUP(G10,OBJECTIFS!$C$6:$L$12,9,FALSE) -> 10.963822 | AB10: =+Z10/AA10 -> 0.40742448 | AC10: =VLOOKUP(F10,MARGE!$B$8:$D$19,3,FALSE) -> 0.0079986315 | AD10: =VLOOKUP(G10,OBJECTIFS!$C$6:$M$12,11,FALSE) -> 0.004 | AE10: =+AC10/AD10 -> 1.9996579
F11: 200160 | G11: 160 | H11: Moselle | I11: =VLOOKUP(G11,ETP!$B$11:$D$17,3,FALSE) -> 15.459798 | K11: =SUMIF('RECAP PDV'!$A:$A,$G11,'RECAP PDV'!K:K)/I11 -> 887.51503 | L11: =VLOOKUP(G11,OBJECTIFS!$C$6:$L$12,7,FALSE) -> 306.19084 | M11: =+K11/L11 -> 2.8985682 | N11: =SUMIF('RECAP PDV'!$A:$A,$G11,'RECAP PDV'!N:N)/I11 -> 1665.9777 | O11: =VLOOKUP(G11,OBJECTIFS!$C$6:$L$12,6,FALSE) -> 2296.4313 | P11: =+N11/O11 -> 0.72546375 | R11: =#REF! -> #REF! | T11: =SUMIF('RECAP PDV'!$A:$A,$G11,'RECAP PDV'!T:T)/I11 -> 42.626689 | U11: =VLOOKUP(G11,OBJECTIFS!$C$6:$L$12,8,FALSE) -> 33.808572 | V11: =+T11/U11 -> 1.2608249 | W11: =VLOOKUP(F11,'PNB PRO'!$C$363:$E$369,3,FALSE)/I11 -> 207.54091 | X11: =VLOOKUP(G11,OBJECTIFS!$C$6:$L$12,10,FALSE) -> 251.20407 | Y11: =+W11/X11 -> 0.8261845 | Z11: =SUMIF('RECAP PDV'!A:A,G11,'RECAP PDV'!Z:Z)/I11 -> 4.5278729 | AA11: =VLOOKUP(G11,OBJECTIFS!$C$6:$L$12,9,FALSE) -> 12.757952 | AB11: =+Z11/AA11 -> 0.35490595 | AC11: =VLOOKUP(F11,MARGE!$B$8:$D$19,3,FALSE) -> 0.0080447518 | AD11: =VLOOKUP(G11,OBJECTIFS!$C$6:$M$12,11,FALSE) -> 0.004 | AE11: =+AC11/AD11 -> 2.0111879
F12: 200080 | G12: 80 | H12: Vosges | I12: =VLOOKUP(G12,ETP!$B$11:$D$17,3,FALSE) -> 9.0695895 | K12: =SUMIF('RECAP PDV'!$A:$A,$G12,'RECAP PDV'!K:K)/I12 -> 788.18587 | L12: =VLOOKUP(G12,OBJECTIFS!$C$6:$L$12,7,FALSE) -> 246.45131 | M12: =+K12/L12 -> 3.1981402 | N12: =SUMIF('RECAP PDV'!$A:$A,$G12,'RECAP PDV'!N:N)/I12 -> 2300.2124 | O12: =VLOOKUP(G12,OBJECTIFS!$C$6:$L$12,6,FALSE) -> 2002.4169 | P12: =+N12/O12 -> 1.148718 | R12: =#REF! -> #REF! | T12: =SUMIF('RECAP PDV'!$A:$A,$G12,'RECAP PDV'!T:T)/I12 -> 34.731451 | U12: =VLOOKUP(G12,OBJECTIFS!$C$6:$L$12,8,FALSE) -> 30.806414 | V12: =+T12/U12 -> 1.1274097 | W12: =VLOOKUP(F12,'PNB PRO'!$C$363:$E$369,3,FALSE)/I12 -> 210.01646 | X12: =VLOOKUP(G12,OBJECTIFS!$C$6:$L$12,10,FALSE) -> 205.17072 | Y12: =+W12/X12 -> 1.0236181 | Z12: =SUMIF('RECAP PDV'!A:A,G12,'RECAP PDV'!Z:Z)/I12 -> 7.1668073 | AA12: =VLOOKUP(G12,OBJECTIFS!$C$6:$L$12,9,FALSE) -> 10.268805 | AB12: =+Z12/AA12 -> 0.6979203 | AC12: =VLOOKUP(F12,MARGE!$B$8:$D$19,3,FALSE) -> 0.0066476345 | AD12: =VLOOKUP(G12,OBJECTIFS!$C$6:$M$12,11,FALSE) -> 0.004 | AE12: =+AC12/AD12 -> 1.6619086
F14: 15135 | I14: =SUM(I6:I13) -> 104.68398 | K14: =SUM('RECAP PDV'!$K$6:$K$341)/I14 -> 846.14932 | L14: =+OBJECTIFS!Q14/OBJECTIFS!F14 -> 374.05782 | M14: =+K14/L14 -> 2.2620816 | N14: =SUM('RECAP PDV'!N6:N341)/I14 -> 2317.9884 | O14: =+OBJECTIFS!P14/OBJECTIFS!F14 -> 2337.8614 | P14: =+N14/O14 -> 0.9914995 | R14: =#REF! -> #REF! | T14: =SUM('RECAP PDV'!T6:T341)/I14 -> 35.143869 | U14: =OBJECTIFS!R14/OBJECTIFS!F14 -> 35.067921 | V14: =+T14/U14 -> 1.0021658 | W14: =VLOOKUP(F14,'PNB PRO'!$C$363:$E$374,3,FALSE)/I14 -> 221.07976 | X14: =+OBJECTIFS!T14/OBJECTIFS!F14 -> 228.78311 | Y14: =+W14/X14 -> 0.96632901 | Z14: =SUM('RECAP PDV'!Z6:Z341)/I14 -> 3.1236872 | AA14: =OBJECTIFS!S14/OBJECTIFS!F14 -> 11.689307 | AB14: =+Z14/AA14 -> 0.26722604 | AC14: =VLOOKUP(F14,MARGE!$B$8:$D$19,3,FALSE) -> 0.0071101254 | AD14: =OBJECTIFS!M14 -> 0.004 | AE14: =+AC14/AD14 -> 1.7775313

Sheet OBJECTIFS
H1: Engagement | I1: Excédent collecte | J1: Ventes brutes | K1: Proactif | L1: PNB | M1: marge crédit MLT | P1: Engagement | Q1: Excédent collecte | R1: Ventes brutes | S1: Proactif | T1: PNB
H2: CREDIT MLT | I2: YC DAV | J2: forfaits | M2: MIA | P2: CREDIT MLT | Q2: YC DAV | R2: forfaits | S2: actif + équipé
F3: etp | H3: / etp | I3: / etp | J3: / etp | K3: / etp | L3: / etp
F4: 1er trim
C5: NO GROUPE | D5: groupe
C6: 50 | D6: AUBE HAUTE MARNE | F6: 11.502276 | H6: =+P6/$F6 -> 2477.7705 | I6: =+Q6/$F6 -> 278.20581 | J6: =+R6/$F6 -> 34.775727 | K6: =+S6/$F6 -> 10.867415 | L6: =+T6/$F6 -> 206.13312 | M6: 0.004 | P6: 28500 | Q6: =+T29 -> 3200 | R6: 400 | S6: 125 | T6: 2371
C7: 262 | D7: BAS-RHIN | F7: 21.62011 | H7: =+P7/$F7 -> 2474.548 | I7: =+Q7/$F7 -> 518.03622 | J7: =+R7/$F7 -> 40.240314 | K7: =+S7/$F7 -> 12.488373 | L7: =+T7/$F7 -> 245.41966 | M7: 0.004 | P7: 53500 | Q7: =+T30 -> 11200 | R7: 870 | S7: 270 | T7: 5306
C8: 264 | D8: HAUT-RHIN | F8: 13.227273 | H8: =+P8/$F8 -> 2079.0378 | I8: =+Q8/$F8 -> 447.56014 | J8: =+R8/$F8 -> 36.28866 | K8: =+S8/$F8 -> 11.340206 | L8: =+T8/$F8 -> 220.1512 | M8: 0.004 | P8: 27500 | Q8: =+T31 -> 5920 | R8: 480 | S8: 150 | T8: 2912
C9: 30 | D9: MARNE-ARDENNES | F9: 20.121457 | H9: =+P9/$F9 -> 2733.4005 | I9: =+Q9/$F9 -> 381.68211 | J9: =+R9/$F9 -> 35.782698 | K9: =+S9/$F9 -> 11.927566 | L9: =+T9/$F9 -> 222.39941 | M9: 0.004 | P9: 55000 | Q9: =+T32 -> 7680 | R9: 720 | S9: 240 | T9: 4475
C10: 110 | D10: MEURTHE ET MOSELLE MEUSE | F10: 15.049496 | H10: =+P10/$F10 -> 1993.4223 | I10: =+Q10/$F10 -> 318.94756 | J10: =+R10/$F10 -> 29.901334 | K10: =+S10/$F10 -> 10.963822 | L10: =+T10/$F10 -> 230.24027 | M10: 0.004 | P10: 30000 | Q10: =+T33 -> 4800 | R10: 450 | S10: 165 | T10: 3465
C11: 160 | D11: MOSELLE | F11: 15.676498 | H11: =+P11/$F11 -> 2296.4313 | I11: =+Q11/$F11 -> 306.19084 | J11: =+R11/$F11 -> 33.808572 | K11: =+S11/$F11 -> 12.757952 | L11: =+T11/$F11 -> 251.20407 | M11: 0.004 | P11: 36000 | Q11: =+T34 -> 4800 | R11: 530 | S11: 200 | T11: 3938
C12: 80 | D12: VOSGES | F12: 9.7382317 | H12: =+P12/$F12 -> 2002.4169 | I12: =+Q12/$F12 -> 246.45131 | J12: =+R12/$F12 -> 30.806414 | K12: =+S12/$F12 -> 10.268805 | L12: =+T12/$F12 -> 205.17072 | M12: 0.004 | P12: 19500 | Q12: =+T35 -> 2400 | R12: 300 | S12: 100 | T12: 1998
D14: CEGEE | F14: =SUM(F6:F13) -> 106.93534 | M14: 0.004 | P14: =SUM(P6:P13) -> 250000 | Q14: =SUM(Q6:Q13) -> 40000 | R14: =SUM(R6:R13) -> 3750 | S14: =SUM(S6:S13) -> 1250 | T14: =SUM(T6:T13) -> 24465
R27: OBJ EXC DAV | S27: OBJ EXC COLLECTE | T27: TOTAL
P29: 200050 | Q29: AUBE_HAUTE_MARNE | R29: 1200 | S29: 2000 | T29: =+R29+S29 -> 3200
P30: 200262 | Q30: BAS_RHIN | R30: 4200 | S30: 7000 | T30: =+R30+S30 -> 11200
P31: 200264 | Q31: HAUT_RHIN | R31: 2220 | S31: 3700 | T31: =+R31+S31 -> 5920
P32: 200030 | Q32: MARNE_ARDENNES | R32: 2880 | S32: 4800 | T32: =+R32+S32 -> 7680
P33: 200110 | Q33: MEURTHE_ET_MOSELLE_MEUSE | R33: 1800 | S33: 3000 | T33: =+R33+S33 -> 4800
P34: 200160 | Q34: MOSELLE | R34: 1800 | S34: 3000 | T34: =+R34+S34 -> 4800
P35: 200080 | Q35: VOSGES | R35: 900 | S35: 1500 | T35: =+R35+S35 -> 2400

Sheet ETP
B8: ETP Directions régionales | D8: 43799
K9: Arrêté | L9: Saisonnalité
B10: eds | C10: Directions régionales | D10: ETP MOYEN | K10: 43496 | L10: =1/12 -> 0.083333333
B11: 50 | C11: AUBE HAUTE-MARNE | D11: 11.648474 | K11: 43524 | L11: =+L10+$L$10 -> 0.16666667
B12: 262 | C12: BAS-RHIN | D12: 21.988649 | K12: 43555 | L12: =+L11+$L$10 -> 0.25
B13: 264 | C13: HAUT-RHIN | D13: 12.607988 | K13: 43585 | L13: =+L12+$L$10 -> 0.33333333
B14: 30 | C14: MARNE ARDENNES | D14: 19.581965 | K14: 43616 | L14: =+L13+$L$10 -> 0.41666667
B15: 110 | C15: MEURTHE ET MOSELLE MEUSE | D15: 14.327515 | K15: 43646 | L15: =+L14+$L$10 -> 0.5
B16: 160 | C16: MOSELLE | D16: 15.459798 | K16: 43677 | L16: =+L15+$L$10 -> 0.58333333
B17: 80 | C17: VOSGES | D17: 9.0695895 | K17: 43708 | L17: =+L16+$L$10 -> 0.66666667
C18: CE GEE | D18: 104.68398 | K18: 43738 | L18: =+L17+$L$10 -> 0.75
K19: 43769 | L19: =+L18+$L$10 -> 0.83333333
K20: 43799 | L20: =+L19+$L$10 -> 0.91666667
K21: 43830 | L21: =+L20+$L$10 -> 1

Sheet COLLECTE
C2: Excédents marché des professionnels
A4: UC | B4: Agence | C4: DOM Idnt Extr Eds Niv7 | D4: DOM Desg Cour Eds Niv7 | E4: REG_PRODUIT | F4: REG_PRODUIT_N1 | G4: EXC_MONT | H4: EXC_NBRE | I4: OUV BRUT | J4: VERSEMENTS | K4: RELATION
A5: -395994 | B5: 6 | C5: 262 | D5: BAS RHIN | E5: EP_BILAN | F5: AUTRES | G5: 13.58271 | H5: -3 | I5: 0 | J5: 14.99337 | K5: PRIVEE
A6: -395994 | B6: 6 | C6: 262 | D6: BAS RHIN | E6: EP_BILAN | F6: AUTRES | G6: -5.05 | H6: -3 | I6: 0 | J6: 21.8 | K6: PROF
A7: -395994 | B7: 6 | C7: 262 | D7: BAS RHIN | E7: EP_BILAN | F7: EPARGNE CCE | G7: 193.66764 | H7: 6 | I7: 10 | J7: 1416.0951 | K7: PROF
A8: -395994 | B8: 6 | C8: 262 | D8: BAS RHIN | E8: EP_BILAN | F8: LIVRETS | G8: 40.9859 | H8: -4 | I8: 3 | J8: 123.44332 | K8: PRIVEE
A9: -395994 | B9: 6 | C9: 262 | D9: BAS RHIN | E9: EP_BILAN | F9: LIVRETS | G9: 22.31198 | H9: -13 | I9: 1 | J9: 116.18384 | K9: PROF
A10: -395994 | B10: 6 | C10: 262 | D10: BAS RHIN | E10: EP_BILAN | F10: PARTS SOCIALES | G10: -15.6 | H10: 0 | I10: 0 | J10: 0 | K10: PRIVEE
A11: -395994 | B11: 6 | C11: 262 | D11: BAS RHIN | E11: EP_BILAN | F11: PARTS SOCIALES | G11: 10.48 | H11: 0 | I11: 0 | J11: 14.64 | K11: PROF
A12: -395994 | B12: 6 | C12: 262 | D12: BAS RHIN | E12: EP_BILAN | F12: PEL | G12: 7.53143 | H12: -2 | I12: 0 | J12: 18.3472 | K12: PRIVEE
A13: -395994 | B13: 6 | C13: 262 | D13: BAS RHIN | E13: EP_BILAN | F13: PEL | G13: 0.92551 | H13: -2 | I13: 1 | J13: 60.68803 | K13: PROF
A14: -395994 | B14: 6 | C14: 262 | D14: BAS RHIN | E14: EP_FINANCIERE | F14: ASSURANCE | G14: 12.02663 | H14: 1 | I14: 1 | J14: 12.37663 | K14: PRIVEE
A15: -395994 | B15: 6 | C15: 262 | D15: BAS RHIN | E15: EP_FINANCIERE | F15: ASSURANCE | G15: 8.15585 | H15: 1 | I15: 1 | J15: 35.16 | K15: PROF
A16: -395994 | B16: 6 | C16: 262 | D16: BAS RHIN | E16: EP_FINANCIERE | F16: AUTRES | G16: 0.49672 | H16: 0 | I16: 0 | J16: 0.6642 | K16: PRIVEE
... A4910: 188716 | B4910: 88716 | C4910: 80 | D4910: VOSGES | E4910: LIVRET A | F4910: LIVRETS | G4910: -7.55642 | H4910: 0 | I4910: 1 | J4910: 46.23517 | K4910: PROF
F4911: Somme : | G4911: 71186.25 | H4911: -4228

Sheet DAV
G1: 1 | H1: 2 | I1: 3
M3: Mettre a jour
A5: NO GROUPE | B5: groupe | C5: UC | D5: libelle uc | E5: EDS | F5: AGENCE | G5: EDS PDV | H5: POINT DE VENTE | I5: EDS PDV ORIGINE | K5: Variation | M5: 201910 | O5: 201812
A6: 50 | B6: Aube Haute Marne | C6: 21 | D6: CHAUMONT | E6: 410560 | F6: BOURBONNE LES BAINS | G6: 10560 | H6: BOURBONNE LES BAINS | I6: 10560 | K6: =+M6-O6 -> 99.81514 | M6: 178.81416 | O6: 78.99902
A7: 50 | B7: Aube Haute Marne | C7: 21 | D7: CHAUMONT | E7: 510558 | F7: CHALINDREY | G7: 10558 | H7: CHALINDREY | I7: 10558 | K7: =+M7-O7 -> 29.33134 | M7: 162.23782 | O7: 132.90648
A8: 50 | B8: Aube Haute Marne | C8: 21 | D8: CHAUMONT | E8: 410539 | F8: CHATEAUVILLAIN | G8: 10539 | H8: CHATEAUVILLAIN | I8: 10539 | K8: =+M8-O8 -> -167.97848 | M8: 118.47113 | O8: 286.44961
A9: 50 | B9: Aube Haute Marne | C9: 21 | D9: CHAUMONT | E9: 410566 | F9: CHAUMONT HOTEL DE VILLE | G9: 10566 | H9: CHAUMONT HOTEL DE VILLE | I9: 10566 | K9: =+M9-O9 -> 153.14456 | M9: 3770.3021 | O9: 3617.1575
A10: 50 | B10: Aube Haute Marne | C10: 21 | D10: CHAUMONT | E10: 510590 | F10: CHAUMONT REPUBLIQUE | G10: 10590 | H10: CHAUMONT REPUBLIQUE | I10: 10590 | K10: =+M10-O10 -> 228.45444 | M10: 524.25528 | O10: 295.80084
A11: 50 | B11: Aube Haute Marne | C11: 21 | D11: CHAUMONT | E11: 451154 | F11: JOINVILLE | G11: 51154 | H11: JOINVILLE | I11: 51154 | K11: =+M11-O11 -> -63.00195 | M11: 717.36707 | O11: 780.36902
A12: 50 | B12: Aube Haute Marne | C12: 21 | D12: CHAUMONT | E12: 410541 | F12: LANGRES | G12: 10541 | H12: LANGRES | I12: 10541 | K12: =+M12-O12 -> 378.88273 | M12: 1620.1476 | O12: 1241.2648
A13: 50 | B13: Aube Haute Marne | C13: 21 | D13: CHAUMONT | E13: 410582 | F13: NOGENT EN BASSIGNY | G13: 10582 | H13: NOGENT EN BASSIGNY | I13: 10582 | K13: =+M13-O13 -> 87.8689 | M13: 523.18107 | O13: 435.31217
A14: 50 | B14: Aube Haute Marne | C14: 21 | D14: CHAUMONT | E14: 451156 | F14: SAINT DIZIER CENTRE | G14: 51156 | H14: SAINT DIZIER CENTRE | I14: 51156 | K14: =+M14-O14 -> 792.34465 | M14: 2069.8323 | O14: 1277.4876
A15: 50 | B15: Aube Haute Marne | C15: 21 | D15: CHAUMONT | E15: 551157 | F15: SAINT DIZIER EUROPE | G15: 51157 | H15: SAINT DIZIER EUROPE | I15: 51157 | K15: =+M15-O15 -> 25.22825 | M15: 1171.1935 | O15: 1145.9653
A16: 50 | B16: Aube Haute Marne | C16: 21 | D16: CHAUMONT | E16: 451151 | F16: WASSY | G16: 51151 | H16: WASSY | I16: 51151 | K16: =+M16-O16 -> 173.07397 | M16: 756.16497 | O16: 583.091
A17: 50 | B17: Aube Haute Marne | C17: 14 | D17: TROYES | E17: 410583 | F17: AIX EN OTHE | G17: 10583 | H17: AIX EN OTHE | I17: 10583 | K17: =+M17-O17 -> 93.81194 | M17: 268.7882 | O17: 174.97626
... A340: 269 | B340: Multimédia | C340: 5017 | D340: MON AGENCE | E340: 4017 | F340: Agence du personnel | G340: 17 | H340: Agence du personnel | I340: 17 | K340: =+M340-O340 -> 486.95579 | M340: 508.56254 | O340: 21.60675

Sheet CREDIT
A2: UC | B2: PDV | C2: NOGRP | D2: LIBELLE GROUPE | E2: TYPE_PRET | F2: MONT_ENG | G2: Nombre Engagements Nets
A3: 0 | B3: 0 | C3: 0 | D3: 0 | E3: PROF | F3: 0 | G3: 0
A4: 0 | B4: 291 | C4: 99 | D4: HORS GROUPE | E4: PROF | F4: 0 | G4: 0
A5: 0 | B5: 502 | C5: 0 | D5: 0 | E5: PROF | F5: 0 | G5: 0
A6: 4006 | B6: 6 | C6: 262 | D6: BAS RHIN | E6: PROF | F6: 99.61217 | G6: 3
A7: 4007 | B7: 7 | C7: 262 | D7: BAS RHIN | E7: PROF | F7: 1350.4077 | G7: 7
A8: 4007 | B8: 13 | C8: 262 | D8: BAS RHIN | E8: PROF | F8: 0 | G8: 0
A9: 4008 | B9: 8 | C9: 262 | D9: BAS RHIN | E9: PROF | F9: 221.20484 | G9: 7
A10: 4010 | B10: 10 | C10: 262 | D10: BAS RHIN | E10: PROF | F10: 0 | G10: 0
A11: 4012 | B11: 12 | C11: 262 | D11: BAS RHIN | E11: PROF | F11: 15 | G11: 1
A12: 4015 | B12: 14 | C12: 262 | D12: BAS RHIN | E12: PROF | F12: 538.09438 | G12: 2
A13: 4015 | B13: 15 | C13: 262 | D13: BAS RHIN | E13: PROF | F13: 337.64721 | G13: 7
A14: 4017 | B14: 17 | C14: 269 | D14: BANQUE DIGITALE | E14: PROF | F14: 158.27172 | G14: 6
... A356: 588716 | B356: 88716 | C356: 80 | D356: VOSGES | E356: PROF | F356: 122.8431 | G356: 3
E357: Somme : | F357: 250119.06

Sheet LLD
A5: NUMERO DE PERSONNE | B5: CODE PRODUIT | C5: CODE PRODUIT SERV NATN | D5: REFERENCE PRODUIT | E5: NUMERO CONTRAT | F5: DATE OUVERTURE | G5: DATE ECHEANCE | H5: MONTANT AUTORISE | I5: MONTANT ENCOURS FIN DE MOIS | J5: QUOTITE EN RISQUE PORTEE PAR LA CE GARANTE | K5: CODE ETAT GENERAL | L5: REF. EDS RATT. Niv4
A6: 643636 | B6: FLLD | C6: CBM007 | D6: 50000078464 | E6: 61150742 | F6: 43662 | G6: 45132 | H6: 13628.17 | I6: 11790.43 | J6: 50 | K6: 1 | L6: 51305
A7: 14145126 | B7: FLLD | C7: CBM007 | D7: 50000079814 | E7: 61188698 | F7: 43767 | G7: 44877 | H7: 0 | I7: 0 | J7: 0 | K7: 1 | L7: 57445
A8: 14575988 | B8: FLLD | C8: CBM007 | D8: 50000076297 | E8: 61122980 | F8: 43564 | G8: 45065 | H8: 7202.67 | I8: 5764.18 | J8: 50 | K8: 1 | L8: 57443
A9: 14628809 | B9: FLLD | C9: CBM007 | D9: 50000078469 | E9: 61156986 | F9: 43668 | G9: 45515 | H9: 25740 | I9: 21261.53 | J9: 100 | K9: 1 | L9: 57446
A10: 82995145 | B10: FLLD | C10: CBM007 | D10: 50000077691 | E10: 61120810 | F10: 43563 | G10: 44725 | H10: 16822.49 | I10: 12832.04 | J10: 100 | K10: 1 | L10: 20
A11: 82995145 | B11: FLLD | C11: CBM007 | D11: 50000078458 | E11: 61122836 | F11: 43565 | G11: 45517 | H11: 18145 | I11: 17845.89 | J11: 100 | K11: 1 | L11: 20
A12: 83003175 | B12: FLLD | C12: CBM007 | D12: 50000074009 | E12: 61031640 | F12: 43472 | G12: 44604 | H12: 11122.5 | I12: 8796.07 | J12: 50 | K12: 1 | L12: 19
A13: 91365721 | B13: FLLD | C13: CBM007 | D13: 50000078460 | E13: 61127933 | F13: 43580 | G13: 44816 | H13: 14036.25 | I13: 12768.83 | J13: 50 | K13: 1 | L13: 169
A14: 91593953 | B14: FLLD | C14: CBM007 | D14: 50000079440 | E14: 61166368 | F14: 43718 | G14: 45206 | H14: 9486.67 | I14: 7364.09 | J14: 50 | K14: 1 | L14: 88587
A15: 93123395 | B15: FLLD | C15: CBM007 | D15: 50000077149 | E15: 61148925 | F15: 43643 | G15: 44750 | H15: 49515 | I15: 42853.58 | J15: 100 | K15: 1 | L15: 57437
A16: 93293277 | B16: FLLD | C16: CBM007 | D16: 50000074992 | E16: 61053147 | F16: 43518 | G16: 44262 | H16: 8612 | I16: 5201.35 | J16: 50 | K16: 1 | L16: 47
A17: 93293277 | B17: FLLD | C17: CBM007 | D17: 50000074993 | E17: 61053159 | F17: 43518 | G17: 44262 | H17: 8612 | I17: 5201.35 | J17: 50 | K17: 1 | L17: 47
... A30: 94591083 | B30: FLLD | C30: CBM007 | D30: 50000079806 | E30: 61151604 | F30: 43654 | G30: 44638 | H30: 13847.5 | I30: 11470.22 | J30: 50 | K30: 1 | L30: 10593

Sheet FORFAIT
D2: Forfaits PRO
A4: UC | B4: AG | C4: CODE EDS | D4: LIBELLE EDS | E4: REGROUP | F4: PRODUIT N1 | G4: OUVERTURES | H4: CLOTURES | I4: VENTES NETTES
A5: 0 | B5: 291 | C5: 99 | D5: HORS GROUPE | E5: FORFAIT PRO | F5: FORFAIT PRO | G5: 0 | H5: 2 | I5: -2
A6: 0 | B6: 500 | C6: 0 | D6: 0 | E6: FORFAIT PRO | F6: FORFAIT PRO | G6: 1 | H6: 0 | I6: 1
A7: 4006 | B7: 6 | C7: 262 | D7: BAS RHIN | E7: FORFAIT PRO | F7: FORFAIT PRO | G7: 14 | H7: 10 | I7: 4
A8: 4007 | B8: 7 | C8: 262 | D8: BAS RHIN | E8: FORFAIT PRO | F8: FORFAIT PRO | G8: 18 | H8: 10 | I8: 8
A9: 4007 | B9: 13 | C9: 262 | D9: BAS RHIN | E9: FORFAIT PRO | F9: FORFAIT PRO | G9: 6 | H9: 1 | I9: 5
A10: 4008 | B10: 8 | C10: 262 | D10: BAS RHIN | E10: FORFAIT PRO | F10: FORFAIT PRO | G10: 10 | H10: 5 | I10: 5
A11: 4010 | B11: 10 | C11: 262 | D11: BAS RHIN | E11: FORFAIT PRO | F11: FORFAIT PRO | G11: 2 | H11: 4 | I11: -2
A12: 4012 | B12: 12 | C12: 262 | D12: BAS RHIN | E12: FORFAIT PRO | F12: FORFAIT PRO | G12: 3 | H12: 3 | I12: 0
A13: 4015 | B13: 14 | C13: 262 | D13: BAS RHIN | E13: FORFAIT PRO | F13: FORFAIT PRO | G13: 5 | H13: 6 | I13: -1
A14: 4015 | B14: 15 | C14: 262 | D14: BAS RHIN | E14: FORFAIT PRO | F14: FORFAIT PRO | G14: 8 | H14: 7 | I14: 1
A15: 4017 | B15: 17 | C15: 269 | D15: BANQUE DIGITALE | E15: FORFAIT PRO | F15: FORFAIT PRO | G15: 6 | H15: 3 | I15: 3
A16: 4019 | B16: 19 | C16: 262 | D16: BAS RHIN | E16: FORFAIT PRO | F16: FORFAIT PRO | G16: 12 | H16: 15 | I16: -3
... A340: 588716 | B340: 88716 | C340: 80 | D340: VOSGES | E340: FORFAIT PRO | F340: FORFAIT PRO | G340: 5 | H340: 5 | I340: 0
H341: Somme : | I341: 1425

Sheet PROACTIF
A1: srs5 | B1: PILCOM BDD PROS AE AGENCE | L1: srs5 | M1: PILCOM BDD PROS ACTIFS AGENCE
A5: PERD | B5: DIRECTION_COMMERCIALE | C5: SECTEUR | D5: ES | E5: SITE | F5: STOCK_AE | G5: VAR_AE_M1 | M5: PERD | N5: DIRECTION_COMMERCIALE | O5: SECTEUR | P5: ES | Q5: SITE | R5: STOCK_ACTIF | S5: VAR_ACTIF_M1
A6: 201910 | B6: MOSELLE | C6: METZ | D6: 57433 | E6: MARANGE SILVANGE | F6: 7 | G6: 2 | M6: 201910 | N6: MOSELLE | O6: METZ | P6: 57440 | Q6: METZ MOZART | R6: 11 | S6: 1
A7: 201910 | B7: MOSELLE | C7: MOSELLE EST | D7: 57165 | E7: BITCHE | F7: 4 | G7: -3 | M7: 201910 | N7: MOSELLE | O7: MOSELLE EST | P7: 57210 | Q7: CHATEAU SALINS | R7: 22 | S7: -1
A8: 201910 | B8: BAS RHIN | C8: HAGUENAU | D8: 66 | E8: NIEDERBRONN LES BAINS | F8: 10 | G8: 1 | M8: 201910 | N8: HAUT RHIN | O8: COLMAR | P8: 153 | Q8: ROUFFACH | R8: 19 | S8: 2
A9: 201910 | B9: BAS RHIN | C9: HAGUENAU | D9: 80 | E9: WOERTH | F9: 11 | G9: 2 | M9: 201910 | N9: HAUT RHIN | O9: COLMAR | P9: 154 | Q9: LAPOUTROIE | R9: 2 | S9: -1
A10: 201910 | B10: BAS RHIN | C10: HAGUENAU | D10: 89 | E10: DIEMERINGEN | F10: 4 | G10: -1 | M10: 201910 | N10: HAUT RHIN | O10: COLMAR | P10: 156 | Q10: SOULTZMATT | R10: 9 | S10: 0
A11: 201910 | B11: BAS RHIN | C11: SELESTAT | D11: 14 | E11: OSTWALD | F11: 2 | G11: 0 | M11: 201910 | N11: HAUT RHIN | O11: COLMAR | P11: 162 | Q11: ENSISHEIM | R11: 39 | S11: 1
A12: 201910 | B12: BAS RHIN | C12: STRASBOURG | D12: 37 | E12: MUNDOLSHEIM | F12: 17 | G12: 7 | M12: 201910 | N12: HAUT RHIN | O12: MULHOUSE | P12: 178 | Q12: SAINT LOUIS | R12: 53 | S12: 1
A13: 201910 | B13: HAUT RHIN | C13: COLMAR | D13: 132 | E13: COLMAR MARAICHERS | F13: 13 | G13: -3 | M13: 201910 | N13: HAUT RHIN | O13: MULHOUSE | P13: 183 | Q13: WITTENHEIM | R13: 32 | S13: 4
A14: 201910 | B14: HAUT RHIN | C14: COLMAR | D14: 163 | E14: PULVERSHEIM | F14: 3 | G14: 1 | M14: 201910 | N14: HAUT RHIN | O14: MULHOUSE | P14: 193 | Q14: DANNEMARIE | R14: 21 | S14: -3
A15: 201910 | B15: HAUT RHIN | C15: MULHOUSE | D15: 174 | E15: MULHOUSE DORNACH | F15: 6 | G15: -2 | M15: 201910 | N15: HAUT RHIN | O15: MULHOUSE | P15: 198 | Q15: SAINT AMARIN | R15: 12 | S15: -1
A16: 201910 | B16: HAUT RHIN | C16: MULHOUSE | D16: 193 | E16: DANNEMARIE | F16: 8 | G16: 0 | M16: 201910 | N16: MARNE ARDENNES | O16: REIMS | P16: 51305 | Q16: REIMS HIPPODROME | R16: 45 | S16: 5
A17: 201910 | B17: MARNE ARDENNES | C17: REIMS | D17: 51307 | E17: REIMS SAINTE ANNE | F17: 12 | G17: 3 | M17: 201910 | N17: MARNE ARDENNES | O17: REIMS | P17: 51308 | Q17: REIMS SAINT THOMAS | R17: 110 | S17: 0
... A20: 201910 | B20: MARNE ARDENNES | C20: REIMS | D20: 51365 | E20: DORMANS | F20: 28 | G20: -2 | M20: 201910 | N20: VOSGES | O20: SAINT DIE | P20: 88461 | Q20: MOYENMOUTIER | R20: 16 | S20: -1
A21: 201910 | B21: AUBE HAUTE MARNE | C21: CHAUMONT | D21: 10560 | E21: BOURBONNE LES BAINS | F21: 2 | M21: 201910 | N21: MOSELLE | O21: METZ | P21: 57105 | Q21: ARS SUR MOSELLE | R21: 29 | S21: 3
A22: 201910 | B22: MEURTHE ET MOSELLE MEUSE | C22: NANCY | D22: 54671 | E22: VANDOEUVRE LES NANCY | F22: 8 | G22: -2 | M22: 201910 | N22: MOSELLE | O22: MOSELLE EST | P22: 57458 | Q22: MORHANGE | R22: 11 | S22: 1
A23: 201910 | B23: MEURTHE ET MOSELLE MEUSE | C23: PONT A MOUSSON | D23: 54376 | E23: LAXOU SAPINIERE | F23: 4 | G23: 1 | M23: 201910 | N23: MOSELLE | O23: MOSELLE NORD | P23: 57347 | Q23: GUENANGE | R23: 25 | S23: -1
A24: 201910 | B24: VOSGES | C24: EPINAL | D24: 88291 | E24: EPINAL AVRINSART | F24: 3 | G24: 2 | M24: 201910 | N24: MOSELLE | O24: MOSELLE NORD | P24: 57632 | Q24: THIONVILLE CENTRALE | R24: 80 | S24: 0
A25: 201910 | B25: VOSGES | C25: SAINT DIE | D25: 88246 | E25: CORNIMONT LA BRESSE | F25: 10 | G25: 4 | M25: 201910 | N25: MOSELLE | O25: MOSELLE NORD | P25: 57660 | Q25: UCKANGE | R25: 13 | S25: 1
A26: 201910 | B26: VOSGES | C26: SAINT DIE | D26: 88346 | E26: GRANGES AUMONTZEY | F26: 3 | G26: 1 | M26: 201910 | N26: BAS RHIN | O26: HAGUENAU | P26: 30 | Q26: BRUMATH | R26: 89 | S26: 2
A27: 201910 | B27: MOSELLE | C27: METZ | D27: 57224 | E27: CLOUANGE | F27: 3 | G27: 2 | M27: 201910 | N27: BAS RHIN | O27: HAGUENAU | P27: 58 | Q27: DRUSENHEIM | R27: 6 | S27: -1
A28: 201910 | B28: MOSELLE | C28: METZ | D28: 57436 | E28: METZ CATHEDRALE | F28: 13 | G28: 7 | M28: 201910 | N28: BAS RHIN | O28: HAGUENAU | P28: 71 | Q28: WISSEMBOURG | R28: 42 | S28: 4
A29: 201910 | B29: MOSELLE | C29: METZ | D29: 57443 | E29: METZ REPUBLIQUE | F29: 36 | G29: 3 | M29: 201910 | N29: BAS RHIN | O29: SELESTAT | P29: 107 | Q29: VILLE | R29: 12 | S29: 0
A30: 201910 | B30: MOSELLE | C30: MOSELLE EST | D30: 57163 | E30: BEHREN LES FORBACH | F30: 3 | G30: 2 | M30: 201910 | N30: HAUT RHIN | O30: COLMAR | P30: 140 | Q30: WINTZENHEIM | R30: 19 | S30: 2
A31: 201910 | B31: MOSELLE | C31: MOSELLE EST | D31: 57305 | E31: FAULQUEMONT | F31: 7 | G31: 0 | M31: 201910 | N31: AUBE HAUTE MARNE | O31: TROYES | P31: 10583 | Q31: AIX EN OTHE | R31: 10 | S31: -1
A32: 201910 | B32: MOSELLE | C32: MOSELLE EST | D32: 57618 | E32: SARREGUEMINES | F32: 22 | G32: -5 | M32: 201910 | N32: AUBE HAUTE MARNE | O32: CHAUMONT | P32: 51151 | Q32: WASSY | R32: 22 | S32: 0
A33: 201910 | B33: MOSELLE | C33: MOSELLE NORD | D33: 57449 | E33: METZERVISSE | F33: 5 | G33: -1 | M33: 201910 | N33: MEURTHE ET MOSELLE MEUSE | O33: NANCY | P33: 54476 | Q33: NANCY ARTEM | R33: 21 | S33: -4
... A47: 201910 | B47: MOSELLE | C47: METZ | D47: 57445 | E47: METZ SAINT LIVIER | F47: 3 | G47: -1 | M47: 201910 | N47: BAS RHIN | O47: HAGUENAU | P47: 93 | Q47: MARMOUTIER | R47: 9 | S47: -2
A48: 201910 | B48: MOSELLE | C48: METZ | D48: 57453 | E48: MONTIGNY LES METZ | F48: 38 | G48: -4 | M48: 201910 | N48: BAS RHIN | O48: STRASBOURG | P48: 16 | Q48: STRASBOURG NEUDORF 2 | R48: 1
A49: 201910 | B49: MOSELLE | C49: METZ | D49: 57574 | E49: ROMBAS | F49: 11 | G49: 1 | M49: 201910 | N49: BAS RHIN | O49: STRASBOURG | P49: 19 | Q49: STRASBOURG ANVERS | R49: 87 | S49: -9
A50: 201910 | B50: MOSELLE | C50: MOSELLE NORD | D50: 57113 | E50: AUDUN LE TICHE | F50: 4 | G50: -1 | M50: 201910 | N50: HAUT RHIN | O50: COLMAR | P50: 152 | Q50: KAYSERSBERG | R50: 14 | S50: -1
A51: 201910 | B51: BAS RHIN | C51: SELESTAT | D51: 101 | E51: SELESTAT CENTRE | F51: 49 | G51: -2 | M51: 201910 | N51: HAUT RHIN | O51: MULHOUSE | P51: 196 | Q51: MASEVAUX | R51: 28 | S51: 2
A52: 201910 | B52: BAS RHIN | C52: STRASBOURG | D52: 29 | E52: SCHILTIGHEIM KLEBER | F52: 12 | G52: 2 | M52: 201910 | N52: MARNE ARDENNES | O52: REIMS | P52: 51306 | Q52: REIMS SAINT MARCEAUX | R52: 55 | S52: -2
A53: 201910 | B53: HAUT RHIN | C53: COLMAR | D53: 133 | E53: COLMAR VAUBAN | F53: 7 | M53: 201910 | N53: MARNE ARDENNES | O53: REIMS | P53: 51367 | Q53: AY CHAMPAGNE | R53: 41 | S53: -6
A54: 201910 | B54: HAUT RHIN | C54: COLMAR | D54: 148 | E54: ORBEY | F54: 7 | G54: 0 | M54: 201910 | N54: MARNE ARDENNES | O54: CHARLEVILLE MEZIERES | P54: 8806 | Q54: SEDAN | R54: 99 | S54: 3
A55: 201910 | B55: HAUT RHIN | C55: COLMAR | D55: 160 | E55: SOULTZ | F55: 12 | G55: 1 | M55: 201910 | N55: MARNE ARDENNES | O55: CHARLEVILLE MEZIERES | P55: 8820 | Q55: VOUZIERS | R55: 17 | S55: 1
A56: 201910 | B56: MARNE ARDENNES | C56: CHARLEVILLE MEZIERES | D56: 8862 | E56: REVIN | F56: 9 | G56: 1 | M56: 201910 | N56: AUBE HAUTE MARNE | O56: TROYES | P56: 10510 | Q56: TROYES GAMBETTA | R56: 118 | S56: -1
A57: 201910 | B57: AUBE HAUTE MARNE | C57: TROYES | D57: 10524 | E57: SAINT JULIEN LES VILLAS | F57: 48 | G57: 3 | M57: 201910 | N57: AUBE HAUTE MARNE | O57: TROYES | P57: 10530 | Q57: ARCIS SUR AUBE | R57: 30 | S57: 2
A58: 201910 | B58: MEURTHE ET MOSELLE MEUSE | C58: NANCY | D58: 54296 | E58: ESSEY LES NANCY | F58: 6 | M58: 201910 | N58: AUBE HAUTE MARNE | O58: TROYES | P58: 10571 | Q58: ROMILLY SUR SEINE | R58: 66 | S58: 1
A59: 201910 | B59: MEURTHE ET MOSELLE MEUSE | C59: NANCY | D59: 54481 | E59: NANCY PLACE DOMBASLE | F59: 45 | G59: 3 | M59: 201910 | N59: AUBE HAUTE MARNE | O59: CHAUMONT | P59: 10541 | Q59: LANGRES | R59: 36 | S59: 0
A60: 201910 | B60: VOSGES | C60: EPINAL | D60: 88201 | E60: CHANTRAINE | F60: 5 | G60: 1 | M60: 201910 | N60: AUBE HAUTE MARNE | O60: CHAUMONT | P60: 10558 | Q60: CHALINDREY | R60: 5 | S60: 0
A61: 201910 | B61: VOSGES | C61: EPINAL | D61: 88288 | E61: EPINAL LEOPOLD BOURG | F61: 9 | G61: -1 | M61: 201910 | N61: MEURTHE ET MOSELLE MEUSE | O61: NANCY | P61: 54161 | Q61: BAYON | R61: 10 | S61: 1
A62: 201910 | B62: VOSGES | C62: EPINAL | D62: 88396 | E62: LE VAL D AJOL | F62: 5 | G62: 2 | M62: 201910 | N62: MEURTHE ET MOSELLE MEUSE | O62: NANCY | P62: 54426 | Q62: LUNEVILLE CARNOT | R62: 64 | S62: 3
A63: 201910 | B63: VOSGES | C63: SAINT DIE | D63: 88316 | E63: FRAIZE | F63: 9 | G63: -1 | M63: 201910 | N63: MEURTHE ET MOSELLE MEUSE | O63: VERDUN | P63: 55606 | Q63: SAINT MIHIEL | R63: 10 | S63: 2
A64: 201910 | B64: VOSGES | C64: SAINT DIE | D64: 88616 | E64: SENONES | F64: 7 | G64: 3 | M64: 201910 | N64: MEURTHE ET MOSELLE MEUSE | O64: PONT A MOUSSON | P64: 54184 | Q64: BRIEY | R64: 16 | S64: 2
A65: 201910 | B65: MOSELLE | C65: MOSELLE EST | D65: 57308 | E65: FORBACH CENTRALE | F65: 26 | G65: 5 | M65: 201910 | N65: MEURTHE ET MOSELLE MEUSE | O65: PONT A MOUSSON | P65: 54196 | Q65: CHAMPIGNEULLES | R65: 23 | S65: -2
A66: 201910 | B66: BAS RHIN | C66: HAGUENAU | D66: 86 | E66: WINGEN SUR MODER | F66: 7 | G66: 0 | M66: 201910 | N66: VOSGES | O66: EPINAL | P66: 88261 | Q66: DOCELLES | R66: 14 | S66: 2
A67: 201910 | B67: BAS RHIN | C67: HAGUENAU | D67: 87 | E67: SAVERNE | F67: 26 | G67: 2 | M67: 201910 | N67: VOSGES | O67: EPINAL | P67: 88291 | Q67: EPINAL AVRINSART | R67: 7 | S67: 2
A68: 201910 | B68: BAS RHIN | C68: SELESTAT | D68: 104 | E68: ERSTEIN | F68: 15 | G68: -6 | M68: 201910 | N68: VOSGES | O68: EPINAL | P68: 88336 | Q68: GOLBEY | R68: 19 | S68: 0
A69: 201910 | B69: BAS RHIN | C69: SELESTAT | D69: 108 | E69: CHATENOIS | F69: 9 | G69: 1 | M69: 201910 | N69: VOSGES | O69: EPINAL | P69: 88451 | Q69: MIRECOURT | R69: 44 | S69: 2
A70: 201910 | B70: BAS RHIN | C70: SELESTAT | D70: 113 | E70: BARR | F70: 11 | G70: -2 | M70: 201910 | N70: VOSGES | O70: EPINAL | P70: 88716 | Q70: XERTIGNY | R70: 20 | S70: -4
A71: 201910 | B71: BAS RHIN | C71: STRASBOURG | D71: 16 | E71: STRASBOURG NEUDORF 2 | F71: 1 | M71: 201910 | N71: VOSGES | O71: SAINT DIE | P71: 88616 | Q71: SENONES | R71: 15 | S71: 3
A72: 201910 | B72: HAUT RHIN | C72: MULHOUSE | D72: 169 | E72: MULHOUSE ROOSEVELT | F72: 25 | G72: -1 | M72: 201910 | N72: MOSELLE | O72: METZ | P72: 57224 | Q72: CLOUANGE | R72: 15 | S72: -1
A73: 201910 | B73: HAUT RHIN | C73: MULHOUSE | D73: 180 | E73: RIEDISHEIM | F73: 6 | G73: -2 | M73: 201910 | N73: MOSELLE | O73: METZ | P73: 57434 | Q73: MARLY | R73: 27 | S73: 3
A74: 201910 | B74: HAUT RHIN | C74: MULHOUSE | D74: 189 | E74: ALTKIRCH | F74: 18 | G74: -1 | M74: 201910 | N74: MOSELLE | O74: MOSELLE EST | P74: 57258 | Q74: DIEUZE | R74: 13 | S74: 0
A75: 201910 | B75: MARNE ARDENNES | C75: REIMS | D75: 51349 | E75: REIMS SAINT REMI | F75: 14 | G75: 3 | M75: 201910 | N75: MOSELLE | O75: MOSELLE EST | P75: 57583 | Q75: SAINT AVOLD | R75: 49 | S75: -5
A76: 201910 | B76: MARNE ARDENNES | C76: REIMS | D76: 51367 | E76: AY CHAMPAGNE | F76: 19 | G76: -6 | M76: 201910 | N76: MOSELLE | O76: MOSELLE NORD | P76: 57180 | Q76: BOUSSE | R76: 5
A77: 201910 | B77: MARNE ARDENNES | C77: CHALONS EN CHAMPAGNE | D77: 51103 | E77: FAGNIERES LECLERC | F77: 3 | G77: -2 | M77: 201910 | N77: MOSELLE | O77: MOSELLE NORD | P77: 57633 | Q77: THIONVILLE COTE DES ROSES | R77: 4 | S77: 0
A78: 201910 | B78: MARNE ARDENNES | C78: CHARLEVILLE MEZIERES | D78: 8822 | E78: CHARLEVILLE MEZIERES | F78: 22 | G78: 6 | M78: 201910 | N78: BAS RHIN | O78: HAGUENAU | P78: 76 | Q78: BETSCHDORF | R78: 14 | S78: -1
A79: 201910 | B79: AUBE HAUTE MARNE | C79: TROYES | D79: 10510 | E79: TROYES GAMBETTA | F79: 45 | G79: 4 | M79: 201910 | N79: BAS RHIN | O79: HAGUENAU | P79: 82 | Q79: BOUXWILLER | R79: 34 | S79: 0
A80: 201910 | B80: AUBE HAUTE MARNE | C80: TROYES | D80: 10520 | E80: SAINT ANDRE LES VERGERS | F80: 9 | G80: -2 | M80: 201910 | N80: BAS RHIN | O80: SELESTAT | P80: 104 | Q80: ERSTEIN | R80: 32 | S80: -7
A81: 201910 | B81: AUBE HAUTE MARNE | C81: CHAUMONT | D81: 51157 | E81: SAINT DIZIER EUROPE | F81: 2 | G81: -1 | M81: 201910 | N81: BAS RHIN | O81: SELESTAT | P81: 110 | Q81: SELESTAT OUEST | R81: 19 | S81: 2
A82: 201910 | B82: MEURTHE ET MOSELLE MEUSE | C82: NANCY | D82: 54601 | E82: SAINT MAX | F82: 5 | G82: 2 | M82: 201910 | N82: BAS RHIN | O82: STRASBOURG | P82: 12 | Q82: STRASBOURG STOCKFELD | R82: 13 | S82: -4
A83: 201910 | B83: MEURTHE ET MOSELLE MEUSE | C83: VERDUN | D83: 55151 | E83: BAR LE DUC | F83: 18 | G83: 3 | M83: 201910 | N83: HAUT RHIN | O83: COLMAR | P83: 143 | Q83: MUNSTER | R83: 55 | S83: -6
A84: 201910 | B84: MEURTHE ET MOSELLE MEUSE | C84: VERDUN | D84: 55676 | E84: VAUCOULEURS | F84: 2 | G84: -2 | M84: 201910 | N84: HAUT RHIN | O84: MULHOUSE | P84: 187 | Q84: HUNINGUE | R84: 9 | S84: 0
A85: 201910 | B85: MEURTHE ET MOSELLE MEUSE | C85: PONT A MOUSSON | D85: 54381 | E85: LAXOU ARISTIDE BRIAND | F85: 5 | G85: -1 | M85: 201910 | N85: HAUT RHIN | O85: MULHOUSE | P85: 188 | Q85: PFASTATT | R85: 36 | S85: 1
A86: 201910 | B86: VOSGES | C86: EPINAL | D86: 88336 | E86: GOLBEY | F86: 12 | G86: 3 | M86: 201910 | N86: MARNE ARDENNES | O86: CHALONS EN CHAMPAGNE | P86: 51354 | Q86: VERTUS | R86: 79 | S86: 4
A87: 201910 | B87: VOSGES | C87: SAINT DIE | D87: 88586 | E87: SAINT DIE | F87: 50 | G87: 1 | M87: 201910 | N87: AUBE HAUTE MARNE | O87: TROYES | P87: 10522 | Q87: TROYES CHARTREUX | R87: 12 | S87: 5
A88: 201910 | B88: MOSELLE | C88: METZ | D88: 57439 | E88: METZ POMPIDOU | F88: 11 | G88: 2 | M88: 201910 | N88: AUBE HAUTE MARNE | O88: CHAUMONT | P88: 10590 | Q88: CHAUMONT REPUBLIQUE | R88: 19 | S88: 7
... A100: 201910 | B100: MARNE ARDENNES | C100: CHALONS EN CHAMPAGNE | D100: 51114 | E100: SUIPPES | F100: 5 | G100: 1 | M100: 201910 | N100: BAS RHIN | O100: HAGUENAU | P100: 79 | Q100: SOULTZ SOUS FORETS | R100: 20 | S100: -1
A101: 201910 | B101: AUBE HAUTE MARNE | C101: CHAUMONT | D101: 10539 | E101: CHATEAUVILLAIN | F101: 1 | M101: 201910 | N101: BAS RHIN | O101: STRASBOURG | P101: 34 | Q101: VENDENHEIM | R101: 25 | S101: 1
A102: 201910 | B102: AUBE HAUTE MARNE | C102: CHAUMONT | D102: 10541 | E102: LANGRES | F102: 11 | G102: -3 | M102: 201910 | N102: BAS RHIN | O102: STRASBOURG | P102: 38 | Q102: OBERHAUSBERGEN | R102: 64 | S102: 5
A103: 201910 | B103: MEURTHE ET MOSELLE MEUSE | C103: NANCY | D103: 54471 | E103: NANCY JEAN JAURES | F103: 4 | G103: 0 | M103: 201910 | N103: BAS RHIN | O103: STRASBOURG | P103: 45 | Q103: STRASBOURG FRANCS BOURGEOIS | R103: 89 | S103: -8
A104: 201910 | B104: MEURTHE ET MOSELLE MEUSE | C104: NANCY | D104: 54476 | E104: NANCY ARTEM | F104: 13 | G104: -1 | M104: 201910 | N104: HAUT RHIN | O104: COLMAR | P104: 135 | Q104: COLMAR SAINTE MARIE | R104: 47 | S104: 1
A105: 201910 | B105: VOSGES | C105: SAINT DIE | D105: 88386 | E105: LE THILLOT | F105: 8 | G105: 2 | M105: 201910 | N105: HAUT RHIN | O105: COLMAR | P105: 139 | Q105: INGERSHEIM | R105: 43 | S105: 5
A106: 201910 | B106: MOSELLE | C106: METZ | D106: 57105 | E106: ARS SUR MOSELLE | F106: 9 | G106: 2 | M106: 201910 | N106: HAUT RHIN | O106: COLMAR | P106: 147 | Q106: GUEBWILLER | R106: 46 | S106: 3
A107: 201910 | B107: MOSELLE | C107: MOSELLE NORD | D107: 57303 | E107: FAMECK | F107: 4 | G107: 0 | M107: 201910 | N107: HAUT RHIN | O107: COLMAR | P107: 163 | Q107: PULVERSHEIM | R107: 12 | S107: -1
A108: 201910 | B108: BAS RHIN | C108: HAGUENAU | D108: 71 | E108: WISSEMBOURG | F108: 12 | G108: -1 | M108: 201910 | N108: HAUT RHIN | O108: MULHOUSE | P108: 189 | Q108: ALTKIRCH | R108: 31 | S108: -4
A109: 201910 | B109: BAS RHIN | C109: SELESTAT | D109: 7 | E109: ILLKIRCH CENTRE | F109: 27 | G109: -8 | M109: 201910 | N109: MARNE ARDENNES | O109: REIMS | P109: 51318 | Q109: VERZY | R109: 68 | S109: 1
A110: 201910 | B110: BAS RHIN | C110: SELESTAT | D110: 107 | E110: VILLE | F110: 3 | G110: -2 | M110: 201910 | N110: MARNE ARDENNES | O110: CHARLEVILLE MEZIERES | P110: 8862 | Q110: REVIN | R110: 25 | S110: 3
A111: 201910 | B111: BAS RHIN | C111: STRASBOURG | D111: 18 | E111: ESPACE MESANGE | F111: 79 | G111: 21 | M111: 201910 | N111: AUBE HAUTE MARNE | O111: CHAUMONT | P111: 51156 | Q111: SAINT DIZIER CENTRE | R111: 56 | S111: 1
A112: 201910 | B112: BAS RHIN | C112: STRASBOURG | D112: 20 | E112: STRASBOURG ROBERTSAU | F112: 13 | G112: -4 | M112: 201910 | N112: MEURTHE ET MOSELLE MEUSE | O112: VERDUN | P112: 54412 | Q112: LONGUYON | R112: 6 | S112: -4
A113: 201910 | B113: HAUT RHIN | C113: COLMAR | D113: 140 | E113: WINTZENHEIM | F113: 9 | G113: -2 | M113: 201910 | N113: MEURTHE ET MOSELLE MEUSE | O113: PONT A MOUSSON | P113: 54496 | Q113: NANCY TROIS MAISONS | R113: 17 | S113: -1
A114: 201910 | B114: HAUT RHIN | C114: COLMAR | D114: 144 | E114: RIBEAUVILLE | F114: 4 | G114: -5 | M114: 201910 | N114: MEURTHE ET MOSELLE MEUSE | O114: PONT A MOUSSON | P114: 54506 | Q114: CHALIGNY NEUVES MAISONS | R114: 16 | S114: 1
A115: 201910 | B115: HAUT RHIN | C115: COLMAR | D115: 152 | E115: KAYSERSBERG | F115: 5 | M115: 201910 | N115: MOSELLE | O115: METZ | P115: 57453 | Q115: MONTIGNY LES METZ | R115: 90 | S115: -3
A116: 201910 | B116: HAUT RHIN | C116: MULHOUSE | D116: 186 | E116: BRUNSTATT | F116: 17 | G116: -2 | M116: 201910 | N116: MOSELLE | O116: MOSELLE EST | P116: 57163 | Q116: BEHREN LES FORBACH | R116: 12 | S116: 3
A117: 201910 | B117: MARNE ARDENNES | C117: REIMS | D117: 51305 | E117: REIMS HIPPODROME | F117: 15 | G117: 1 | M117: 201910 | N117: MOSELLE | O117: MOSELLE EST | P117: 57614 | Q117: SARREBOURG | R117: 94 | S117: 14
A118: 201910 | B118: MARNE ARDENNES | C118: REIMS | D118: 51310 | E118: REIMS CHATILLONS | F118: 17 | G118: 1 | M118: 201910 | N118: MOSELLE | O118: MOSELLE EST | P118: 57618 | Q118: SARREGUEMINES | R118: 62 | S118: 1
A119: 201910 | B119: MARNE ARDENNES | C119: REIMS | D119: 51336 | E119: TINQUEUX | F119: 40 | G119: 12 | M119: 201910 | N119: MOSELLE | O119: MOSELLE NORD | P119: 57348 | Q119: HAGONDANGE | R119: 63 | S119: -4
A120: 201910 | B120: MARNE ARDENNES | C120: CHARLEVILLE MEZIERES | D120: 8833 | E120: VILLERS SEMEUSE CORA | F120: 7 | G120: 3 | M120: 201910 | N120: MOSELLE | O120: MOSELLE NORD | P120: 57622 | Q120: SIERCK LES BAINS | R120: 12 | S120: 1
A121: 201910 | B121: BANQUE DIGITALE | C121: MON AGENCE | D121: 17 | E121: MON AGENCE | F121: 4 | G121: -1 | M121: 201910 | N121: BAS RHIN | O121: HAGUENAU | P121: 66 | Q121: NIEDERBRONN LES BAINS | R121: 22 | S121: -3
A122: 201910 | B122: AUBE HAUTE MARNE | C122: TROYES | D122: 10512 | E122: TROYES ZOLA | F122: 34 | G122: -1 | M122: 201910 | N122: BAS RHIN | O122: HAGUENAU | P122: 86 | Q122: WINGEN SUR MODER | R122: 15 | S122: 1
A123: 201910 | B123: AUBE HAUTE MARNE | C123: TROYES | D123: 10570 | E123: NOGENT SUR SEINE | F123: 13 | G123: -1 | M123: 201910 | N123: BAS RHIN | O123: SELESTAT | P123: 101 | Q123: SELESTAT CENTRE | R123: 99 | S123: -1
A124: 201910 | B124: AUBE HAUTE MARNE | C124: TROYES | D124: 10571 | E124: ROMILLY SUR SEINE | F124: 27 | G124: 1 | M124: 201910 | N124: BAS RHIN | O124: STRASBOURG | P124: 48 | Q124: STRASBOURG KOENIGSHOFFEN | R124: 30 | S124: -1
A125: 201910 | B125: MEURTHE ET MOSELLE MEUSE | C125: NANCY | D125: 54431 | E125: LUNEVILLE CHATEAU | F125: 7 | G125: 3 | M125: 201910 | N125: BAS RHIN | O125: STRASBOURG | P125: 54 | Q125: STRASBOURG MONTAGNE VERTE | R125: 28 | S125: 4
A126: 201910 | B126: MEURTHE ET MOSELLE MEUSE | C126: PONT A MOUSSON | D126: 54416 | E126: LUDRES | F126: 12 | G126: -1 | M126: 201910 | N126: HAUT RHIN | O126: COLMAR | P126: 130 | Q126: COLMAR REPUBLIQUE | R126: 130 | S126: 1
A127: 201910 | B127: MOSELLE | C127: METZ | D127: 57434 | E127: MARLY | F127: 7 | G127: 2 | M127: 201910 | N127: HAUT RHIN | O127: COLMAR | P127: 144 | Q127: RIBEAUVILLE | R127: 19 | S127: -5
... A131: 201910 | B131: MOSELLE | C131: MOSELLE NORD | D131: 57307 | E131: FONTOY | F131: 5 | G131: 3 | M131: 201910 | N131: MARNE ARDENNES | O131: REIMS | P131: 51365 | Q131: DORMANS | R131: 72 | S131: -8
A132: 201910 | B132: MOSELLE | C132: MOSELLE NORD | D132: 57628 | E132: TERVILLE | F132: 2 | M132: 201910 | N132: MARNE ARDENNES | O132: CHALONS EN CHAMPAGNE | P132: 51115 | Q132: MOURMELON LE GRAND | R132: 17 | S132: 3
...

Sheet PNB PRO
C1: 1 | D1: 2 | E1: 314
A2: Id_UC | B2: Id_groupe | C2: Id_Agence | D2: Lib_Agence | E2: PNB PRO
A4: 105006 | B4: 200262 | C4: 6 | D4: STRASBOURG NEUDORF | E4: 67.9563
A5: 105101 | B5: 200262 | C5: 7 | D5: ILLKIRCH CENTRE | E5: 231.90651
A6: 105101 | B6: 200262 | C6: 8 | D6: FEGERSHEIM | E6: 16.692474
A7: 105006 | B7: 200262 | C7: 10 | D7: STRASBOURG MEINAU | E7: 21.15052
A8: 105006 | B8: 200262 | C8: 12 | D8: STRASBOURG STOCKFELD | E8: -8.7071454
A9: 105101 | B9: 200262 | C9: 13 | D9: ILLKIRCH NORD | E9: 8.6778612
A10: 105101 | B10: 200262 | C10: 14 | D10: OSTWALD | E10: -9.8373418
A11: 105101 | B11: 200262 | C11: 15 | D11: LINGOLSHEIM | E11: 31.642297
A12: 105006 | B12: 200262 | C12: 19 | D12: STRASBOURG ANVERS | E12: 436.3859
A13: 105006 | B13: 200262 | C13: 20 | D13: STRASBOURG ROBERTSAU | E13: 183.96047
A14: 105006 | B14: 200262 | C14: 23 | D14: STRASBOURG VOSGES | E14: 64.317589
A15: 105006 | B15: 200262 | C15: 24 | D15: STRASBOURG AUSTERLITZ | E15: -11.752566
... A340: 57892 | B340: 57892 | C340: 57892 | D340: BANQUE DU DIRIGEANT | E340: 265.24114
B341: 200030 | C341: 100002 | D341: Territoire_CHARLEVILLE_MEZIERES | E341: 959.74585
B342: 200030 | C342: 100006 | D342: Territoire_CHALONS_EN_CHAMPAGNE | E342: 915.30711
B343: 200030 | C343: 100011 | D343: Territoire_REIMS | E343: 2661.207
B344: 200050 | C344: 100014 | D344: Territoire_TROYES | E344: 1759.4548
B345: 200050 | C345: 100021 | D345: Territoire_CHAUMONT | E345: 662.36617
B346: 200080 | C346: 100055 | D346: Territoire_SAINT_DIE | E346: 925.69026
B347: 200080 | C347: 100057 | D347: Territoire_EPINAL | E347: 979.07278
B348: 200110 | C348: 100026 | D348: Territoire_NANCY | E348: 978.35672
B349: 200110 | C349: 100027 | D349: Territoire_PONT_A_MOUSSON | E349: 1155.959
B350: 200110 | C350: 100031 | D350: Territoire_VERDUN | E350: 655.33113
B351: 200160 | C351: 100045 | D351: Territoire_METZ | E351: 1348.6963
B352: 200160 | C352: 100044 | D352: Territoire_MOSELLE_NORD | E352: 886.16604
... B362: 57892 | C362: 57892 | D362: BANQUE_DU_DIRIGEANT | E362: 265.24114
C363: 200030 | D363: MARNE_ARDENNES | E363: 4536.26
C364: 200050 | D364: AUBE_HAUTE_MARNE | E364: 2421.8209
C365: 200080 | D365: VOSGES | E365: 1904.763
C366: 200110 | D366: MEURTHE_ET_MOSELLE_MEUSE | E366: 2789.6469
C367: 200160 | D367: MOSELLE | E367: 3208.5405
C368: 200262 | D368: BAS_RHIN | E368: 5450.015
C369: 200264 | D369: HAUT_RHIN | E369: 2371.4806
C370: 17 | D370: AGENCE_PERSONNEL | E370: 4.1602847
C371: 18 | D371: MESANGE | E371: 194.10563
C372: 57880 | D372: MBL | E372: 0.089703332
C373: 57892 | D373: BANQUE_DIRIGEANT | E373: 265.24114
C374: 15135 | D374: CEGEE | E374: 23143.508

Sheet MARGE
C2: Marge crédit MLT | D2: colonne AH | E2: du fichier indicateurs cumulés
B8: 200030 | C8: MARNE_ARDENNES | D8: 0.006317129
B9: 200050 | C9: AUBE_HAUTE_MARNE | D9: 0.0058261716
B10: 200080 | C10: VOSGES | D10: 0.0066476345
B11: 200110 | C11: MEURTHE_ET_MOSELLE_MEUSE | D11: 0.0079986315
B12: 200160 | C12: MOSELLE | D12: 0.0080447518
B13: 200262 | C13: BAS_RHIN | D13: 0.0082476794
B14: 200264 | C14: HAUT_RHIN | D14: 0.0059150432
B15: 17 | C15: AGENCE_PERSONNEL | D15: 0.00045149043
B16: 18 | C16: ESPACE MESANGE | D16: 0
B17: 57880 | C17: MBL | D17: 0
B18: 57892 | C18: BANQUE_DIRIGEANT | D18: 0.0065635248
B19: 15135 | C19: CEGEE | D19: 0.0071101254

Sheet Asso Collecte
A4: Reference externe de suivi | B4: SUIVI Desg Cour Eds | C4: Libl Comm Niv2 | D4: Libl Comm Niv1 | E4: Excédent en montant
A5: 464157 | B5: HOUPIN VALERIE | C5: CAT | D5: CAT A TAUX PROGRESSIF | E5: -40000
A6: 464157 | B6: HOUPIN VALERIE | C6: COMPTES PARTS SOCIALES | D6: COMPTES PARTS SOCIALES | E6: 0
A7: 464157 | B7: HOUPIN VALERIE | C7: COMPTE TITRE ORDINAIRE | D7: COMPTE TITRE ORDINAIRE | E7: 0
A8: 464157 | B8: HOUPIN VALERIE | C8: LIVRET A | D8: LIVRET A | E8: 198121.32
A9: 464157 | B9: HOUPIN VALERIE | C9: LIVRET B | D9: LIVRET B | E9: -155538.42
A10: 464157 | B10: HOUPIN VALERIE | C10: OBLIGATIONS | D10: EMPRUNT ECUREUIL | E10: -518137
A11: 464157 | B11: HOUPIN VALERIE | C11: OPCVM | D11: OPCVM Natixis AM Réseau | E11: -61381.85
A12: 464157 | B12: HOUPIN VALERIE | C12: OPCVM | D12: SICAV FCP HORS RESEAU | E12: -3999.9
A13: 464157 | B13: HOUPIN VALERIE | C13: PARTS SOCIALES | D13: PARTS SOCIALES | E13: 143200

Sheet Asso Dav
A5: Reference externe de suivi | B5: SUIVI Desg Cour Eds | C5: Periode Arrete Des Infos | D5: Solde Moyen Crediteur | F5: Reference externe de suivi | G5: SUIVI Desg Cour Eds | H5: Periode Arrete Des Infos | I5: Solde Moyen Crediteur | K5: Variation Solde Moyen Crediteur
A6: 464157 | B6: HOUPIN VALERIE | C6: 201900 | D6: 3474173 | F6: 464157 | G6: HOUPIN VALERIE | H6: 201911 | I6: 3912006.6 | K6: =(I6-D6)/1000 -> 437.83357

Sheet Asso Forf
A4: Reference externe de suivi | B4: SUIVI Desg Cour Eds | C4: Date Arrete Info | D4: Libl Niv1 | E4: Code Niv1 | F4: Numero De Personne Selectionne | G4: Nombre D Ouvertures De Services
A5: 464157 | B5: HOUPIN VALERIE | C5: 43482 | D5: ASSOCIATIS ESSENTIEL | E5: ASSESS | F5: 13014334 | G5: 1
A6: 464157 | B6: HOUPIN VALERIE | C6: 43484 | D6: ASSOCIATIS ESSENTIEL | E6: ASSESS | F6: 94246687 | G6: 2
A7: 464157 | B7: HOUPIN VALERIE | C7: 43490 | D7: ASSOCIATIS ESSENTIEL | E7: ASSESS | F7: 13017814 | G7: 1
A8: 464157 | B8: HOUPIN VALERIE | C8: 43494 | D8: ASSOCIATIS ESSENTIEL | E8: ASSESS | F8: 82304523 | G8: 1
A9: 464157 | B9: HOUPIN VALERIE | C9: 43498 | D9: ASSOCIATIS ESSENTIEL | E9: ASSESS | F9: 94262141 | G9: 1
A10: 464157 | B10: HOUPIN VALERIE | C10: 43501 | D10: ASSOCIATIS ESSENTIEL | E10: ASSESS | F10: 94264425 | G10: 1
A11: 464157 | B11: HOUPIN VALERIE | C11: 43504 | D11: ASSOCIATIS ESSENTIEL | E11: ASSESS | F11: 13019880 | G11: 1
A12: 464157 | B12: HOUPIN VALERIE | C12: 43518 | D12: ASSOCIATIS ESSENTIEL | E12: ASSESS | F12: 13014253 | G12: 1
A13: 464157 | B13: HOUPIN VALERIE | C13: 43518 | D13: ASSOCIATIS ESSENTIEL | E13: ASSESS | F13: 94282524 | G13: 1
A14: 464157 | B14: HOUPIN VALERIE | C14: 43522 | D14: ASSOCIATIS ESSENTIEL | E14: ASSESS | F14: 13014827 | G14: 1
A15: 464157 | B15: HOUPIN VALERIE | C15: 43529 | D15: ASSOCIATIS ESSENTIEL | E15: ASSESS | F15: 13018018 | G15: 1
A16: 464157 | B16: HOUPIN VALERIE | C16: 43529 | D16: ASSOCIATIS ESSENTIEL | E16: ASSESS | F16: 13020122 | G16: 1
... A52: 464157 | B52: HOUPIN VALERIE | C52: 43774 | D52: ASSOCIATIS ESSENTIEL | E52: ASSESS | F52: 70653906 | G52: 1

Sheet Asso Actif
A1: Evolution clients actifs association | D1: =SUM(F:F)-SUM(Q:Q) -> 27
L4: 43465
A5: Numero de personne | B5: Code structure de rattachement | C5: Code structure de suivi | D5: SUIVI Desg Cour Eds | E5: Libelle marche niveau 2 | F5: Nbre client Actif | L5: Numero de personne | M5: Code structure de rattachement | N5: Code structure de suivi | O5: SUIVI Desg Cour Eds | P5: Libelle marche niveau 2 | Q5: Nbre client Actif
A6: 10463255 | B6: 57712 | C6: 464157 | D6: HOUPIN VALERIE | E6: ASSOCIATION DE PROXIMITE | F6: 1 | L6: 10463255 | M6: 57712 | N6: 464157 | O6: HOUPIN VALERIE | P6: ASSOCIATION DE PROXIMITE | Q6: 1
A7: 13004746 | B7: 57444 | C7: 464157 | D7: HOUPIN VALERIE | E7: ASSOCIATION DE PROXIMITE | F7: 1 | L7: 13004746 | M7: 57444 | N7: 464157 | O7: HOUPIN VALERIE | P7: ASSOCIATION DE PROXIMITE | Q7: 1
A8: 13013824 | B8: 57435 | C8: 464157 | D8: HOUPIN VALERIE | E8: ASSOCIATION DE PROXIMITE | F8: 1 | L8: 13013824 | M8: 57435 | N8: 464157 | O8: HOUPIN VALERIE | P8: ASSOCIATION DE PROXIMITE | Q8: 1
A9: 13013841 | B9: 57350 | C9: 464157 | D9: HOUPIN VALERIE | E9: ASSOCIATION DE PROXIMITE | F9: 1 | L9: 13013841 | M9: 57350 | N9: 464157 | O9: HOUPIN VALERIE | P9: ASSOCIATION DE PROXIMITE | Q9: 1
A10: 13013868 | B10: 57350 | C10: 464157 | D10: HOUPIN VALERIE | E10: ASSOCIATION DE PROXIMITE | F10: 1 | L10: 13013868 | M10: 57350 | N10: 464157 | O10: HOUPIN VALERIE | P10: ASSOCIATION DE PROXIMITE | Q10: 1
A11: 13013869 | B11: 57350 | C11: 464157 | D11: HOUPIN VALERIE | E11: ASSOCIATION DE PROXIMITE | F11: 1 | L11: 13013869 | M11: 57350 | N11: 464157 | O11: HOUPIN VALERIE | P11: ASSOCIATION DE PROXIMITE | Q11: 1
A12: 13013923 | B12: 57303 | C12: 464157 | D12: HOUPIN VALERIE | E12: ASSOCIATION DE PROXIMITE | F12: 1 | L12: 13013923 | M12: 57303 | N12: 464157 | O12: HOUPIN VALERIE | P12: ASSOCIATION DE PROXIMITE | Q12: 1
A13: 13013927 | B13: 57303 | C13: 464157 | D13: HOUPIN VALERIE | E13: ASSOCIATION DE PROXIMITE | F13: 1 | L13: 13013927 | M13: 57303 | N13: 464157 | O13: HOUPIN VALERIE | P13: ASSOCIATION DE PROXIMITE | Q13: 1
A14: 13013951 | B14: 57433 | C14: 464157 | D14: HOUPIN VALERIE | E14: ASSOCIATION DE PROXIMITE | F14: 1 | L14: 13013958 | M14: 57350 | N14: 464157 | O14: HOUPIN VALERIE | P14: ASSOCIATION DE PROXIMITE | Q14: 1
A15: 13013958 | B15: 57350 | C15: 464157 | D15: HOUPIN VALERIE | E15: ASSOCIATION DE PROXIMITE | F15: 1 | L15: 13013963 | M15: 57224 | N15: 464157 | O15: HOUPIN VALERIE | P15: ASSOCIATION DE PROXIMITE | Q15: 1
A16: 13013963 | B16: 57224 | C16: 464157 | D16: HOUPIN VALERIE | E16: ASSOCIATION DE PROXIMITE | F16: 1 | L16: 13014183 | M16: 57250 | N16: 464157 | O16: HOUPIN VALERIE | P16: ASSOCIATION DE PROXIMITE | Q16: 1
A17: 13014183 | B17: 57250 | C17: 464157 | D17: HOUPIN VALERIE | E17: ASSOCIATION DE PROXIMITE | F17: 1 | L17: 13014193 | M17: 57439 | N17: 464157 | O17: HOUPIN VALERIE | P17: ASSOCIATION DE PROXIMITE | Q17: 1
... A323: 94188309 | B323: 57347 | C323: 464157 | D323: HOUPIN VALERIE | E323: ASSOCIATION DE PROXIMITE | F323: 1 | L323: 94207024 | M323: 57618 | N323: 464157 | O323: HOUPIN VALERIE | P323: ASSOCIATION DE PROXIMITE | Q323: 1
A324: 94199543 | B324: 57224 | C324: 464157 | D324: HOUPIN VALERIE | E324: ASSOCIATION DE PROXIMITE | F324: 1
A325: 94217096 | B325: 57712 | C325: 464157 | D325: HOUPIN VALERIE | E325: ASSOCIATION DE PROXIMITE | F325: 1
A326: 94232313 | B326: 57440 | C326: 464157 | D326: HOUPIN VALERIE | E326: ASSOCIATION DE PROXIMITE | F326: 1
A327: 94246687 | B327: 57543 | C327: 464157 | D327: HOUPIN VALERIE | E327: ASSOCIATION DE PROXIMITE | F327: 1
A328: 94260860 | B328: 57443 | C328: 464157 | D328: HOUPIN VALERIE | E328: ASSOCIATION DE PROXIMITE | F328: 1
A329: 94262141 | B329: 57447 | C329: 464157 | D329: HOUPIN VALERIE | E329: ASSOCIATION DE PROXIMITE | F329: 1
A330: 94282524 | B330: 57308 | C330: 464157 | D330: HOUPIN VALERIE | E330: ASSOCIATION DE PROXIMITE | F330: 1
A331: 94297363 | B331: 57559 | C331: 464157 | D331: HOUPIN VALERIE | E331: ASSOCIATION DE PROXIMITE | F331: 1
A332: 94298567 | B332: 57445 | C332: 464157 | D332: HOUPIN VALERIE | E332: ASSOCIATION DE PROXIMITE | F332: 1
A333: 94321389 | B333: 57105 | C333: 464157 | D333: HOUPIN VALERIE | E333: ASSOCIATION DE PROXIMITE | F333: 1
A334: 94339778 | B334: 57436 | C334: 464157 | D334: HOUPIN VALERIE | E334: ASSOCIATION DE PROXIMITE | F334: 1
A335: 94343818 | B335: 57308 | C335: 464157 | D335: HOUPIN VALERIE | E335: ASSOCIATION DE PROXIMITE | F335: 1
... A350: 94551144 | B350: 57347 | C350: 464157 | D350: HOUPIN VALERIE | E350: ASSOCIATION DE PROXIMITE | F350: 1

Sheet Asso DRC
A1: DRC marché associations de proximité | D1: =SUM(D5:D638) -> 294 | E1: =SUM(E5:E638) -> 261 | F1: =+E1/D1 -> 0.8877551 | G1: =SUM(G5:G638) -> 14528 | H1: =SUM(H5:H638) -> 4541 | I1: =+H1/G1 -> 0.31256883
F2: EER | I2: STOCK
A5: PERD_ARRT_INFO | B5: LIBL_MARC_NIV1 | C5: IDNT_EXTR_EDS | D5: NB_EER | E5: NB_EER_DRC_COMP | F5: PRCT_EER_DRC_COMP | G5: NB_PERS | H5: NB_DRC_COMP | I5: PRCT_DRC_COMP
A6: 201911 | B6: ASSOCIATION DE PROXIMITE | C6: 57712 | D6: 0 | E6: 0 | F6: 0 | G6: 41 | H6: 20 | I6: 0.4878
A7: 201911 | B7: ASSOCIATION DE PROXIMITE | C7: 55456 | D7: 1 | E7: 1 | F7: 1 | G7: 59 | H7: 23 | I7: 0.3898
A8: 201911 | B8: ASSOCIATION DE PROXIMITE | C8: 88451 | D8: 0 | E8: 0 | F8: 0 | G8: 102 | H8: 18 | I8: 0.1765
A9: 201911 | B9: ASSOCIATION DE PROXIMITE | C9: 88346 | D9: 0 | E9: 0 | F9: 0 | G9: 25 | H9: 7 | I9: 0.28
A10: 201911 | B10: ASSOCIATION DE PROXIMITE | C10: 54171 | D10: 1 | E10: 1 | F10: 1 | G10: 30 | H10: 4 | I10: 0.1333
A11: 201911 | B11: ASSOCIATION DE PROXIMITE | C11: 88286 | D11: 2 | E11: 2 | F11: 1 | G11: 161 | H11: 46 | I11: 0.2857
A12: 201911 | B12: ASSOCIATION DE PROXIMITE | C12: 54491 | D12: 0 | E12: 0 | F12: 0 | G12: 25 | H12: 5 | I12: 0.2
A13: 201911 | B13: ASSOCIATION DE PROXIMITE | C13: 54611 | D13: 0 | E13: 0 | F13: 0 | G13: 32 | H13: 5 | I13: 0.1563
A14: 201911 | B14: ASSOCIATION DE PROXIMITE | C14: 54116 | D14: 1 | E14: 1 | F14: 1 | G14: 31 | H14: 7 | I14: 0.2258
A15: 201911 | B15: ASSOCIATION DE PROXIMITE | C15: 55606 | D15: 1 | E15: 1 | F15: 1 | G15: 39 | H15: 4 | I15: 0.1026
A16: 201911 | B16: ASSOCIATION DE PROXIMITE | C16: 54601 | D16: 2 | E16: 1 | F16: 0.5 | G16: 27 | H16: 9 | I16: 0.3333
A17: 201911 | B17: ASSOCIATION DE PROXIMITE | C17: 57307 | D17: 1 | E17: 1 | F17: 1 | G17: 16 | H17: 4 | I17: 0.25
... A339: 201911 | B339: ASSOCIATION DE PROXIMITE | C339: 57628 | D339: 0 | E339: 0 | F339: 0 | G339: 24 | H339: 7 | I339: 0.2917
